 Dungeon Crawl Stone Soup version 0.29.0-4-gdea44cf6ec (webtiles) character file.

Game seed: 6464703327436730406

7762 qw the Grappler (level 11, -2/28 (102) HPs)
             Began as a Troll Cinder Acolyte on Sept 1, 2022.
             Was an Initiate of Ignis.
             Shot with an arrow by a centaur (7 damage)
             ... on level 9 of the Dungeon.
             The game lasted 00:39:42 (35629 turns).

qw the Grappler (Troll Cinder Acolyte)             Turns: 35629, Time: 00:39:43

HP:   -2/28 (102)   AC: 14    Str: 34    XL:     11   Next: 1%
MP:   11/11         EV:  9    Int: 10    God:    Ignis [......]
Gold: 420           SH:  0    Dex:  5    Spells: 12/12 levels left

rFire   + . .      SeeInvis .     - Unarmed
rCold   + . .      Faith    .   (no shield)
rNeg    . . .      Spirit   .   r - +2 swamp dragon scales
rPois   +          Reflect  .   (helmet restricted)
rElec   .          Harm     .   m - +1 cloak
rCorr   .          Rampage  .   (gloves unavailable)
Will    .....                   (boots unavailable)
Stlth   ..........              (no amulet)
HPRegen 0.89/turn               e - +6 ring of strength
MPRegen 0.12/turn               n - ring of protection from cold

@: extremely drained, bezotted
A: large, unfitting armour, claws 3, regeneration 1, shaggy fur 1, tough skin 1,
mutation resistance 1
a: Renounce Religion, Rising Flame


You were on level 9 of the Dungeon.
You worshipped Ignis.
Ignis was noncommittal.
You visited 1 branch of the dungeon, and saw 9 of its levels.

You collected 573 gold pieces.
You spent 153 gold pieces at shops.


Innate Abilities, Weirdness & Mutations

You are too large for most types of armour.
You have claws for hands.
Your natural rate of healing is unusually fast.
You are covered in fur. (AC +1)
You have tough skin. (AC +1)
You are somewhat resistant to further mutation.


   Skills:
 + Level 5.0 Fighting
 - Level 6.2 Throwing
 - Level 3.6 Armour
 - Level 1.0 Dodging
 - Level 14.0 Unarmed Combat
 - Level 1.0 Spellcasting
 - Level 2.1 Fire Magic


You had 12 spell levels left.
You didn't know any spells.
Your spell library contained the following spells:

 Spells                   Type           Power      Damage    Failure   Level
 Scorch                   Fire           8%         2d5       28%         2

Inventory:

Missiles
 f - 2 javelins
 i - 3 large rocks (quivered)
Armour
 l - +0 ice dragon scales
 m - a +1 cloak (worn)
 r - +2 swamp dragon scales (worn)
Jewellery
 a - an amulet of reflection
 e - a +6 ring of strength (left claw)
 k - a ring of poison resistance
 n - a ring of protection from cold (right claw)
Scrolls
 c - 2 scrolls of teleportation
 d - 3 scrolls of identify
Potions
 b - 2 potions of heal wounds
 g - 2 potions of might
 h - 6 potions of mutation
 j - 9 potions of curing
 o - a potion of flight {unknown}

Dungeon Overview and Level Annotations

Branches:
Dungeon (9/15) Zot: 615    Temple (0/1) D:5
   Lair: D:8-11         Orc: D:9-12

Altars:
Dithmenos
Fedhas
Ru
Vehumet
Wu Jian
Xom
Yredelemnul

Shops:
D:3 :[**   D:6 *   D:7 [

Annotations:
D:7 3 runed translucent doors, qw's ghost, novice TrCA


Message History

Really rest while Zot is near?
Really rest while Zot is near?
Really rest while Zot is near?
Really rest while Zot is near?
You see here a +1 long sword of electrocution.
The centaur shoots an arrow.
The arrow closely misses you.
The centaur shoots an arrow.
The arrow closely misses you.
The centaur shoots an arrow.
The arrow barely misses you.
You hear a shout!
35591 ||| Stepping ~*~*~tactically~*~*~ (outnumbered).
The centaur shoots an arrow.
The arrow misses you.
The centaur shoots an arrow.
The arrow hits you.
The centaur shoots an arrow.
The arrow hits you.
35593 ||| FLEEEEING.
You see here a +1 long sword of electrocution.
Really rest while Zot is near?
Really rest while Zot is near?
Really rest while Zot is near?
The centaur shoots an arrow.
The arrow hits you.
The centaur shoots an arrow.
The arrow hits you.
35610 ||| FLEEEEING.
Really rest while Zot is near?
Really rest while Zot is near?
The centaur shoots an arrow.
The arrow barely misses you.
The centaur shoots an arrow.
The arrow hits you but does no damage.
35618 ||| Stepping ~*~*~tactically~*~*~ (outnumbered).
The centaur shoots an arrow.
The arrow hits you.
The centaur shoots an arrow.
The arrow hits you.
The centaur shoots an arrow.
The arrow hits you but does no damage.
The centaur shoots an arrow.
The arrow barely misses you.
You hear a shout!
35620 ||| FLEEEEING.
Really rest while Zot is near?
Really rest while Zot is near?
The centaur shoots an arrow.
The arrow barely misses you.
The centaur shoots an arrow.
The arrow hits you.
The centaur shoots an arrow.
The arrow hits you!
The centaur shoots an arrow.
The arrow hits you.
The centaur shoots an arrow.
The arrow hits you.
35629 ||| FLEEEEING.
The centaur shoots an arrow.
The arrow hits you!
You die...

######## #......####
#.####....#####
#.####.......##
###########.##......##.#.
##.$.....@...##.#..#......
#...~~~~.###..##.#.#####.#.
#~~~~~~~~# ##....).......##
~~~~~~~~~~~~~~~###.#######...
~~~~~~~~~~~~~~~~~~.# #...
~~~~cc~~~~~~~~~~~~~# #...
~~.....c~~~~~~~~~~~#### #...
~......cc~~~~~~~~~~...# #...
.#'#..~~~~~~~~~~##<# ####.


You could see a centaur.

Vanquished Creatures
  Gastronok (D:8)
  A two-headed ogre (D:9)
  A cyclops (D:8)
  Joseph (D:8)
  Maggie (D:8)
  Grinder (D:5)
  Prince Ribbit (D:8)
  6 yaks (D:9)
  4 steam dragons
  8 ice beasts
  4 black bears
  An orc warrior (D:8)
  2 ogres
  A sky beast (D:6)
  4 centaurs
  2 phantoms (D:7)
  A bullfrog (D:9)
  Blork the orc (D:4)
  3 kobold brigands
  3 scorpions
  6 killer bees (D:9)
  5 howler monkeys
  3 jellies
  2 gnoll boudas
  3 hounds
  An iguana (D:7)
  2 orc priests
  An orc wizard (D:5)
  8 adders
  8 gnolls
  A shadow imp (D:6)
  A white imp (D:6)
  4 ufetubi
  2 worms
  2 dart slugs
  10 orcs
  3 endoplasms (D:1)
  4 giant cockroaches
  6 goblins
  11 hobgoblins
  6 jackals
  7 quokkas
  11 ball pythons
  2 bats
  2 frilled lizards
  26 kobolds
  10 rats
194 creatures vanquished.

Vanquished Creatures (others)
  An orc (D:8)
  10 plants (D:4)
11 creatures vanquished.

Grand Total: 205 creatures vanquished

Notes
Turn   | Place    | Note
-------+----------+-------------------------------------------
     0 | D:1      | qw the Troll Cinder Acolyte began the quest for the Orb.
     0 | D:1      | Reached XP level 1. HP: 22/22 MP: 1/1
     0 | D:1      | 0 ||| qw: Version: 0.1-a-97-g2dd2ca4
     0 | D:1      | 0 ||| qw: Game counter: 4753
     0 | D:1      | 0 ||| qw: Always use a shield: true
     0 | D:1      | 0 ||| qw: God list: Okawaru
     0 | D:1      | 0 ||| qw: Allow faded altars: false
     0 | D:1      | 0 ||| qw: Do Orc after D:15 true
     0 | D:1      | 0 ||| qw: Do second Lair branch before Depths: true
     0 | D:1      | 0 ||| qw: Lair rune preference: random
     0 | D:1      | 0 ||| qw: Plans: Normal
     0 | D:1      | 0 ||| PLANNING D:1-11
    27 | D:1      | 27 ||| Stepping ~*~*~tactically~*~*~ (stealth).
    29 | D:1      | 29 ||| Stepping ~*~*~tactically~*~*~ (stealth).
    33 | D:1      | 33 ||| Stepping ~*~*~tactically~*~*~ (stealth).
   116 | D:1      | 116 ||| Stepping ~*~*~tactically~*~*~ (stealth).
   117 | D:1      | 117 ||| Stepping ~*~*~tactically~*~*~ (stealth).
   118 | D:1      | 118 ||| Stepping ~*~*~tactically~*~*~ (stealth).
   128 | D:1      | Reached XP level 2. HP: 25/29 MP: 2/2
   258 | D:1      | Reached skill level 4 in Unarmed Combat
   294 | D:1      | 294 ||| Stepping ~*~*~tactically~*~*~ (hiding).
   568 | D:1      | Reached XP level 3. HP: 36/36 MP: 3/3
   770 | D:1      | 770 ||| UPGRADING to +6 ring of strength.
   771 | D:1      | 771 ||| READING scroll labelled FUZAISHR TUCEU.
   772 | D:1      | 772 ||| READING 2 scrolls labelled PECWUC HIDIRGHU.
   921 | D:2      | 921 ||| Stepping ~*~*~tactically~*~*~ (outnumbered).
   922 | D:2      | 922 ||| Stepping ~*~*~tactically~*~*~ (outnumbered).
   923 | D:2      | 923 ||| Stepping ~*~*~tactically~*~*~ (outnumbered).
   924 | D:2      | 924 ||| Stepping ~*~*~tactically~*~*~ (outnumbered).
  1007 | D:2      | Found a shimmering altar of Xom.
  1150 | D:2      | 1150 ||| Stepping ~*~*~tactically~*~*~ (stealth).
  1344 | D:2      | Reached XP level 4. HP: 42/44 MP: 4/4
  1347 | D:2      | Reached skill level 5 in Unarmed Combat
  1539 | D:2      | 1539 ||| READING scroll labelled FAMURO WIEDDIO.
  1540 | D:2      | 1540 ||| DRINKING 3 purple potions.
  1582 | D:3      | Found Betzuoqa's Armour Shop.
  1650 | D:3      | Found Ridetint's Book Emporium.
  1661 | D:3      | 1661 ||| READING scroll labelled TAYPOQ LYNIARUO.
  1744 | D:3      | Found Qydeabu's General Store.
  1751 | D:3      | 1751 ||| BUYING potion of curing (30 gold).
  1751 | D:3      | Bought a potion of curing for 30 gold pieces
  1751 | D:3      | 1751 ||| BUYING potion of curing (30 gold).
  1751 | D:3      | Bought a potion of curing for 30 gold pieces
  1751 | D:3      | 1751 ||| SHOPLISTING ring of positive energy (200 gold,
                  | have 114).
  1885 | D:3      | Found a shimmering altar of Xom.
  1885 | D:3      | Found a radiant altar of Vehumet.
  1886 | D:3      | Found a sacrificial altar of Ru.
  1923 | D:3      | Found a blossoming altar of Fedhas.
  2218 | D:3      | Found Mioneruc's General Store.
  2227 | D:3      | 2227 ||| SHOPLISTING +6 ring of dexterity (468 gold, have
                  | 152).
  2227 | D:3      | 2227 ||| BUYING potion of curing (39 gold).
  2227 | D:3      | Bought a potion of curing for 39 gold pieces
  2227 | D:3      | 2227 ||| SHOPLISTING potion of haste (130 gold, have 113).
  2434 | D:3      | 2434 ||| READING scroll labelled XUMOSE IDED.
  2457 | D:3      | 2457 ||| READING scroll labelled DUETTY ALAMA.
  2458 | D:3      | 2458 ||| DRINKING 4 glowing pink potions.
  2458 | D:3      | Gained mutation: You are somewhat resistant to further
                  | mutation. [potion of mutation]
  2459 | D:3      | 2459 ||| READING 2 scrolls of identify.
  2459 | D:3      | 2459 ||| IDENTIFYING ruby potion
  2460 | D:3      | 2460 ||| DROPPING potion of degeneration.
  2515 | D:4      | 2515 ||| Stepping ~*~*~tactically~*~*~ (hiding).
  2516 | D:4      | 2516 ||| Stepping ~*~*~tactically~*~*~ (stealth).
  2524 | D:4      | Noticed Blork the orc
  2525 | D:4      | 2525 ||| INVOKING Fiery Armour.
  2526 | D:4      | 2526 ||| Stepping ~*~*~tactically~*~*~ (outnumbered).
  2528 | D:4      | HP: 4/44 [orc priest/divine providence (10)]
  2529 | D:4      | 2529 ||| DRINKING 3 potions of heal wounds.
  2530 | D:4      | Reached XP level 5. HP: 40/50 MP: 5/5
  2530 | D:4      | 2530 ||| Stepping ~*~*~tactically~*~*~ (outnumbered).
  2531 | D:4      | 2531 ||| Stepping ~*~*~tactically~*~*~ (outnumbered).
  2532 | D:4      | 2532 ||| Stepping ~*~*~tactically~*~*~ (outnumbered).
  2534 | D:4      | 2534 ||| Stepping ~*~*~tactically~*~*~ (outnumbered).
  2535 | D:4      | 2535 ||| Stepping ~*~*~tactically~*~*~ (outnumbered).
  2537 | D:4      | Killed Blork the orc
  2538 | D:4      | Reached skill level 6 in Unarmed Combat
  2539 | D:4      | HP: 12/50 [poisoned by Blork the orc]
  2544 | D:4      | 2544 ||| Stepping ~*~*~tactically~*~*~ (stealth).
  2544 | D:4      | HP: 10/50 [poisoned by Blork the orc]
  2546 | D:4      | 2546 ||| FLEEEEING.
  2548 | D:4      | 2548 ||| STAIRDANCE
  2634 | D:4      | 2634 ||| Stepping ~*~*~tactically~*~*~ (stealth).
  2636 | D:4      | 2636 ||| Stepping ~*~*~tactically~*~*~ (stealth).
  2639 | D:4      | 2639 ||| Stepping ~*~*~tactically~*~*~ (stealth).
  2644 | D:4      | Reached skill level 7 in Unarmed Combat
  2644 | D:4      | Reached XP level 6. HP: 59/59 MP: 6/6
  2653 | D:4      | 2653 ||| Stepping ~*~*~tactically~*~*~ (stealth).
  2768 | D:4      | 2768 ||| Stepping ~*~*~tactically~*~*~ (hiding).
  2770 | D:4      | 2770 ||| Stepping ~*~*~tactically~*~*~ (hiding).
  3243 | D:4      | 3243 ||| READING scroll labelled TUAQEKA NANOLA.
  3244 | D:4      | 3244 ||| READING scroll labelled KIHAEJ FICORETZ.
  3245 | D:4      | 3245 ||| READING 3 scrolls of identify.
  3245 | D:4      | 3245 ||| IDENTIFYING clear potion
  3246 | D:4      | 3246 ||| READING 2 scrolls of identify.
  3246 | D:4      | 3246 ||| IDENTIFYING inky potion
  3247 | D:4      | 3247 ||| DROPPING potion of brilliance.
  3285 | D:5      | Entered Level 5 of the Dungeon
  3286 | D:5      | 3286 ||| PLANNING OSSUARY
  3299 | D:5      | Found a staircase to the Ecumenical Temple.
  3310 | D:5      | 3310 ||| Stepping ~*~*~tactically~*~*~ (hiding).
  3311 | D:5      | 3311 ||| Stepping ~*~*~tactically~*~*~ (hiding).
  3329 | D:5      | Reached skill level 8 in Unarmed Combat
  3418 | D:5      | Noticed Grinder
  3419 | D:5      | 3419 ||| Stepping ~*~*~tactically~*~*~ (hiding).
  3425 | D:5      | Noticed an ice beast
  3426 | D:5      | 3426 ||| Stepping ~*~*~tactically~*~*~ (stealth).
  3427 | D:5      | 3427 ||| Stepping ~*~*~tactically~*~*~ (stealth).
  3428 | D:5      | 3428 ||| INVOKING Fiery Armour.
  3434 | D:5      | Reached skill level 3 in Fighting
  3434 | D:5      | Reached XP level 7. HP: 20/67 MP: 7/7
  3436 | D:5      | 3436 ||| Stepping ~*~*~tactically~*~*~ (outnumbered).
  3437 | D:5      | Paralysed by Grinder for 4 turns
  3440 | D:5      | HP: 11/67 [Grinder (6)]
  3442 | D:5      | 3442 ||| DRINKING 2 potions of heal wounds.
  3443 | D:5      | Killed Grinder
  3444 | D:5      | Reached skill level 9 in Unarmed Combat
  3539 | D:5      | Reached skill level 1 in Dodging
  3625 | D:5      | 3625 ||| Stepping ~*~*~tactically~*~*~ (hiding).
  3627 | D:5      | 3627 ||| Stepping ~*~*~tactically~*~*~ (hiding).
  3628 | D:5      | 3628 ||| Stepping ~*~*~tactically~*~*~ (hiding).
  3635 | D:5      | 3635 ||| INVOKING Fiery Armour.
  3636 | D:5      | 3636 ||| Stepping ~*~*~tactically~*~*~ (outnumbered).
  3637 | D:5      | Reached XP level 8. HP: 31/75 MP: 8/8
  3743 | D:5      | Reached skill level 10 in Unarmed Combat
  3999 | D:5      | 3999 ||| RIP OSSUARY
  4108 | D:5      | 4108 ||| PLANNING D:1-11
  4245 | D:5      | 4245 ||| READING scroll labelled PYAWKO RALARRI.
  4248 | D:5      | 4248 ||| READING 2 scrolls of identify.
  4248 | D:5      | 4248 ||| IDENTIFYING smoky white potion
  4249 | D:5      | 4249 ||| DROPPING potion of ambrosia.
  4307 | D:6      | 4307 ||| Stepping ~*~*~tactically~*~*~ (hiding).
  4671 | D:6      | 4671 ||| FLEEEEING.
  4672 | D:6      | 4672 ||| FLEEEEING.
  4673 | D:6      | 4673 ||| FLEEEEING.
  4674 | D:6      | 4674 ||| FLEEEEING.
  4675 | D:6      | 4675 ||| FLEEEEING.
  4676 | D:6      | 4676 ||| FLEEEEING.
  4677 | D:6      | 4677 ||| FLEEEEING.
  4691 | D:6      | 4691 ||| Stepping ~*~*~tactically~*~*~ (stealth).
  4692 | D:6      | 4692 ||| Stepping ~*~*~tactically~*~*~ (stealth).
  4693 | D:6      | 4693 ||| Stepping ~*~*~tactically~*~*~ (stealth).
  4695 | D:6      | 4695 ||| Stepping ~*~*~tactically~*~*~ (outnumbered).
  4696 | D:6      | 4696 ||| Stepping ~*~*~tactically~*~*~ (outnumbered).
  4697 | D:6      | 4697 ||| Stepping ~*~*~tactically~*~*~ (outnumbered).
  4698 | D:6      | 4698 ||| INVOKING Fiery Armour.
  4699 | D:6      | 4699 ||| Stepping ~*~*~tactically~*~*~ (outnumbered).
  4701 | D:6      | 4701 ||| Stepping ~*~*~tactically~*~*~ (outnumbered).
  4706 | D:6      | 4706 ||| Stepping ~*~*~tactically~*~*~ (outnumbered).
  4790 | D:6      | Found an ornate altar of the Wu Jian Council.
  4881 | D:6      | Reached skill level 1 in Throwing
  5049 | D:6      | 5049 ||| Stepping ~*~*~tactically~*~*~ (stealth).
  5053 | D:6      | Reached XP level 9. HP: 72/84 MP: 9/9
  5085 | D:6      | Reached skill level 11 in Unarmed Combat
  5360 | D:6      | Found Kyamihao's Neck Hole.
  5363 | D:6      | 5363 ||| BUYING +0 cloak (54 gold).
  5363 | D:6      | Bought a +0 cloak for 54 gold pieces
  5363 | D:6      | 5363 ||| SHOPLISTING amulet of reflection (360 gold, have
                  | 207).
  5363 | D:6      | 5363 ||| SHOPLISTING scarf of resistance (384 gold, have
                  | 207).
  5376 | D:6      | 5376 ||| UPGRADING to +0 cloak.
  5381 | D:6      | 5381 ||| READING scroll of enchant armour.
  5381 | D:6      | 5381 ||| ENCHANTING +0 cloak.
  5382 | D:6      | 5382 ||| READING scroll labelled GEPUATH VO YSO.
  5410 | D:7      | 5410 ||| Stepping ~*~*~tactically~*~*~ (hiding).
  5420 | D:7      | Reached skill level 3 in Throwing
  5481 | D:7      | 5481 ||| Stepping ~*~*~tactically~*~*~ (stealth).
  5486 | D:7      | 5486 ||| Stepping ~*~*~tactically~*~*~ (hiding).
  5525 | D:7      | 5525 ||| Stepping ~*~*~tactically~*~*~ (stealth).
  5591 | D:7      | Found a runed translucent gate.
  5591 | D:7      | Found a runed translucent gate.
  5591 | D:7      | Found a runed translucent gate.
  5600 | D:7      | Found a basalt altar of Yredelemnul.
  5626 | D:7      | Noticed qw's ghost (novice TrCA)
  5729 | D:7      | Found Motof's Armour Shop.
  5737 | D:7      | 5737 ||| SHOPLISTING +0 acid dragon scales (440 gold, have
                  | 253).
  5737 | D:7      | 5737 ||| SHOPLISTING +4 troll leather armour of Chimes
                  | {Regen+ Int+6} (600 gold, have 253).
  5969 | D:7      | Found a shadowy altar of Dithmenos.
  5975 | D:7      | Reached skill level 12 in Unarmed Combat
  6165 | D:7      | 6165 ||| Stepping ~*~*~tactically~*~*~ (hiding).
  6332 | D:7      | 6332 ||| UPGRADING to ring of poison resistance.
  6333 | D:7      | 6333 ||| READING scroll labelled GOIXTEV CUH.
  6362 | D:8      | 6362 ||| INVOKING Fiery Armour.
  6365 | D:8      | 6365 ||| FLEEEEING.
  6367 | D:8      | 6367 ||| Stepping ~*~*~tactically~*~*~ (hiding).
  6370 | D:8      | 6370 ||| Stepping ~*~*~tactically~*~*~ (hiding).
  6387 | D:8      | Noticed a cyclops
  6388 | D:8      | 6388 ||| FLEEEEING.
  6389 | D:8      | 6389 ||| FLEEEEING.
  6390 | D:8      | 6390 ||| FLEEEEING.
  6390 | D:8      | HP: 14/88 [cyclops/large rock (32)]
  6391 | D:8      | 6391 ||| FLEEEEING.
  6392 | D:8      | 6392 ||| FLEEEEING.
  6393 | D:8      | 6393 ||| STAIRDANCE
  6510 | D:8      | Killed a cyclops
  6511 | D:8      | 6511 ||| STAIRDANCE
  6738 | D:8      | Noticed Prince Ribbit
  6741 | D:8      | Killed Prince Ribbit
  6742 | D:8      | Reached XP level 10. HP: 96/96 MP: 10/10
  6751 | D:8      | Found Tazur's Jewellery Emporium.
  6784 | D:8      | Noticed Gastronok
  6785 | D:8      | 6785 ||| INVOKING Fiery Armour.
  6797 | D:8      | Killed Gastronok
  6798 | D:8      | Reached skill level 6 in Throwing
  6910 | D:8      | Noticed Maggie
  6915 | D:8      | 6915 ||| DRINKING 9 potions of curing.
  6915 | D:8      | 6915 ||| (to cure confusion)
  6919 | D:8      | Killed Maggie
  6920 | D:8      | Reached skill level 13 in Unarmed Combat
  6969 | D:8      | Noticed Joseph
  6978 | D:8      | Killed Joseph
  7089 | D:8      | 7089 ||| UPGRADING to +0 steam dragon scales.
  7099 | D:8      | 7099 ||| DROPPING +0 robe.
  7100 | D:8      | 7100 ||| UPGRADING to +1 swamp dragon scales.
  7110 | D:8      | 7110 ||| REMOVING ring of poison resistance.
  7111 | D:8      | 7111 ||| DROPPING +0 steam dragon scales.
  7112 | D:8      | 7112 ||| UPGRADING to ring of protection from cold.
  7113 | D:8      | 7113 ||| DROPPING ring of ice.
  7114 | D:8      | 7114 ||| READING scroll labelled EQASMA VEKHLOPE.
  7215 | D:8      | 7215 ||| READING 3 scrolls of identify.
  7215 | D:8      | 7215 ||| IDENTIFYING murky amethyst potion
  7216 | D:8      | 7216 ||| READING 2 scrolls of identify.
  7216 | D:8      | 7216 ||| IDENTIFYING fuming coppery potion
  7217 | D:8      | 7217 ||| DROPPING potion of lignification.
  7218 | D:8      | 7218 ||| DROPPING potion of attraction.
  7309 | D:9      | 7309 ||| Stepping ~*~*~tactically~*~*~ (stealth).
  7319 | D:9      | 7319 ||| Stepping ~*~*~tactically~*~*~ (stealth).
  7321 | D:9      | 7321 ||| INVOKING Fiery Armour.
  7322 | D:9      | 7322 ||| Stepping ~*~*~tactically~*~*~ (stealth).
  7350 | D:9      | 7350 ||| Stepping ~*~*~tactically~*~*~ (stealth).
  7351 | D:9      | 7351 ||| Stepping ~*~*~tactically~*~*~ (stealth).
  7368 | D:9      | Reached skill level 14 in Unarmed Combat
  7449 | D:9      | 7449 ||| READING scroll of enchant armour.
  7449 | D:9      | 7449 ||| ENCHANTING +1 swamp dragon scales.
  7682 | D:9      | Noticed a two-headed ogre
  7685 | D:9      | Killed a two-headed ogre
  7686 | D:9      | Reached skill level 3 in Armour
  7686 | D:9      | Reached XP level 11. HP: 102/102 MP: 11/11
  7767 | D:9      | 7767 ||| FLEEEEING.
  7768 | D:9      | 7768 ||| FLEEEEING.
  7769 | D:9      | 7769 ||| FLEEEEING.
  7770 | D:9      | 7770 ||| FLEEEEING.
  7770 | D:9      | HP: 19/102 [centaur/arrow (8)]
  7771 | D:9      | 7771 ||| FLEEEEING.
  7772 | D:9      | 7772 ||| FLEEEEING.
  7869 | D:9      | 7869 ||| Stepping ~*~*~tactically~*~*~ (outnumbered).
  7873 | D:9      | 7873 ||| Stepping ~*~*~tactically~*~*~ (outnumbered).
  7881 | D:9      | 7881 ||| Stepping ~*~*~tactically~*~*~ (outnumbered).
  7883 | D:9      | 7883 ||| FLEEEEING.
  7906 | D:9      | 7906 ||| FLEEEEING.
  7907 | D:9      | 7907 ||| FLEEEEING.
  7942 | D:9      | 7942 ||| FLEEEEING.
  7958 | D:9      | 7958 ||| Stepping ~*~*~tactically~*~*~ (outnumbered).
  7963 | D:9      | 7963 ||| Stepping ~*~*~tactically~*~*~ (outnumbered).
  7973 | D:9      | 7973 ||| Stepping ~*~*~tactically~*~*~ (outnumbered).
  7975 | D:9      | 7975 ||| Stepping ~*~*~tactically~*~*~ (outnumbered).
  7979 | D:9      | 7979 ||| Stepping ~*~*~tactically~*~*~ (outnumbered).
  7988 | D:9      | 7988 ||| Stepping ~*~*~tactically~*~*~ (outnumbered).
  7996 | D:9      | 7996 ||| Stepping ~*~*~tactically~*~*~ (outnumbered).
  7998 | D:9      | 7998 ||| Stepping ~*~*~tactically~*~*~ (outnumbered).
  8000 | D:9      | 8000 ||| Stepping ~*~*~tactically~*~*~ (outnumbered).
  8002 | D:9      | 8002 ||| Stepping ~*~*~tactically~*~*~ (outnumbered).
  8004 | D:9      | 8004 ||| Stepping ~*~*~tactically~*~*~ (outnumbered).
  8006 | D:9      | 8006 ||| Stepping ~*~*~tactically~*~*~ (outnumbered).
  8008 | D:9      | 8008 ||| Stepping ~*~*~tactically~*~*~ (outnumbered).
  8010 | D:9      | 8010 ||| Stepping ~*~*~tactically~*~*~ (outnumbered).
  8016 | D:9      | 8016 ||| Stepping ~*~*~tactically~*~*~ (outnumbered).
  8019 | D:9      | 8019 ||| FLEEEEING.
  8020 | D:9      | 8020 ||| FLEEEEING.
  8044 | D:9      | 8044 ||| Stepping ~*~*~tactically~*~*~ (outnumbered).
  8046 | D:9      | 8046 ||| FLEEEEING.
  8058 | D:9      | 8058 ||| Stepping ~*~*~tactically~*~*~ (outnumbered).
  8062 | D:9      | 8062 ||| Stepping ~*~*~tactically~*~*~ (outnumbered).
  8065 | D:9      | 8065 ||| FLEEEEING.
  8082 | D:9      | 8082 ||| Stepping ~*~*~tactically~*~*~ (outnumbered).
  8084 | D:9      | 8084 ||| FLEEEEING.
  8099 | D:9      | 8099 ||| Stepping ~*~*~tactically~*~*~ (outnumbered).
  8107 | D:9      | 8107 ||| Stepping ~*~*~tactically~*~*~ (outnumbered).
  8118 | D:9      | 8118 ||| FLEEEEING.
  8135 | D:9      | 8135 ||| FLEEEEING.
  8149 | D:9      | 8149 ||| FLEEEEING.
  8150 | D:9      | 8150 ||| FLEEEEING.
  8172 | D:9      | 8172 ||| FLEEEEING.
  8186 | D:9      | 8186 ||| FLEEEEING.
  8198 | D:9      | 8198 ||| INVOKING Fiery Armour.
  8199 | D:9      | 8199 ||| Stepping ~*~*~tactically~*~*~ (outnumbered).
  8200 | D:9      | 8200 ||| Stepping ~*~*~tactically~*~*~ (outnumbered).
  8207 | D:9      | 8207 ||| Stepping ~*~*~tactically~*~*~ (outnumbered).
  8209 | D:9      | 8209 ||| Stepping ~*~*~tactically~*~*~ (outnumbered).
  8215 | D:9      | 8215 ||| Stepping ~*~*~tactically~*~*~ (outnumbered).
  8217 | D:9      | 8217 ||| Stepping ~*~*~tactically~*~*~ (outnumbered).
  8221 | D:9      | 8221 ||| Stepping ~*~*~tactically~*~*~ (outnumbered).
  8229 | D:9      | 8229 ||| FLEEEEING.
  8240 | D:9      | 8240 ||| Stepping ~*~*~tactically~*~*~ (outnumbered).
  8242 | D:9      | 8242 ||| Stepping ~*~*~tactically~*~*~ (outnumbered).
  8244 | D:9      | 8244 ||| FLEEEEING.
  8257 | D:9      | 8257 ||| FLEEEEING.
  8258 | D:9      | 8258 ||| FLEEEEING.
  8276 | D:9      | 8276 ||| Stepping ~*~*~tactically~*~*~ (outnumbered).
  8278 | D:9      | 8278 ||| Stepping ~*~*~tactically~*~*~ (outnumbered).
  8280 | D:9      | 8280 ||| FLEEEEING.
  8293 | D:9      | 8293 ||| Stepping ~*~*~tactically~*~*~ (outnumbered).
  8299 | D:9      | 8299 ||| Stepping ~*~*~tactically~*~*~ (outnumbered).
  8301 | D:9      | 8301 ||| Stepping ~*~*~tactically~*~*~ (outnumbered).
  8303 | D:9      | 8303 ||| Stepping ~*~*~tactically~*~*~ (outnumbered).
  8308 | D:9      | 8308 ||| Stepping ~*~*~tactically~*~*~ (outnumbered).
  8310 | D:9      | 8310 ||| Stepping ~*~*~tactically~*~*~ (outnumbered).
  8312 | D:9      | 8312 ||| Stepping ~*~*~tactically~*~*~ (outnumbered).
  8317 | D:9      | 8317 ||| Stepping ~*~*~tactically~*~*~ (outnumbered).
  8327 | D:9      | 8327 ||| Stepping ~*~*~tactically~*~*~ (outnumbered).
  8329 | D:9      | 8329 ||| Stepping ~*~*~tactically~*~*~ (outnumbered).
  8336 | D:9      | 8336 ||| Stepping ~*~*~tactically~*~*~ (outnumbered).
  8338 | D:9      | 8338 ||| Stepping ~*~*~tactically~*~*~ (outnumbered).
  8345 | D:9      | 8345 ||| Stepping ~*~*~tactically~*~*~ (outnumbered).
  8353 | D:9      | 8353 ||| FLEEEEING.
  8367 | D:9      | 8367 ||| Stepping ~*~*~tactically~*~*~ (outnumbered).
  8368 | D:9      | 8368 ||| Stepping ~*~*~tactically~*~*~ (outnumbered).
  8370 | D:9      | 8370 ||| Stepping ~*~*~tactically~*~*~ (outnumbered).
  8373 | D:9      | 8373 ||| FLEEEEING.
  8374 | D:9      | 8374 ||| FLEEEEING.
  8395 | D:9      | 8395 ||| FLEEEEING.
  8426 | D:9      | 8426 ||| Stepping ~*~*~tactically~*~*~ (outnumbered).
  8438 | D:9      | 8438 ||| Stepping ~*~*~tactically~*~*~ (stealth).
  8442 | D:9      | 8442 ||| Stepping ~*~*~tactically~*~*~ (outnumbered).
  8448 | D:9      | 8448 ||| Stepping ~*~*~tactically~*~*~ (outnumbered).
  8457 | D:9      | 8457 ||| Stepping ~*~*~tactically~*~*~ (outnumbered).
  8458 | D:9      | 8458 ||| FLEEEEING.
  8471 | D:9      | 8471 ||| Stepping ~*~*~tactically~*~*~ (outnumbered).
  8473 | D:9      | 8473 ||| FLEEEEING.
  8493 | D:9      | 8493 ||| Stepping ~*~*~tactically~*~*~ (outnumbered).
  8495 | D:9      | 8495 ||| Stepping ~*~*~tactically~*~*~ (outnumbered).
  8497 | D:9      | 8497 ||| Stepping ~*~*~tactically~*~*~ (outnumbered).
  8499 | D:9      | 8499 ||| Stepping ~*~*~tactically~*~*~ (outnumbered).
  8501 | D:9      | 8501 ||| Stepping ~*~*~tactically~*~*~ (outnumbered).
  8503 | D:9      | 8503 ||| Stepping ~*~*~tactically~*~*~ (outnumbered).
  8506 | D:9      | 8506 ||| Stepping ~*~*~tactically~*~*~ (outnumbered).
  8512 | D:9      | 8512 ||| Stepping ~*~*~tactically~*~*~ (outnumbered).
  8515 | D:9      | 8515 ||| Stepping ~*~*~tactically~*~*~ (outnumbered).
  8525 | D:9      | 8525 ||| Stepping ~*~*~tactically~*~*~ (outnumbered).
  8526 | D:9      | 8526 ||| FLEEEEING.
  8548 | D:9      | 8548 ||| Stepping ~*~*~tactically~*~*~ (outnumbered).
  8550 | D:9      | 8550 ||| Stepping ~*~*~tactically~*~*~ (outnumbered).
  8560 | D:9      | 8560 ||| FLEEEEING.
  8561 | D:9      | 8561 ||| FLEEEEING.
  8594 | D:9      | 8594 ||| Stepping ~*~*~tactically~*~*~ (outnumbered).
  8602 | D:9      | 8602 ||| FLEEEEING.
  8620 | D:9      | 8620 ||| FLEEEEING.
  8633 | D:9      | 8633 ||| Stepping ~*~*~tactically~*~*~ (outnumbered).
  8636 | D:9      | 8636 ||| FLEEEEING.
  8649 | D:9      | 8649 ||| FLEEEEING.
  8664 | D:9      | 8664 ||| Stepping ~*~*~tactically~*~*~ (outnumbered).
  8666 | D:9      | 8666 ||| Stepping ~*~*~tactically~*~*~ (outnumbered).
  8673 | D:9      | 8673 ||| Stepping ~*~*~tactically~*~*~ (outnumbered).
  8677 | D:9      | 8677 ||| FLEEEEING.
  8678 | D:9      | 8678 ||| FLEEEEING.
  8708 | D:9      | 8708 ||| Stepping ~*~*~tactically~*~*~ (outnumbered).
  8710 | D:9      | 8710 ||| Stepping ~*~*~tactically~*~*~ (outnumbered).
  8717 | D:9      | 8717 ||| Stepping ~*~*~tactically~*~*~ (outnumbered).
  8719 | D:9      | 8719 ||| Stepping ~*~*~tactically~*~*~ (outnumbered).
  8726 | D:9      | 8726 ||| INVOKING Fiery Armour.
  8727 | D:9      | 8727 ||| FLEEEEING.
  8728 | D:9      | 8728 ||| FLEEEEING.
  8752 | D:9      | 8752 ||| Stepping ~*~*~tactically~*~*~ (outnumbered).
  8759 | D:9      | 8759 ||| Stepping ~*~*~tactically~*~*~ (outnumbered).
  8766 | D:9      | 8766 ||| Stepping ~*~*~tactically~*~*~ (outnumbered).
  8769 | D:9      | 8769 ||| Stepping ~*~*~tactically~*~*~ (outnumbered).
  8770 | D:9      | 8770 ||| Stepping ~*~*~tactically~*~*~ (outnumbered).
  8772 | D:9      | 8772 ||| Stepping ~*~*~tactically~*~*~ (outnumbered).
  8774 | D:9      | 8774 ||| Stepping ~*~*~tactically~*~*~ (outnumbered).
  8777 | D:9      | 8777 ||| Stepping ~*~*~tactically~*~*~ (outnumbered).
  8787 | D:9      | 8787 ||| Stepping ~*~*~tactically~*~*~ (outnumbered).
  8789 | D:9      | 8789 ||| Stepping ~*~*~tactically~*~*~ (outnumbered).
  8791 | D:9      | 8791 ||| FLEEEEING.
  8804 | D:9      | 8804 ||| Stepping ~*~*~tactically~*~*~ (outnumbered).
  8807 | D:9      | 8807 ||| Stepping ~*~*~tactically~*~*~ (outnumbered).
  8809 | D:9      | 8809 ||| Stepping ~*~*~tactically~*~*~ (outnumbered).
  8811 | D:9      | 8811 ||| Stepping ~*~*~tactically~*~*~ (outnumbered).
  8818 | D:9      | 8818 ||| Stepping ~*~*~tactically~*~*~ (outnumbered).
  8820 | D:9      | 8820 ||| Stepping ~*~*~tactically~*~*~ (outnumbered).
  8823 | D:9      | 8823 ||| Stepping ~*~*~tactically~*~*~ (outnumbered).
  8824 | D:9      | 8824 ||| FLEEEEING.
  8843 | D:9      | 8843 ||| Stepping ~*~*~tactically~*~*~ (outnumbered).
  8845 | D:9      | 8845 ||| Stepping ~*~*~tactically~*~*~ (outnumbered).
  8856 | D:9      | 8856 ||| Stepping ~*~*~tactically~*~*~ (outnumbered).
  8862 | D:9      | 8862 ||| FLEEEEING.
  8876 | D:9      | 8876 ||| FLEEEEING.
  8888 | D:9      | 8888 ||| Stepping ~*~*~tactically~*~*~ (outnumbered).
  8894 | D:9      | 8894 ||| Stepping ~*~*~tactically~*~*~ (outnumbered).
  8900 | D:9      | 8900 ||| Stepping ~*~*~tactically~*~*~ (outnumbered).
  8909 | D:9      | 8909 ||| FLEEEEING.
  8927 | D:9      | 8927 ||| FLEEEEING.
  8928 | D:9      | 8928 ||| FLEEEEING.
  8970 | D:9      | 8970 ||| Stepping ~*~*~tactically~*~*~ (outnumbered).
  8980 | D:9      | 8980 ||| Stepping ~*~*~tactically~*~*~ (outnumbered).
  8984 | D:9      | 8984 ||| FLEEEEING.
  9001 | D:9      | 9001 ||| FLEEEEING.
  9018 | D:9      | 9018 ||| Stepping ~*~*~tactically~*~*~ (outnumbered).
  9024 | D:9      | 9024 ||| Stepping ~*~*~tactically~*~*~ (outnumbered).
  9027 | D:9      | 9027 ||| FLEEEEING.
  9040 | D:9      | 9040 ||| FLEEEEING.
  9052 | D:9      | 9052 ||| Stepping ~*~*~tactically~*~*~ (outnumbered).
  9053 | D:9      | 9053 ||| FLEEEEING.
  9069 | D:9      | 9069 ||| FLEEEEING.
  9070 | D:9      | 9070 ||| FLEEEEING.
  9101 | D:9      | 9101 ||| FLEEEEING.
  9102 | D:9      | 9102 ||| FLEEEEING.
  9127 | D:9      | 9127 ||| Stepping ~*~*~tactically~*~*~ (outnumbered).
  9134 | D:9      | 9134 ||| Stepping ~*~*~tactically~*~*~ (outnumbered).
  9135 | D:9      | 9135 ||| Stepping ~*~*~tactically~*~*~ (outnumbered).
  9139 | D:9      | 9139 ||| Stepping ~*~*~tactically~*~*~ (outnumbered).
  9143 | D:9      | 9143 ||| Stepping ~*~*~tactically~*~*~ (outnumbered).
  9149 | D:9      | 9149 ||| Stepping ~*~*~tactically~*~*~ (outnumbered).
  9152 | D:9      | 9152 ||| FLEEEEING.
  9176 | D:9      | 9176 ||| FLEEEEING.
  9177 | D:9      | 9177 ||| FLEEEEING.
  9198 | D:9      | 9198 ||| Stepping ~*~*~tactically~*~*~ (outnumbered).
  9200 | D:9      | 9200 ||| Stepping ~*~*~tactically~*~*~ (outnumbered).
  9202 | D:9      | 9202 ||| Stepping ~*~*~tactically~*~*~ (outnumbered).
  9204 | D:9      | 9204 ||| Stepping ~*~*~tactically~*~*~ (outnumbered).
  9206 | D:9      | 9206 ||| Stepping ~*~*~tactically~*~*~ (outnumbered).
  9215 | D:9      | 9215 ||| FLEEEEING.
  9216 | D:9      | 9216 ||| FLEEEEING.
  9243 | D:9      | 9243 ||| Stepping ~*~*~tactically~*~*~ (outnumbered).
  9253 | D:9      | 9253 ||| Stepping ~*~*~tactically~*~*~ (outnumbered).
  9257 | D:9      | 9257 ||| Stepping ~*~*~tactically~*~*~ (outnumbered).
  9264 | D:9      | 9264 ||| Stepping ~*~*~tactically~*~*~ (outnumbered).
  9273 | D:9      | 9273 ||| FLEEEEING.
  9274 | D:9      | 9274 ||| FLEEEEING.
  9321 | D:9      | 9321 ||| Stepping ~*~*~tactically~*~*~ (outnumbered).
  9326 | D:9      | 9326 ||| Stepping ~*~*~tactically~*~*~ (outnumbered).
  9333 | D:9      | 9333 ||| FLEEEEING.
  9357 | D:9      | 9357 ||| Stepping ~*~*~tactically~*~*~ (outnumbered).
  9359 | D:9      | 9359 ||| FLEEEEING.
  9370 | D:9      | 9370 ||| Stepping ~*~*~tactically~*~*~ (outnumbered).
  9375 | D:9      | 9375 ||| Stepping ~*~*~tactically~*~*~ (outnumbered).
  9383 | D:9      | 9383 ||| FLEEEEING.
  9397 | D:9      | 9397 ||| Stepping ~*~*~tactically~*~*~ (outnumbered).
  9398 | D:9      | 9398 ||| Stepping ~*~*~tactically~*~*~ (outnumbered).
  9407 | D:9      | 9407 ||| FLEEEEING.
  9408 | D:9      | 9408 ||| FLEEEEING.
  9439 | D:9      | 9439 ||| FLEEEEING.
  9440 | D:9      | 9440 ||| FLEEEEING.
  9455 | D:9      | 9455 ||| FLEEEEING.
  9468 | D:9      | 9468 ||| Stepping ~*~*~tactically~*~*~ (outnumbered).
  9473 | D:9      | 9473 ||| FLEEEEING.
  9484 | D:9      | 9484 ||| Stepping ~*~*~tactically~*~*~ (outnumbered).
  9486 | D:9      | 9486 ||| Stepping ~*~*~tactically~*~*~ (outnumbered).
  9491 | D:9      | 9491 ||| Stepping ~*~*~tactically~*~*~ (outnumbered).
  9500 | D:9      | 9500 ||| Stepping ~*~*~tactically~*~*~ (outnumbered).
  9503 | D:9      | 9503 ||| FLEEEEING.
  9515 | D:9      | 9515 ||| Stepping ~*~*~tactically~*~*~ (outnumbered).
  9518 | D:9      | 9518 ||| Stepping ~*~*~tactically~*~*~ (outnumbered).
  9520 | D:9      | 9520 ||| Stepping ~*~*~tactically~*~*~ (outnumbered).
  9526 | D:9      | 9526 ||| Stepping ~*~*~tactically~*~*~ (outnumbered).
  9530 | D:9      | 9530 ||| FLEEEEING.
  9542 | D:9      | 9542 ||| Stepping ~*~*~tactically~*~*~ (outnumbered).
  9545 | D:9      | 9545 ||| Stepping ~*~*~tactically~*~*~ (outnumbered).
  9547 | D:9      | 9547 ||| FLEEEEING.
  9561 | D:9      | 9561 ||| Stepping ~*~*~tactically~*~*~ (outnumbered).
  9571 | D:9      | 9571 ||| Stepping ~*~*~tactically~*~*~ (outnumbered).
  9581 | D:9      | 9581 ||| Stepping ~*~*~tactically~*~*~ (outnumbered).
  9583 | D:9      | 9583 ||| FLEEEEING.
  9598 | D:9      | 9598 ||| FLEEEEING.
  9617 | D:9      | 9617 ||| Stepping ~*~*~tactically~*~*~ (outnumbered).
  9619 | D:9      | 9619 ||| Stepping ~*~*~tactically~*~*~ (outnumbered).
  9626 | D:9      | 9626 ||| FLEEEEING.
  9627 | D:9      | 9627 ||| FLEEEEING.
  9658 | D:9      | 9658 ||| FLEEEEING.
  9672 | D:9      | 9672 ||| FLEEEEING.
  9673 | D:9      | 9673 ||| FLEEEEING.
  9691 | D:9      | 9691 ||| Stepping ~*~*~tactically~*~*~ (outnumbered).
  9693 | D:9      | 9693 ||| Stepping ~*~*~tactically~*~*~ (outnumbered).
  9700 | D:9      | 9700 ||| FLEEEEING.
  9701 | D:9      | 9701 ||| FLEEEEING.
  9728 | D:9      | 9728 ||| Stepping ~*~*~tactically~*~*~ (outnumbered).
  9730 | D:9      | 9730 ||| Stepping ~*~*~tactically~*~*~ (outnumbered).
  9739 | D:9      | 9739 ||| FLEEEEING.
  9755 | D:9      | 9755 ||| FLEEEEING.
  9756 | D:9      | 9756 ||| FLEEEEING.
  9785 | D:9      | 9785 ||| FLEEEEING.
  9796 | D:9      | 9796 ||| Stepping ~*~*~tactically~*~*~ (outnumbered).
  9807 | D:9      | 9807 ||| Stepping ~*~*~tactically~*~*~ (outnumbered).
  9818 | D:9      | 9818 ||| Stepping ~*~*~tactically~*~*~ (outnumbered).
  9826 | D:9      | 9826 ||| Stepping ~*~*~tactically~*~*~ (outnumbered).
  9828 | D:9      | 9828 ||| Stepping ~*~*~tactically~*~*~ (outnumbered).
  9832 | D:9      | 9832 ||| Stepping ~*~*~tactically~*~*~ (outnumbered).
  9834 | D:9      | 9834 ||| Stepping ~*~*~tactically~*~*~ (outnumbered).
  9845 | D:9      | 9845 ||| Stepping ~*~*~tactically~*~*~ (outnumbered).
  9856 | D:9      | 9856 ||| Stepping ~*~*~tactically~*~*~ (outnumbered).
  9858 | D:9      | 9858 ||| Stepping ~*~*~tactically~*~*~ (outnumbered).
  9861 | D:9      | 9861 ||| Stepping ~*~*~tactically~*~*~ (outnumbered).
  9870 | D:9      | 9870 ||| Stepping ~*~*~tactically~*~*~ (outnumbered).
  9872 | D:9      | 9872 ||| FLEEEEING.
  9886 | D:9      | 9886 ||| Stepping ~*~*~tactically~*~*~ (outnumbered).
  9888 | D:9      | 9888 ||| Stepping ~*~*~tactically~*~*~ (outnumbered).
  9895 | D:9      | 9895 ||| FLEEEEING.
  9911 | D:9      | 9911 ||| Stepping ~*~*~tactically~*~*~ (outnumbered).
  9913 | D:9      | 9913 ||| FLEEEEING.
  9941 | D:9      | 9941 ||| Stepping ~*~*~tactically~*~*~ (outnumbered).
  9948 | D:9      | 9948 ||| Stepping ~*~*~tactically~*~*~ (stealth).
  9955 | D:9      | 9955 ||| FLEEEEING.
  9956 | D:9      | 9956 ||| FLEEEEING.
  9986 | D:9      | 9986 ||| INVOKING Fiery Armour.
  9987 | D:9      | 9987 ||| FLEEEEING.
  9988 | D:9      | 9988 ||| FLEEEEING.
 10009 | D:9      | 10009 ||| FLEEEEING.
 10023 | D:9      | 10023 ||| Stepping ~*~*~tactically~*~*~ (outnumbered).
 10024 | D:9      | 10024 ||| Stepping ~*~*~tactically~*~*~ (outnumbered).
 10026 | D:9      | 10026 ||| Stepping ~*~*~tactically~*~*~ (outnumbered).
 10028 | D:9      | 10028 ||| Stepping ~*~*~tactically~*~*~ (outnumbered).
 10030 | D:9      | 10030 ||| Stepping ~*~*~tactically~*~*~ (outnumbered).
 10035 | D:9      | 10035 ||| Stepping ~*~*~tactically~*~*~ (outnumbered).
 10044 | D:9      | 10044 ||| Stepping ~*~*~tactically~*~*~ (outnumbered).
 10046 | D:9      | 10046 ||| FLEEEEING.
 10058 | D:9      | 10058 ||| Stepping ~*~*~tactically~*~*~ (outnumbered).
 10060 | D:9      | 10060 ||| Stepping ~*~*~tactically~*~*~ (outnumbered).
 10067 | D:9      | 10067 ||| Stepping ~*~*~tactically~*~*~ (outnumbered).
 10069 | D:9      | 10069 ||| Stepping ~*~*~tactically~*~*~ (outnumbered).
 10071 | D:9      | 10071 ||| Stepping ~*~*~tactically~*~*~ (outnumbered).
 10078 | D:9      | 10078 ||| Stepping ~*~*~tactically~*~*~ (outnumbered).
 10086 | D:9      | 10086 ||| Stepping ~*~*~tactically~*~*~ (outnumbered).
 10088 | D:9      | 10088 ||| Stepping ~*~*~tactically~*~*~ (outnumbered).
 10094 | D:9      | 10094 ||| Stepping ~*~*~tactically~*~*~ (outnumbered).
 10099 | D:9      | 10099 ||| Stepping ~*~*~tactically~*~*~ (outnumbered).
 10105 | D:9      | 10105 ||| Stepping ~*~*~tactically~*~*~ (outnumbered).
 10107 | D:9      | 10107 ||| Stepping ~*~*~tactically~*~*~ (outnumbered).
 10109 | D:9      | 10109 ||| Stepping ~*~*~tactically~*~*~ (outnumbered).
 10113 | D:9      | 10113 ||| FLEEEEING.
 10130 | D:9      | 10130 ||| Stepping ~*~*~tactically~*~*~ (outnumbered).
 10136 | D:9      | 10136 ||| Stepping ~*~*~tactically~*~*~ (outnumbered).
 10140 | D:9      | 10140 ||| INVOKING Fiery Armour.
 10141 | D:9      | 10141 ||| FLEEEEING.
 10142 | D:9      | 10142 ||| FLEEEEING.
 10162 | D:9      | 10162 ||| Stepping ~*~*~tactically~*~*~ (outnumbered).
 10166 | D:9      | 10166 ||| FLEEEEING.
 10167 | D:9      | 10167 ||| FLEEEEING.
 10215 | D:9      | 10215 ||| Stepping ~*~*~tactically~*~*~ (outnumbered).
 10217 | D:9      | 10217 ||| FLEEEEING.
 10233 | D:9      | 10233 ||| Stepping ~*~*~tactically~*~*~ (outnumbered).
 10235 | D:9      | 10235 ||| Stepping ~*~*~tactically~*~*~ (outnumbered).
 10247 | D:9      | 10247 ||| INVOKING Fiery Armour.
 10248 | D:9      | 10248 ||| FLEEEEING.
 10249 | D:9      | 10249 ||| FLEEEEING.
 10292 | D:9      | 10292 ||| Stepping ~*~*~tactically~*~*~ (outnumbered).
 10294 | D:9      | 10294 ||| Stepping ~*~*~tactically~*~*~ (outnumbered).
 10298 | D:9      | 10298 ||| Stepping ~*~*~tactically~*~*~ (outnumbered).
 10307 | D:9      | 10307 ||| Stepping ~*~*~tactically~*~*~ (outnumbered).
 10314 | D:9      | 10314 ||| Stepping ~*~*~tactically~*~*~ (outnumbered).
 10316 | D:9      | 10316 ||| Stepping ~*~*~tactically~*~*~ (outnumbered).
 10318 | D:9      | 10318 ||| Stepping ~*~*~tactically~*~*~ (outnumbered).
 10320 | D:9      | 10320 ||| Stepping ~*~*~tactically~*~*~ (outnumbered).
 10322 | D:9      | 10322 ||| Stepping ~*~*~tactically~*~*~ (outnumbered).
 10328 | D:9      | 10328 ||| Stepping ~*~*~tactically~*~*~ (outnumbered).
 10330 | D:9      | 10330 ||| Stepping ~*~*~tactically~*~*~ (outnumbered).
 10340 | D:9      | 10340 ||| Stepping ~*~*~tactically~*~*~ (outnumbered).
 10346 | D:9      | 10346 ||| Stepping ~*~*~tactically~*~*~ (stealth).
 10348 | D:9      | 10348 ||| Stepping ~*~*~tactically~*~*~ (outnumbered).
 10350 | D:9      | 10350 ||| Stepping ~*~*~tactically~*~*~ (outnumbered).
 10354 | D:9      | 10354 ||| Stepping ~*~*~tactically~*~*~ (outnumbered).
 10357 | D:9      | 10357 ||| Stepping ~*~*~tactically~*~*~ (outnumbered).
 10368 | D:9      | 10368 ||| FLEEEEING.
 10369 | D:9      | 10369 ||| FLEEEEING.
 10405 | D:9      | 10405 ||| FLEEEEING.
 10406 | D:9      | 10406 ||| FLEEEEING.
 10428 | D:9      | 10428 ||| Stepping ~*~*~tactically~*~*~ (outnumbered).
 10429 | D:9      | 10429 ||| Stepping ~*~*~tactically~*~*~ (outnumbered).
 10431 | D:9      | 10431 ||| Stepping ~*~*~tactically~*~*~ (outnumbered).
 10440 | D:9      | 10440 ||| Stepping ~*~*~tactically~*~*~ (outnumbered).
 10442 | D:9      | 10442 ||| Stepping ~*~*~tactically~*~*~ (outnumbered).
 10452 | D:9      | 10452 ||| Stepping ~*~*~tactically~*~*~ (outnumbered).
 10457 | D:9      | 10457 ||| Stepping ~*~*~tactically~*~*~ (outnumbered).
 10465 | D:9      | 10465 ||| Stepping ~*~*~tactically~*~*~ (outnumbered).
 10473 | D:9      | 10473 ||| Stepping ~*~*~tactically~*~*~ (outnumbered).
 10478 | D:9      | 10478 ||| FLEEEEING.
 10497 | D:9      | 10497 ||| Stepping ~*~*~tactically~*~*~ (outnumbered).
 10499 | D:9      | 10499 ||| Stepping ~*~*~tactically~*~*~ (outnumbered).
 10501 | D:9      | 10501 ||| Stepping ~*~*~tactically~*~*~ (outnumbered).
 10510 | D:9      | 10510 ||| FLEEEEING.
 10526 | D:9      | 10526 ||| FLEEEEING.
 10527 | D:9      | 10527 ||| FLEEEEING.
 10545 | D:9      | 10545 ||| Stepping ~*~*~tactically~*~*~ (outnumbered).
 10549 | D:9      | 10549 ||| Stepping ~*~*~tactically~*~*~ (outnumbered).
 10552 | D:9      | 10552 ||| Stepping ~*~*~tactically~*~*~ (outnumbered).
 10556 | D:9      | 10556 ||| Stepping ~*~*~tactically~*~*~ (outnumbered).
 10566 | D:9      | 10566 ||| FLEEEEING.
 10597 | D:9      | 10597 ||| Stepping ~*~*~tactically~*~*~ (outnumbered).
 10600 | D:9      | 10600 ||| FLEEEEING.
 10601 | D:9      | 10601 ||| FLEEEEING.
 10617 | D:9      | 10617 ||| Stepping ~*~*~tactically~*~*~ (outnumbered).
 10619 | D:9      | 10619 ||| Stepping ~*~*~tactically~*~*~ (outnumbered).
 10621 | D:9      | 10621 ||| Stepping ~*~*~tactically~*~*~ (outnumbered).
 10633 | D:9      | 10633 ||| FLEEEEING.
 10634 | D:9      | 10634 ||| FLEEEEING.
 10669 | D:9      | 10669 ||| FLEEEEING.
 10682 | D:9      | 10682 ||| FLEEEEING.
 10693 | D:9      | 10693 ||| Stepping ~*~*~tactically~*~*~ (outnumbered).
 10703 | D:9      | 10703 ||| FLEEEEING.
 10715 | D:9      | 10715 ||| Stepping ~*~*~tactically~*~*~ (outnumbered).
 10717 | D:9      | 10717 ||| Stepping ~*~*~tactically~*~*~ (outnumbered).
 10727 | D:9      | 10727 ||| Stepping ~*~*~tactically~*~*~ (outnumbered).
 10729 | D:9      | 10729 ||| FLEEEEING.
 10747 | D:9      | 10747 ||| Stepping ~*~*~tactically~*~*~ (outnumbered).
 10749 | D:9      | 10749 ||| Stepping ~*~*~tactically~*~*~ (outnumbered).
 10753 | D:9      | 10753 ||| Stepping ~*~*~tactically~*~*~ (outnumbered).
 10755 | D:9      | 10755 ||| Stepping ~*~*~tactically~*~*~ (outnumbered).
 10759 | D:9      | 10759 ||| Stepping ~*~*~tactically~*~*~ (outnumbered).
 10768 | D:9      | 10768 ||| Stepping ~*~*~tactically~*~*~ (outnumbered).
 10777 | D:9      | 10777 ||| Stepping ~*~*~tactically~*~*~ (outnumbered).
 10783 | D:9      | 10783 ||| Stepping ~*~*~tactically~*~*~ (outnumbered).
 10785 | D:9      | 10785 ||| Stepping ~*~*~tactically~*~*~ (outnumbered).
 10787 | D:9      | 10787 ||| FLEEEEING.
 10801 | D:9      | 10801 ||| FLEEEEING.
 10820 | D:9      | 10820 ||| Stepping ~*~*~tactically~*~*~ (outnumbered).
 10823 | D:9      | 10823 ||| FLEEEEING.
 10834 | D:9      | 10834 ||| Stepping ~*~*~tactically~*~*~ (outnumbered).
 10839 | D:9      | 10839 ||| Stepping ~*~*~tactically~*~*~ (outnumbered).
 10845 | D:9      | 10845 ||| Stepping ~*~*~tactically~*~*~ (outnumbered).
 10849 | D:9      | 10849 ||| FLEEEEING.
 10864 | D:9      | 10864 ||| FLEEEEING.
 10890 | D:9      | 10890 ||| Stepping ~*~*~tactically~*~*~ (outnumbered).
 10892 | D:9      | 10892 ||| FLEEEEING.
 10910 | D:9      | 10910 ||| FLEEEEING.
 10911 | D:9      | 10911 ||| FLEEEEING.
 10939 | D:9      | 10939 ||| Stepping ~*~*~tactically~*~*~ (outnumbered).
 10944 | D:9      | 10944 ||| Stepping ~*~*~tactically~*~*~ (outnumbered).
 10946 | D:9      | 10946 ||| Stepping ~*~*~tactically~*~*~ (outnumbered).
 10954 | D:9      | 10954 ||| FLEEEEING.
 10955 | D:9      | 10955 ||| FLEEEEING.
 10981 | D:9      | 10981 ||| FLEEEEING.
 10996 | D:9      | 10996 ||| Stepping ~*~*~tactically~*~*~ (outnumbered).
 11002 | D:9      | 11002 ||| Stepping ~*~*~tactically~*~*~ (outnumbered).
 11004 | D:9      | 11004 ||| Stepping ~*~*~tactically~*~*~ (outnumbered).
 11006 | D:9      | 11006 ||| Stepping ~*~*~tactically~*~*~ (outnumbered).
 11010 | D:9      | 11010 ||| Stepping ~*~*~tactically~*~*~ (outnumbered).
 11012 | D:9      | 11012 ||| Stepping ~*~*~tactically~*~*~ (outnumbered).
 11017 | D:9      | 11017 ||| FLEEEEING.
 11018 | D:9      | 11018 ||| FLEEEEING.
 11049 | D:9      | 11049 ||| Stepping ~*~*~tactically~*~*~ (outnumbered).
 11056 | D:9      | 11056 ||| FLEEEEING.
 11074 | D:9      | 11074 ||| Stepping ~*~*~tactically~*~*~ (outnumbered).
 11077 | D:9      | 11077 ||| Stepping ~*~*~tactically~*~*~ (outnumbered).
 11079 | D:9      | 11079 ||| Stepping ~*~*~tactically~*~*~ (outnumbered).
 11082 | D:9      | 11082 ||| FLEEEEING.
 11083 | D:9      | 11083 ||| FLEEEEING.
 11114 | D:9      | 11114 ||| Stepping ~*~*~tactically~*~*~ (outnumbered).
 11117 | D:9      | 11117 ||| Stepping ~*~*~tactically~*~*~ (outnumbered).
 11128 | D:9      | 11128 ||| FLEEEEING.
 11129 | D:9      | 11129 ||| FLEEEEING.
 11158 | D:9      | 11158 ||| Stepping ~*~*~tactically~*~*~ (outnumbered).
 11160 | D:9      | 11160 ||| Stepping ~*~*~tactically~*~*~ (outnumbered).
 11162 | D:9      | 11162 ||| Stepping ~*~*~tactically~*~*~ (outnumbered).
 11167 | D:9      | 11167 ||| FLEEEEING.
 11191 | D:9      | 11191 ||| FLEEEEING.
 11205 | D:9      | 11205 ||| Stepping ~*~*~tactically~*~*~ (outnumbered).
 11213 | D:9      | 11213 ||| Stepping ~*~*~tactically~*~*~ (outnumbered).
 11215 | D:9      | 11215 ||| Stepping ~*~*~tactically~*~*~ (outnumbered).
 11223 | D:9      | 11223 ||| Stepping ~*~*~tactically~*~*~ (outnumbered).
 11227 | D:9      | 11227 ||| Stepping ~*~*~tactically~*~*~ (stealth).
 11236 | D:9      | 11236 ||| FLEEEEING.
 11259 | D:9      | 11259 ||| FLEEEEING.
 11271 | D:9      | 11271 ||| FLEEEEING.
 11301 | D:9      | 11301 ||| FLEEEEING.
 11313 | D:9      | 11313 ||| FLEEEEING.
 11342 | D:9      | 11342 ||| Stepping ~*~*~tactically~*~*~ (outnumbered).
 11344 | D:9      | 11344 ||| FLEEEEING.
 11373 | D:9      | 11373 ||| Stepping ~*~*~tactically~*~*~ (outnumbered).
 11383 | D:9      | 11383 ||| FLEEEEING.
 11414 | D:9      | 11414 ||| Stepping ~*~*~tactically~*~*~ (outnumbered).
 11426 | D:9      | 11426 ||| Stepping ~*~*~tactically~*~*~ (outnumbered).
 11434 | D:9      | 11434 ||| Stepping ~*~*~tactically~*~*~ (outnumbered).
 11445 | D:9      | 11445 ||| FLEEEEING.
 11477 | D:9      | 11477 ||| FLEEEEING.
 11478 | D:9      | 11478 ||| FLEEEEING.
 11514 | D:9      | 11514 ||| Stepping ~*~*~tactically~*~*~ (outnumbered).
 11516 | D:9      | 11516 ||| Stepping ~*~*~tactically~*~*~ (stealth).
 11524 | D:9      | 11524 ||| FLEEEEING.
 11538 | D:9      | 11538 ||| FLEEEEING.
 11557 | D:9      | 11557 ||| Stepping ~*~*~tactically~*~*~ (outnumbered).
 11562 | D:9      | 11562 ||| Stepping ~*~*~tactically~*~*~ (outnumbered).
 11564 | D:9      | 11564 ||| Stepping ~*~*~tactically~*~*~ (outnumbered).
 11567 | D:9      | 11567 ||| FLEEEEING.
 11591 | D:9      | 11591 ||| Stepping ~*~*~tactically~*~*~ (stealth).
 11597 | D:9      | 11597 ||| FLEEEEING.
 11620 | D:9      | 11620 ||| Stepping ~*~*~tactically~*~*~ (outnumbered).
 11625 | D:9      | 11625 ||| Stepping ~*~*~tactically~*~*~ (outnumbered).
 11629 | D:9      | 11629 ||| Stepping ~*~*~tactically~*~*~ (outnumbered).
 11631 | D:9      | 11631 ||| Stepping ~*~*~tactically~*~*~ (outnumbered).
 11642 | D:9      | 11642 ||| Stepping ~*~*~tactically~*~*~ (outnumbered).
 11643 | D:9      | 11643 ||| Stepping ~*~*~tactically~*~*~ (outnumbered).
 11645 | D:9      | 11645 ||| Stepping ~*~*~tactically~*~*~ (outnumbered).
 11647 | D:9      | 11647 ||| Stepping ~*~*~tactically~*~*~ (outnumbered).
 11658 | D:9      | 11658 ||| Stepping ~*~*~tactically~*~*~ (outnumbered).
 11665 | D:9      | 11665 ||| Stepping ~*~*~tactically~*~*~ (stealth).
 11667 | D:9      | 11667 ||| FLEEEEING.
 11697 | D:9      | 11697 ||| Stepping ~*~*~tactically~*~*~ (outnumbered).
 11706 | D:9      | 11706 ||| Stepping ~*~*~tactically~*~*~ (outnumbered).
 11707 | D:9      | 11707 ||| FLEEEEING.
 11739 | D:9      | 11739 ||| Stepping ~*~*~tactically~*~*~ (outnumbered).
 11748 | D:9      | 11748 ||| Stepping ~*~*~tactically~*~*~ (outnumbered).
 11750 | D:9      | 11750 ||| FLEEEEING.
 11763 | D:9      | 11763 ||| Stepping ~*~*~tactically~*~*~ (outnumbered).
 11772 | D:9      | 11772 ||| FLEEEEING.
 11798 | D:9      | 11798 ||| FLEEEEING.
 11823 | D:9      | 11823 ||| FLEEEEING.
 11824 | D:9      | 11824 ||| FLEEEEING.
 11843 | D:9      | 11843 ||| Stepping ~*~*~tactically~*~*~ (outnumbered).
 11853 | D:9      | 11853 ||| FLEEEEING.
 11854 | D:9      | 11854 ||| FLEEEEING.
 11874 | D:9      | 11874 ||| Stepping ~*~*~tactically~*~*~ (outnumbered).
 11875 | D:9      | 11875 ||| FLEEEEING.
 11897 | D:9      | 11897 ||| FLEEEEING.
 11898 | D:9      | 11898 ||| FLEEEEING.
 11941 | D:9      | 11941 ||| Stepping ~*~*~tactically~*~*~ (outnumbered).
 11949 | D:9      | 11949 ||| Stepping ~*~*~tactically~*~*~ (outnumbered).
 11953 | D:9      | 11953 ||| Stepping ~*~*~tactically~*~*~ (outnumbered).
 11956 | D:9      | 11956 ||| Stepping ~*~*~tactically~*~*~ (outnumbered).
 11961 | D:9      | 11961 ||| Stepping ~*~*~tactically~*~*~ (outnumbered).
 11963 | D:9      | 11963 ||| FLEEEEING.
 11976 | D:9      | 11976 ||| Stepping ~*~*~tactically~*~*~ (outnumbered).
 11978 | D:9      | 11978 ||| Stepping ~*~*~tactically~*~*~ (outnumbered).
 11987 | D:9      | 11987 ||| Stepping ~*~*~tactically~*~*~ (outnumbered).
 11989 | D:9      | 11989 ||| FLEEEEING.
 12012 | D:9      | 12012 ||| Stepping ~*~*~tactically~*~*~ (outnumbered).
 12022 | D:9      | 12022 ||| Stepping ~*~*~tactically~*~*~ (outnumbered).
 12028 | D:9      | 12028 ||| Stepping ~*~*~tactically~*~*~ (outnumbered).
 12031 | D:9      | 12031 ||| FLEEEEING.
 12049 | D:9      | 12049 ||| FLEEEEING.
 12063 | D:9      | 12063 ||| Stepping ~*~*~tactically~*~*~ (outnumbered).
 12073 | D:9      | 12073 ||| FLEEEEING.
 12098 | D:9      | 12098 ||| FLEEEEING.
 12128 | D:9      | 12128 ||| FLEEEEING.
 12142 | D:9      | 12142 ||| Stepping ~*~*~tactically~*~*~ (outnumbered).
 12143 | D:9      | 12143 ||| Stepping ~*~*~tactically~*~*~ (outnumbered).
 12145 | D:9      | 12145 ||| Stepping ~*~*~tactically~*~*~ (outnumbered).
 12147 | D:9      | 12147 ||| Stepping ~*~*~tactically~*~*~ (outnumbered).
 12155 | D:9      | 12155 ||| Stepping ~*~*~tactically~*~*~ (outnumbered).
 12157 | D:9      | 12157 ||| Stepping ~*~*~tactically~*~*~ (outnumbered).
 12162 | D:9      | 12162 ||| FLEEEEING.
 12163 | D:9      | 12163 ||| FLEEEEING.
 12196 | D:9      | 12196 ||| FLEEEEING.
 12197 | D:9      | 12197 ||| FLEEEEING.
 12227 | D:9      | 12227 ||| Stepping ~*~*~tactically~*~*~ (outnumbered).
 12236 | D:9      | 12236 ||| Stepping ~*~*~tactically~*~*~ (outnumbered).
 12246 | D:9      | 12246 ||| Stepping ~*~*~tactically~*~*~ (outnumbered).
 12250 | D:9      | 12250 ||| Stepping ~*~*~tactically~*~*~ (outnumbered).
 12257 | D:9      | 12257 ||| FLEEEEING.
 12258 | D:9      | 12258 ||| FLEEEEING.
 12297 | D:9      | 12297 ||| FLEEEEING.
 12328 | D:9      | 12328 ||| Stepping ~*~*~tactically~*~*~ (outnumbered).
 12329 | D:9      | 12329 ||| FLEEEEING.
 12340 | D:9      | 12340 ||| Stepping ~*~*~tactically~*~*~ (outnumbered).
 12342 | D:9      | 12342 ||| FLEEEEING.
 12358 | D:9      | 12358 ||| FLEEEEING.
 12359 | D:9      | 12359 ||| FLEEEEING.
 12403 | D:9      | 12403 ||| Stepping ~*~*~tactically~*~*~ (outnumbered).
 12407 | D:9      | 12407 ||| FLEEEEING.
 12439 | D:9      | 12439 ||| Stepping ~*~*~tactically~*~*~ (outnumbered).
 12441 | D:9      | 12441 ||| Stepping ~*~*~tactically~*~*~ (outnumbered).
 12446 | D:9      | 12446 ||| Stepping ~*~*~tactically~*~*~ (outnumbered).
 12448 | D:9      | 12448 ||| Stepping ~*~*~tactically~*~*~ (outnumbered).
 12454 | D:9      | 12454 ||| Stepping ~*~*~tactically~*~*~ (outnumbered).
 12464 | D:9      | 12464 ||| Stepping ~*~*~tactically~*~*~ (outnumbered).
 12466 | D:9      | 12466 ||| FLEEEEING.
 12499 | D:9      | 12499 ||| FLEEEEING.
 12500 | D:9      | 12500 ||| FLEEEEING.
 12548 | D:9      | 12548 ||| Stepping ~*~*~tactically~*~*~ (outnumbered).
 12558 | D:9      | 12558 ||| Stepping ~*~*~tactically~*~*~ (stealth).
 12566 | D:9      | 12566 ||| FLEEEEING.
 12578 | D:9      | 12578 ||| Stepping ~*~*~tactically~*~*~ (outnumbered).
 12580 | D:9      | 12580 ||| Stepping ~*~*~tactically~*~*~ (outnumbered).
 12590 | D:9      | 12590 ||| Stepping ~*~*~tactically~*~*~ (outnumbered).
 12595 | D:9      | 12595 ||| Stepping ~*~*~tactically~*~*~ (stealth).
 12597 | D:9      | 12597 ||| FLEEEEING.
 12621 | D:9      | 12621 ||| Stepping ~*~*~tactically~*~*~ (outnumbered).
 12631 | D:9      | 12631 ||| Stepping ~*~*~tactically~*~*~ (outnumbered).
 12633 | D:9      | 12633 ||| Stepping ~*~*~tactically~*~*~ (outnumbered).
 12637 | D:9      | 12637 ||| FLEEEEING.
 12659 | D:9      | 12659 ||| FLEEEEING.
 12691 | D:9      | 12691 ||| Stepping ~*~*~tactically~*~*~ (outnumbered).
 12692 | D:9      | 12692 ||| Stepping ~*~*~tactically~*~*~ (outnumbered).
 12694 | D:9      | 12694 ||| Stepping ~*~*~tactically~*~*~ (outnumbered).
 12700 | D:9      | 12700 ||| Stepping ~*~*~tactically~*~*~ (outnumbered).
 12703 | D:9      | 12703 ||| Stepping ~*~*~tactically~*~*~ (outnumbered).
 12704 | D:9      | 12704 ||| FLEEEEING.
 12739 | D:9      | 12739 ||| Stepping ~*~*~tactically~*~*~ (outnumbered).
 12741 | D:9      | 12741 ||| Stepping ~*~*~tactically~*~*~ (outnumbered).
 12748 | D:9      | 12748 ||| Stepping ~*~*~tactically~*~*~ (outnumbered).
 12751 | D:9      | 12751 ||| Stepping ~*~*~tactically~*~*~ (outnumbered).
 12755 | D:9      | 12755 ||| FLEEEEING.
 12766 | D:9      | 12766 ||| Stepping ~*~*~tactically~*~*~ (outnumbered).
 12768 | D:9      | 12768 ||| Stepping ~*~*~tactically~*~*~ (outnumbered).
 12770 | D:9      | 12770 ||| FLEEEEING.
 12790 | D:9      | 12790 ||| FLEEEEING.
 12810 | D:9      | 12810 ||| Stepping ~*~*~tactically~*~*~ (outnumbered).
 12818 | D:9      | 12818 ||| Stepping ~*~*~tactically~*~*~ (outnumbered).
 12820 | D:9      | 12820 ||| Stepping ~*~*~tactically~*~*~ (outnumbered).
 12822 | D:9      | 12822 ||| Stepping ~*~*~tactically~*~*~ (outnumbered).
 12824 | D:9      | 12824 ||| Stepping ~*~*~tactically~*~*~ (outnumbered).
 12826 | D:9      | 12826 ||| Stepping ~*~*~tactically~*~*~ (outnumbered).
 12835 | D:9      | 12835 ||| FLEEEEING.
 12836 | D:9      | 12836 ||| FLEEEEING.
 12865 | D:9      | 12865 ||| Stepping ~*~*~tactically~*~*~ (outnumbered).
 12866 | D:9      | 12866 ||| FLEEEEING.
 12898 | D:9      | 12898 ||| Stepping ~*~*~tactically~*~*~ (outnumbered).
 12904 | D:9      | 12904 ||| FLEEEEING.
 12937 | D:9      | 12937 ||| Stepping ~*~*~tactically~*~*~ (outnumbered).
 12943 | D:9      | 12943 ||| Stepping ~*~*~tactically~*~*~ (outnumbered).
 12945 | D:9      | 12945 ||| Stepping ~*~*~tactically~*~*~ (outnumbered).
 12958 | D:9      | 12958 ||| FLEEEEING.
 12969 | D:9      | 12969 ||| Stepping ~*~*~tactically~*~*~ (outnumbered).
 12975 | D:9      | 12975 ||| FLEEEEING.
 12998 | D:9      | 12998 ||| FLEEEEING.
 13011 | D:9      | 13011 ||| Stepping ~*~*~tactically~*~*~ (outnumbered).
 13018 | D:9      | 13018 ||| FLEEEEING.
 13030 | D:9      | 13030 ||| Stepping ~*~*~tactically~*~*~ (outnumbered).
 13035 | D:9      | 13035 ||| Stepping ~*~*~tactically~*~*~ (outnumbered).
 13044 | D:9      | 13044 ||| Stepping ~*~*~tactically~*~*~ (outnumbered).
 13046 | D:9      | 13046 ||| Stepping ~*~*~tactically~*~*~ (outnumbered).
 13048 | D:9      | 13048 ||| Stepping ~*~*~tactically~*~*~ (outnumbered).
 13050 | D:9      | 13050 ||| Stepping ~*~*~tactically~*~*~ (outnumbered).
 13056 | D:9      | 13056 ||| Stepping ~*~*~tactically~*~*~ (outnumbered).
 13058 | D:9      | 13058 ||| Stepping ~*~*~tactically~*~*~ (outnumbered).
 13068 | D:9      | 13068 ||| FLEEEEING.
 13069 | D:9      | 13069 ||| FLEEEEING.
 13101 | D:9      | 13101 ||| FLEEEEING.
 13115 | D:9      | 13115 ||| Stepping ~*~*~tactically~*~*~ (stealth).
 13119 | D:9      | 13119 ||| FLEEEEING.
 13135 | D:9      | 13135 ||| FLEEEEING.
 13136 | D:9      | 13136 ||| FLEEEEING.
 13189 | D:9      | 13189 ||| Stepping ~*~*~tactically~*~*~ (outnumbered).
 13198 | D:9      | 13198 ||| Stepping ~*~*~tactically~*~*~ (outnumbered).
 13203 | D:9      | 13203 ||| Stepping ~*~*~tactically~*~*~ (outnumbered).
 13206 | D:9      | 13206 ||| Stepping ~*~*~tactically~*~*~ (outnumbered).
 13217 | D:9      | 13217 ||| Stepping ~*~*~tactically~*~*~ (outnumbered).
 13218 | D:9      | 13218 ||| Stepping ~*~*~tactically~*~*~ (outnumbered).
 13228 | D:9      | 13228 ||| Stepping ~*~*~tactically~*~*~ (outnumbered).
 13230 | D:9      | 13230 ||| Stepping ~*~*~tactically~*~*~ (outnumbered).
 13232 | D:9      | 13232 ||| Stepping ~*~*~tactically~*~*~ (outnumbered).
 13242 | D:9      | 13242 ||| Stepping ~*~*~tactically~*~*~ (outnumbered).
 13244 | D:9      | 13244 ||| FLEEEEING.
 13257 | D:9      | 13257 ||| Stepping ~*~*~tactically~*~*~ (outnumbered).
 13265 | D:9      | 13265 ||| Stepping ~*~*~tactically~*~*~ (outnumbered).
 13269 | D:9      | 13269 ||| FLEEEEING.
 13270 | D:9      | 13270 ||| FLEEEEING.
 13303 | D:9      | 13303 ||| Stepping ~*~*~tactically~*~*~ (outnumbered).
 13314 | D:9      | 13314 ||| Stepping ~*~*~tactically~*~*~ (outnumbered).
 13321 | D:9      | 13321 ||| FLEEEEING.
 13338 | D:9      | 13338 ||| Stepping ~*~*~tactically~*~*~ (outnumbered).
 13346 | D:9      | 13346 ||| Stepping ~*~*~tactically~*~*~ (outnumbered).
 13350 | D:9      | 13350 ||| Stepping ~*~*~tactically~*~*~ (outnumbered).
 13357 | D:9      | 13357 ||| Stepping ~*~*~tactically~*~*~ (outnumbered).
 13362 | D:9      | 13362 ||| Stepping ~*~*~tactically~*~*~ (outnumbered).
 13363 | D:9      | 13363 ||| Stepping ~*~*~tactically~*~*~ (outnumbered).
 13373 | D:9      | 13373 ||| Stepping ~*~*~tactically~*~*~ (outnumbered).
 13375 | D:9      | 13375 ||| Stepping ~*~*~tactically~*~*~ (outnumbered).
 13385 | D:9      | 13385 ||| Stepping ~*~*~tactically~*~*~ (outnumbered).
 13388 | D:9      | 13388 ||| Stepping ~*~*~tactically~*~*~ (outnumbered).
 13393 | D:9      | 13393 ||| Stepping ~*~*~tactically~*~*~ (outnumbered).
 13402 | D:9      | 13402 ||| Stepping ~*~*~tactically~*~*~ (outnumbered).
 13407 | D:9      | 13407 ||| Stepping ~*~*~tactically~*~*~ (outnumbered).
 13409 | D:9      | 13409 ||| Stepping ~*~*~tactically~*~*~ (outnumbered).
 13412 | D:9      | 13412 ||| Stepping ~*~*~tactically~*~*~ (outnumbered).
 13414 | D:9      | 13414 ||| FLEEEEING.
 13455 | D:9      | 13455 ||| Stepping ~*~*~tactically~*~*~ (outnumbered).
 13456 | D:9      | 13456 ||| Stepping ~*~*~tactically~*~*~ (outnumbered).
 13459 | D:9      | 13459 ||| FLEEEEING.
 13460 | D:9      | 13460 ||| FLEEEEING.
 13498 | D:9      | 13498 ||| FLEEEEING.
 13509 | D:9      | 13509 ||| Stepping ~*~*~tactically~*~*~ (outnumbered).
 13513 | D:9      | 13513 ||| FLEEEEING.
 13533 | D:9      | 13533 ||| FLEEEEING.
 13547 | D:9      | 13547 ||| Stepping ~*~*~tactically~*~*~ (outnumbered).
 13555 | D:9      | 13555 ||| FLEEEEING.
 13579 | D:9      | 13579 ||| FLEEEEING.
 13609 | D:9      | 13609 ||| Stepping ~*~*~tactically~*~*~ (outnumbered).
 13611 | D:9      | 13611 ||| Stepping ~*~*~tactically~*~*~ (outnumbered).
 13620 | D:9      | 13620 ||| Stepping ~*~*~tactically~*~*~ (outnumbered).
 13629 | D:9      | 13629 ||| Stepping ~*~*~tactically~*~*~ (outnumbered).
 13630 | D:9      | 13630 ||| FLEEEEING.
 13647 | D:9      | 13647 ||| FLEEEEING.
 13648 | D:9      | 13648 ||| FLEEEEING.
 13662 | D:9      | 13662 ||| Stepping ~*~*~tactically~*~*~ (outnumbered).
 13666 | D:9      | 13666 ||| FLEEEEING.
 13677 | D:9      | 13677 ||| Stepping ~*~*~tactically~*~*~ (outnumbered).
 13681 | D:9      | 13681 ||| Stepping ~*~*~tactically~*~*~ (outnumbered).
 13691 | D:9      | 13691 ||| FLEEEEING.
 13705 | D:9      | 13705 ||| FLEEEEING.
 13706 | D:9      | 13706 ||| FLEEEEING.
 13743 | D:9      | 13743 ||| FLEEEEING.
 13769 | D:9      | 13769 ||| Stepping ~*~*~tactically~*~*~ (outnumbered).
 13770 | D:9      | 13770 ||| FLEEEEING.
 13804 | D:9      | 13804 ||| FLEEEEING.
 13821 | D:9      | 13821 ||| Stepping ~*~*~tactically~*~*~ (stealth).
 13831 | D:9      | 13831 ||| Stepping ~*~*~tactically~*~*~ (outnumbered).
 13836 | D:9      | 13836 ||| Stepping ~*~*~tactically~*~*~ (outnumbered).
 13844 | D:9      | 13844 ||| FLEEEEING.
 13877 | D:9      | 13877 ||| FLEEEEING.
 13878 | D:9      | 13878 ||| FLEEEEING.
 13913 | D:9      | 13913 ||| Stepping ~*~*~tactically~*~*~ (outnumbered).
 13914 | D:9      | 13914 ||| FLEEEEING.
 13929 | D:9      | 13929 ||| Stepping ~*~*~tactically~*~*~ (outnumbered).
 13936 | D:9      | 13936 ||| Stepping ~*~*~tactically~*~*~ (outnumbered).
 13938 | D:9      | 13938 ||| Stepping ~*~*~tactically~*~*~ (outnumbered).
 13947 | D:9      | 13947 ||| Stepping ~*~*~tactically~*~*~ (outnumbered).
 13958 | D:9      | 13958 ||| FLEEEEING.
 13959 | D:9      | 13959 ||| FLEEEEING.
 13984 | D:9      | 13984 ||| FLEEEEING.
 14014 | D:9      | 14014 ||| Stepping ~*~*~tactically~*~*~ (outnumbered).
 14020 | D:9      | 14020 ||| Stepping ~*~*~tactically~*~*~ (outnumbered).
 14032 | D:9      | 14032 ||| FLEEEEING.
 14047 | D:9      | 14047 ||| FLEEEEING.
 14063 | D:9      | 14063 ||| FLEEEEING.
 14077 | D:9      | 14077 ||| FLEEEEING.
 14078 | D:9      | 14078 ||| FLEEEEING.
 14094 | D:9      | 14094 ||| Stepping ~*~*~tactically~*~*~ (outnumbered).
 14103 | D:9      | 14103 ||| FLEEEEING.
 14115 | D:9      | 14115 ||| FLEEEEING.
 14128 | D:9      | 14128 ||| Stepping ~*~*~tactically~*~*~ (outnumbered).
 14132 | D:9      | 14132 ||| Stepping ~*~*~tactically~*~*~ (outnumbered).
 14134 | D:9      | 14134 ||| Stepping ~*~*~tactically~*~*~ (outnumbered).
 14136 | D:9      | 14136 ||| Stepping ~*~*~tactically~*~*~ (outnumbered).
 14145 | D:9      | 14145 ||| Stepping ~*~*~tactically~*~*~ (outnumbered).
 14156 | D:9      | 14156 ||| Stepping ~*~*~tactically~*~*~ (outnumbered).
 14165 | D:9      | 14165 ||| Stepping ~*~*~tactically~*~*~ (outnumbered).
 14166 | D:9      | 14166 ||| Stepping ~*~*~tactically~*~*~ (stealth).
 14173 | D:9      | 14173 ||| Stepping ~*~*~tactically~*~*~ (outnumbered).
 14174 | D:9      | 14174 ||| Stepping ~*~*~tactically~*~*~ (stealth).
 14182 | D:9      | 14182 ||| Stepping ~*~*~tactically~*~*~ (stealth).
 14185 | D:9      | 14185 ||| Stepping ~*~*~tactically~*~*~ (outnumbered).
 14186 | D:9      | 14186 ||| Stepping ~*~*~tactically~*~*~ (outnumbered).
 14196 | D:9      | 14196 ||| Stepping ~*~*~tactically~*~*~ (outnumbered).
 14205 | D:9      | 14205 ||| Stepping ~*~*~tactically~*~*~ (outnumbered).
 14210 | D:9      | 14210 ||| Stepping ~*~*~tactically~*~*~ (outnumbered).
 14220 | D:9      | 14220 ||| FLEEEEING.
 14238 | D:9      | 14238 ||| FLEEEEING.
 14239 | D:9      | 14239 ||| FLEEEEING.
 14278 | D:9      | 14278 ||| Stepping ~*~*~tactically~*~*~ (outnumbered).
 14280 | D:9      | 14280 ||| Stepping ~*~*~tactically~*~*~ (outnumbered).
 14287 | D:9      | 14287 ||| Stepping ~*~*~tactically~*~*~ (outnumbered).
 14288 | D:9      | 14288 ||| Stepping ~*~*~tactically~*~*~ (stealth).
 14298 | D:9      | 14298 ||| FLEEEEING.
 14310 | D:9      | 14310 ||| FLEEEEING.
 14311 | D:9      | 14311 ||| FLEEEEING.
 14342 | D:9      | 14342 ||| Stepping ~*~*~tactically~*~*~ (outnumbered).
 14343 | D:9      | 14343 ||| FLEEEEING.
 14356 | D:9      | 14356 ||| Stepping ~*~*~tactically~*~*~ (outnumbered).
 14367 | D:9      | 14367 ||| Stepping ~*~*~tactically~*~*~ (outnumbered).
 14369 | D:9      | 14369 ||| Stepping ~*~*~tactically~*~*~ (outnumbered).
 14374 | D:9      | 14374 ||| FLEEEEING.
 14375 | D:9      | 14375 ||| FLEEEEING.
 14408 | D:9      | 14408 ||| Stepping ~*~*~tactically~*~*~ (outnumbered).
 14409 | D:9      | 14409 ||| FLEEEEING.
 14432 | D:9      | 14432 ||| FLEEEEING.
 14444 | D:9      | 14444 ||| Stepping ~*~*~tactically~*~*~ (outnumbered).
 14448 | D:9      | 14448 ||| FLEEEEING.
 14463 | D:9      | 14463 ||| Stepping ~*~*~tactically~*~*~ (outnumbered).
 14466 | D:9      | 14466 ||| Stepping ~*~*~tactically~*~*~ (outnumbered).
 14468 | D:9      | 14468 ||| Stepping ~*~*~tactically~*~*~ (outnumbered).
 14471 | D:9      | 14471 ||| Stepping ~*~*~tactically~*~*~ (outnumbered).
 14472 | D:9      | 14472 ||| Stepping ~*~*~tactically~*~*~ (outnumbered).
 14478 | D:9      | 14478 ||| Stepping ~*~*~tactically~*~*~ (outnumbered).
 14485 | D:9      | 14485 ||| Stepping ~*~*~tactically~*~*~ (outnumbered).
 14487 | D:9      | 14487 ||| FLEEEEING.
 14499 | D:9      | 14499 ||| FLEEEEING.
 14500 | D:9      | 14500 ||| FLEEEEING.
 14518 | D:9      | 14518 ||| Stepping ~*~*~tactically~*~*~ (stealth).
 14541 | D:9      | 14541 ||| FLEEEEING.
 14563 | D:9      | 14563 ||| Stepping ~*~*~tactically~*~*~ (outnumbered).
 14566 | D:9      | 14566 ||| FLEEEEING.
 14581 | D:9      | 14581 ||| FLEEEEING.
 14612 | D:9      | 14612 ||| Stepping ~*~*~tactically~*~*~ (outnumbered).
 14614 | D:9      | 14614 ||| Stepping ~*~*~tactically~*~*~ (outnumbered).
 14620 | D:9      | 14620 ||| Stepping ~*~*~tactically~*~*~ (outnumbered).
 14625 | D:9      | 14625 ||| FLEEEEING.
 14652 | D:9      | 14652 ||| FLEEEEING.
 14653 | D:9      | 14653 ||| FLEEEEING.
 14681 | D:9      | 14681 ||| Stepping ~*~*~tactically~*~*~ (outnumbered).
 14683 | D:9      | 14683 ||| Stepping ~*~*~tactically~*~*~ (outnumbered).
 14689 | D:9      | 14689 ||| Stepping ~*~*~tactically~*~*~ (outnumbered).
 14695 | D:9      | 14695 ||| Stepping ~*~*~tactically~*~*~ (outnumbered).
 14698 | D:9      | 14698 ||| FLEEEEING.
 14712 | D:9      | 14712 ||| Stepping ~*~*~tactically~*~*~ (outnumbered).
 14714 | D:9      | 14714 ||| FLEEEEING.
 14734 | D:9      | 14734 ||| Stepping ~*~*~tactically~*~*~ (outnumbered).
 14738 | D:9      | 14738 ||| Stepping ~*~*~tactically~*~*~ (outnumbered).
 14746 | D:9      | 14746 ||| Stepping ~*~*~tactically~*~*~ (outnumbered).
 14757 | D:9      | 14757 ||| Stepping ~*~*~tactically~*~*~ (outnumbered).
 14768 | D:9      | 14768 ||| FLEEEEING.
 14769 | D:9      | 14769 ||| FLEEEEING.
 14780 | D:9      | 14780 ||| Stepping ~*~*~tactically~*~*~ (outnumbered).
 14783 | D:9      | 14783 ||| FLEEEEING.
 14795 | D:9      | 14795 ||| Stepping ~*~*~tactically~*~*~ (outnumbered).
 14797 | D:9      | 14797 ||| FLEEEEING.
 14810 | D:9      | 14810 ||| Stepping ~*~*~tactically~*~*~ (outnumbered).
 14818 | D:9      | 14818 ||| Stepping ~*~*~tactically~*~*~ (outnumbered).
 14820 | D:9      | 14820 ||| FLEEEEING.
 14835 | D:9      | 14835 ||| Stepping ~*~*~tactically~*~*~ (outnumbered).
 14837 | D:9      | 14837 ||| Stepping ~*~*~tactically~*~*~ (outnumbered).
 14839 | D:9      | 14839 ||| Stepping ~*~*~tactically~*~*~ (outnumbered).
 14844 | D:9      | 14844 ||| Stepping ~*~*~tactically~*~*~ (outnumbered).
 14848 | D:9      | 14848 ||| Stepping ~*~*~tactically~*~*~ (outnumbered).
 14858 | D:9      | 14858 ||| Stepping ~*~*~tactically~*~*~ (outnumbered).
 14860 | D:9      | 14860 ||| Stepping ~*~*~tactically~*~*~ (outnumbered).
 14870 | D:9      | 14870 ||| FLEEEEING.
 14890 | D:9      | 14890 ||| Stepping ~*~*~tactically~*~*~ (outnumbered).
 14893 | D:9      | 14893 ||| Stepping ~*~*~tactically~*~*~ (outnumbered).
 14895 | D:9      | 14895 ||| Stepping ~*~*~tactically~*~*~ (outnumbered).
 14897 | D:9      | 14897 ||| Stepping ~*~*~tactically~*~*~ (outnumbered).
 14903 | D:9      | 14903 ||| Stepping ~*~*~tactically~*~*~ (outnumbered).
 14906 | D:9      | 14906 ||| Stepping ~*~*~tactically~*~*~ (outnumbered).
 14910 | D:9      | 14910 ||| FLEEEEING.
 14930 | D:9      | 14930 ||| FLEEEEING.
 14931 | D:9      | 14931 ||| FLEEEEING.
 14947 | D:9      | 14947 ||| Stepping ~*~*~tactically~*~*~ (outnumbered).
 14954 | D:9      | 14954 ||| Stepping ~*~*~tactically~*~*~ (outnumbered).
 14956 | D:9      | 14956 ||| Stepping ~*~*~tactically~*~*~ (outnumbered).
 14958 | D:9      | 14958 ||| Stepping ~*~*~tactically~*~*~ (outnumbered).
 14968 | D:9      | 14968 ||| Stepping ~*~*~tactically~*~*~ (outnumbered).
 14973 | D:9      | 14973 ||| Stepping ~*~*~tactically~*~*~ (outnumbered).
 14975 | D:9      | 14975 ||| Stepping ~*~*~tactically~*~*~ (outnumbered).
 14982 | D:9      | 14982 ||| FLEEEEING.
 15003 | D:9      | 15003 ||| FLEEEEING.
 15015 | D:9      | 15015 ||| Stepping ~*~*~tactically~*~*~ (outnumbered).
 15019 | D:9      | 15019 ||| FLEEEEING.
 15020 | D:9      | 15020 ||| FLEEEEING.
 15057 | D:9      | 15057 ||| Stepping ~*~*~tactically~*~*~ (outnumbered).
 15061 | D:9      | 15061 ||| Stepping ~*~*~tactically~*~*~ (outnumbered).
 15063 | D:9      | 15063 ||| Stepping ~*~*~tactically~*~*~ (outnumbered).
 15065 | D:9      | 15065 ||| Stepping ~*~*~tactically~*~*~ (outnumbered).
 15075 | D:9      | 15075 ||| FLEEEEING.
 15076 | D:9      | 15076 ||| FLEEEEING.
 15124 | D:9      | 15124 ||| Stepping ~*~*~tactically~*~*~ (outnumbered).
 15127 | D:9      | 15127 ||| FLEEEEING.
 15145 | D:9      | 15145 ||| FLEEEEING.
 15146 | D:9      | 15146 ||| FLEEEEING.
 15181 | D:9      | 15181 ||| FLEEEEING.
 15215 | D:9      | 15215 ||| Stepping ~*~*~tactically~*~*~ (outnumbered).
 15216 | D:9      | 15216 ||| Stepping ~*~*~tactically~*~*~ (outnumbered).
 15224 | D:9      | 15224 ||| FLEEEEING.
 15225 | D:9      | 15225 ||| FLEEEEING.
 15259 | D:9      | 15259 ||| FLEEEEING.
 15272 | D:9      | 15272 ||| FLEEEEING.
 15273 | D:9      | 15273 ||| FLEEEEING.
 15307 | D:9      | 15307 ||| Stepping ~*~*~tactically~*~*~ (outnumbered).
 15310 | D:9      | 15310 ||| Stepping ~*~*~tactically~*~*~ (outnumbered).
 15313 | D:9      | 15313 ||| Stepping ~*~*~tactically~*~*~ (outnumbered).
 15315 | D:9      | 15315 ||| Stepping ~*~*~tactically~*~*~ (outnumbered).
 15317 | D:9      | 15317 ||| Stepping ~*~*~tactically~*~*~ (outnumbered).
 15319 | D:9      | 15319 ||| Stepping ~*~*~tactically~*~*~ (outnumbered).
 15322 | D:9      | 15322 ||| Stepping ~*~*~tactically~*~*~ (outnumbered).
 15326 | D:9      | 15326 ||| Stepping ~*~*~tactically~*~*~ (outnumbered).
 15328 | D:9      | 15328 ||| FLEEEEING.
 15329 | D:9      | 15329 ||| FLEEEEING.
 15361 | D:9      | 15361 ||| Stepping ~*~*~tactically~*~*~ (outnumbered).
 15366 | D:9      | 15366 ||| Stepping ~*~*~tactically~*~*~ (outnumbered).
 15371 | D:9      | 15371 ||| Stepping ~*~*~tactically~*~*~ (outnumbered).
 15378 | D:9      | 15378 ||| Stepping ~*~*~tactically~*~*~ (outnumbered).
 15380 | D:9      | 15380 ||| Stepping ~*~*~tactically~*~*~ (outnumbered).
 15384 | D:9      | 15384 ||| Stepping ~*~*~tactically~*~*~ (outnumbered).
 15389 | D:9      | 15389 ||| FLEEEEING.
 15408 | D:9      | 15408 ||| Stepping ~*~*~tactically~*~*~ (outnumbered).
 15413 | D:9      | 15413 ||| FLEEEEING.
 15429 | D:9      | 15429 ||| FLEEEEING.
 15430 | D:9      | 15430 ||| FLEEEEING.
 15465 | D:9      | 15465 ||| Stepping ~*~*~tactically~*~*~ (outnumbered).
 15473 | D:9      | 15473 ||| Stepping ~*~*~tactically~*~*~ (outnumbered).
 15481 | D:9      | 15481 ||| Stepping ~*~*~tactically~*~*~ (outnumbered).
 15483 | D:9      | 15483 ||| FLEEEEING.
 15501 | D:9      | 15501 ||| Stepping ~*~*~tactically~*~*~ (outnumbered).
 15503 | D:9      | 15503 ||| FLEEEEING.
 15519 | D:9      | 15519 ||| Stepping ~*~*~tactically~*~*~ (outnumbered).
 15527 | D:9      | 15527 ||| Stepping ~*~*~tactically~*~*~ (outnumbered).
 15530 | D:9      | 15530 ||| FLEEEEING.
 15542 | D:9      | 15542 ||| FLEEEEING.
 15558 | D:9      | 15558 ||| FLEEEEING.
 15569 | D:9      | 15569 ||| Stepping ~*~*~tactically~*~*~ (outnumbered).
 15572 | D:9      | 15572 ||| FLEEEEING.
 15573 | D:9      | 15573 ||| FLEEEEING.
 15603 | D:9      | 15603 ||| FLEEEEING.
 15604 | D:9      | 15604 ||| FLEEEEING.
 15623 | D:9      | 15623 ||| Stepping ~*~*~tactically~*~*~ (outnumbered).
 15633 | D:9      | 15633 ||| Stepping ~*~*~tactically~*~*~ (outnumbered).
 15635 | D:9      | 15635 ||| Stepping ~*~*~tactically~*~*~ (outnumbered).
 15646 | D:9      | 15646 ||| Stepping ~*~*~tactically~*~*~ (outnumbered).
 15652 | D:9      | 15652 ||| Stepping ~*~*~tactically~*~*~ (outnumbered).
 15654 | D:9      | 15654 ||| Stepping ~*~*~tactically~*~*~ (outnumbered).
 15656 | D:9      | 15656 ||| Stepping ~*~*~tactically~*~*~ (outnumbered).
 15666 | D:9      | 15666 ||| Stepping ~*~*~tactically~*~*~ (outnumbered).
 15668 | D:9      | 15668 ||| Stepping ~*~*~tactically~*~*~ (outnumbered).
 15677 | D:9      | 15677 ||| FLEEEEING.
 15696 | D:9      | 15696 ||| Stepping ~*~*~tactically~*~*~ (outnumbered).
 15698 | D:9      | 15698 ||| Stepping ~*~*~tactically~*~*~ (outnumbered).
 15701 | D:9      | 15701 ||| Stepping ~*~*~tactically~*~*~ (outnumbered).
 15702 | D:9      | 15702 ||| FLEEEEING.
 15715 | D:9      | 15715 ||| Stepping ~*~*~tactically~*~*~ (outnumbered).
 15716 | D:9      | 15716 ||| Stepping ~*~*~tactically~*~*~ (outnumbered).
 15718 | D:9      | 15718 ||| Stepping ~*~*~tactically~*~*~ (outnumbered).
 15729 | D:9      | 15729 ||| Stepping ~*~*~tactically~*~*~ (outnumbered).
 15736 | D:9      | 15736 ||| Stepping ~*~*~tactically~*~*~ (outnumbered).
 15739 | D:9      | 15739 ||| FLEEEEING.
 15740 | D:9      | 15740 ||| FLEEEEING.
 15770 | D:9      | 15770 ||| Stepping ~*~*~tactically~*~*~ (outnumbered).
 15772 | D:9      | 15772 ||| FLEEEEING.
 15795 | D:9      | 15795 ||| FLEEEEING.
 15806 | D:9      | 15806 ||| Stepping ~*~*~tactically~*~*~ (outnumbered).
 15808 | D:9      | 15808 ||| Stepping ~*~*~tactically~*~*~ (outnumbered).
 15815 | D:9      | 15815 ||| FLEEEEING.
 15848 | D:9      | 15848 ||| Stepping ~*~*~tactically~*~*~ (outnumbered).
 15853 | D:9      | 15853 ||| Stepping ~*~*~tactically~*~*~ (outnumbered).
 15861 | D:9      | 15861 ||| Stepping ~*~*~tactically~*~*~ (outnumbered).
 15863 | D:9      | 15863 ||| Stepping ~*~*~tactically~*~*~ (outnumbered).
 15865 | D:9      | 15865 ||| Stepping ~*~*~tactically~*~*~ (outnumbered).
 15867 | D:9      | 15867 ||| Stepping ~*~*~tactically~*~*~ (outnumbered).
 15872 | D:9      | 15872 ||| Stepping ~*~*~tactically~*~*~ (outnumbered).
 15882 | D:9      | 15882 ||| FLEEEEING.
 15913 | D:9      | 15913 ||| Stepping ~*~*~tactically~*~*~ (outnumbered).
 15915 | D:9      | 15915 ||| Stepping ~*~*~tactically~*~*~ (outnumbered).
 15923 | D:9      | 15923 ||| Stepping ~*~*~tactically~*~*~ (outnumbered).
 15933 | D:9      | 15933 ||| Stepping ~*~*~tactically~*~*~ (outnumbered).
 15939 | D:9      | 15939 ||| FLEEEEING.
 15963 | D:9      | 15963 ||| Stepping ~*~*~tactically~*~*~ (outnumbered).
 15971 | D:9      | 15971 ||| Stepping ~*~*~tactically~*~*~ (outnumbered).
 15972 | D:9      | 15972 ||| FLEEEEING.
 15986 | D:9      | 15986 ||| Stepping ~*~*~tactically~*~*~ (outnumbered).
 15988 | D:9      | 15988 ||| Stepping ~*~*~tactically~*~*~ (outnumbered).
 15995 | D:9      | 15995 ||| Stepping ~*~*~tactically~*~*~ (outnumbered).
 16004 | D:9      | 16004 ||| FLEEEEING.
 16018 | D:9      | 16018 ||| Stepping ~*~*~tactically~*~*~ (outnumbered).
 16024 | D:9      | 16024 ||| Stepping ~*~*~tactically~*~*~ (outnumbered).
 16026 | D:9      | 16026 ||| Stepping ~*~*~tactically~*~*~ (outnumbered).
 16028 | D:9      | 16028 ||| Stepping ~*~*~tactically~*~*~ (outnumbered).
 16036 | D:9      | 16036 ||| Stepping ~*~*~tactically~*~*~ (outnumbered).
 16038 | D:9      | 16038 ||| Stepping ~*~*~tactically~*~*~ (outnumbered).
 16040 | D:9      | 16040 ||| Stepping ~*~*~tactically~*~*~ (stealth).
 16044 | D:9      | 16044 ||| FLEEEEING.
 16062 | D:9      | 16062 ||| FLEEEEING.
 16077 | D:9      | 16077 ||| FLEEEEING.
 16097 | D:9      | 16097 ||| Stepping ~*~*~tactically~*~*~ (outnumbered).
 16104 | D:9      | 16104 ||| Stepping ~*~*~tactically~*~*~ (outnumbered).
 16112 | D:9      | 16112 ||| FLEEEEING.
 16125 | D:9      | 16125 ||| Stepping ~*~*~tactically~*~*~ (outnumbered).
 16134 | D:9      | 16134 ||| Stepping ~*~*~tactically~*~*~ (outnumbered).
 16136 | D:9      | 16136 ||| Stepping ~*~*~tactically~*~*~ (outnumbered).
 16142 | D:9      | 16142 ||| Stepping ~*~*~tactically~*~*~ (stealth).
 16150 | D:9      | 16150 ||| Stepping ~*~*~tactically~*~*~ (outnumbered).
 16152 | D:9      | 16152 ||| Stepping ~*~*~tactically~*~*~ (stealth).
 16156 | D:9      | 16156 ||| FLEEEEING.
 16157 | D:9      | 16157 ||| FLEEEEING.
 16182 | D:9      | 16182 ||| FLEEEEING.
 16198 | D:9      | 16198 ||| Stepping ~*~*~tactically~*~*~ (outnumbered).
 16207 | D:9      | 16207 ||| Stepping ~*~*~tactically~*~*~ (outnumbered).
 16217 | D:9      | 16217 ||| FLEEEEING.
 16231 | D:9      | 16231 ||| FLEEEEING.
 16249 | D:9      | 16249 ||| FLEEEEING.
 16266 | D:9      | 16266 ||| Stepping ~*~*~tactically~*~*~ (outnumbered).
 16276 | D:9      | 16276 ||| Stepping ~*~*~tactically~*~*~ (outnumbered).
 16283 | D:9      | 16283 ||| FLEEEEING.
 16310 | D:9      | 16310 ||| FLEEEEING.
 16311 | D:9      | 16311 ||| FLEEEEING.
 16338 | D:9      | 16338 ||| FLEEEEING.
 16339 | D:9      | 16339 ||| FLEEEEING.
 16366 | D:9      | 16366 ||| FLEEEEING.
 16377 | D:9      | 16377 ||| Stepping ~*~*~tactically~*~*~ (outnumbered).
 16388 | D:9      | 16388 ||| Stepping ~*~*~tactically~*~*~ (outnumbered).
 16391 | D:9      | 16391 ||| Stepping ~*~*~tactically~*~*~ (outnumbered).
 16399 | D:9      | 16399 ||| FLEEEEING.
 16400 | D:9      | 16400 ||| FLEEEEING.
 16424 | D:9      | 16424 ||| Stepping ~*~*~tactically~*~*~ (outnumbered).
 16426 | D:9      | 16426 ||| Stepping ~*~*~tactically~*~*~ (outnumbered).
 16430 | D:9      | 16430 ||| Stepping ~*~*~tactically~*~*~ (outnumbered).
 16433 | D:9      | 16433 ||| FLEEEEING.
 16434 | D:9      | 16434 ||| FLEEEEING.
 16457 | D:9      | 16457 ||| Stepping ~*~*~tactically~*~*~ (outnumbered).
 16463 | D:9      | 16463 ||| Stepping ~*~*~tactically~*~*~ (outnumbered).
 16473 | D:9      | 16473 ||| Stepping ~*~*~tactically~*~*~ (outnumbered).
 16476 | D:9      | 16476 ||| Stepping ~*~*~tactically~*~*~ (outnumbered).
 16478 | D:9      | 16478 ||| FLEEEEING.
 16505 | D:9      | 16505 ||| FLEEEEING.
 16524 | D:9      | 16524 ||| Stepping ~*~*~tactically~*~*~ (outnumbered).
 16527 | D:9      | 16527 ||| Stepping ~*~*~tactically~*~*~ (outnumbered).
 16531 | D:9      | 16531 ||| Stepping ~*~*~tactically~*~*~ (outnumbered).
 16533 | D:9      | 16533 ||| Stepping ~*~*~tactically~*~*~ (outnumbered).
 16535 | D:9      | 16535 ||| Stepping ~*~*~tactically~*~*~ (outnumbered).
 16540 | D:9      | 16540 ||| FLEEEEING.
 16558 | D:9      | 16558 ||| Stepping ~*~*~tactically~*~*~ (outnumbered).
 16561 | D:9      | 16561 ||| Stepping ~*~*~tactically~*~*~ (outnumbered).
 16568 | D:9      | 16568 ||| Stepping ~*~*~tactically~*~*~ (outnumbered).
 16570 | D:9      | 16570 ||| FLEEEEING.
 16595 | D:9      | 16595 ||| FLEEEEING.
 16617 | D:9      | 16617 ||| FLEEEEING.
 16618 | D:9      | 16618 ||| FLEEEEING.
 16652 | D:9      | 16652 ||| Stepping ~*~*~tactically~*~*~ (outnumbered).
 16654 | D:9      | 16654 ||| Stepping ~*~*~tactically~*~*~ (stealth).
 16664 | D:9      | 16664 ||| FLEEEEING.
 16665 | D:9      | 16665 ||| FLEEEEING.
 16695 | D:9      | 16695 ||| Stepping ~*~*~tactically~*~*~ (outnumbered).
 16697 | D:9      | 16697 ||| Stepping ~*~*~tactically~*~*~ (outnumbered).
 16699 | D:9      | 16699 ||| Stepping ~*~*~tactically~*~*~ (outnumbered).
 16709 | D:9      | 16709 ||| Stepping ~*~*~tactically~*~*~ (outnumbered).
 16711 | D:9      | 16711 ||| Stepping ~*~*~tactically~*~*~ (outnumbered).
 16718 | D:9      | 16718 ||| Stepping ~*~*~tactically~*~*~ (outnumbered).
 16720 | D:9      | 16720 ||| Stepping ~*~*~tactically~*~*~ (outnumbered).
 16725 | D:9      | 16725 ||| Stepping ~*~*~tactically~*~*~ (outnumbered).
 16727 | D:9      | 16727 ||| Stepping ~*~*~tactically~*~*~ (outnumbered).
 16735 | D:9      | 16735 ||| FLEEEEING.
 16736 | D:9      | 16736 ||| FLEEEEING.
 16750 | D:9      | 16750 ||| FLEEEEING.
 16751 | D:9      | 16751 ||| FLEEEEING.
 16762 | D:9      | 16762 ||| Stepping ~*~*~tactically~*~*~ (outnumbered).
 16765 | D:9      | 16765 ||| Stepping ~*~*~tactically~*~*~ (outnumbered).
 16776 | D:9      | 16776 ||| Stepping ~*~*~tactically~*~*~ (outnumbered).
 16780 | D:9      | 16780 ||| Stepping ~*~*~tactically~*~*~ (outnumbered).
 16790 | D:9      | 16790 ||| Stepping ~*~*~tactically~*~*~ (outnumbered).
 16792 | D:9      | 16792 ||| Stepping ~*~*~tactically~*~*~ (outnumbered).
 16794 | D:9      | 16794 ||| Stepping ~*~*~tactically~*~*~ (outnumbered).
 16799 | D:9      | 16799 ||| FLEEEEING.
 16810 | D:9      | 16810 ||| FLEEEEING.
 16823 | D:9      | 16823 ||| Stepping ~*~*~tactically~*~*~ (outnumbered).
 16832 | D:9      | 16832 ||| Stepping ~*~*~tactically~*~*~ (outnumbered).
 16837 | D:9      | 16837 ||| Stepping ~*~*~tactically~*~*~ (outnumbered).
 16847 | D:9      | 16847 ||| Stepping ~*~*~tactically~*~*~ (outnumbered).
 16858 | D:9      | 16858 ||| Stepping ~*~*~tactically~*~*~ (outnumbered).
 16860 | D:9      | 16860 ||| Stepping ~*~*~tactically~*~*~ (outnumbered).
 16866 | D:9      | 16866 ||| Stepping ~*~*~tactically~*~*~ (outnumbered).
 16869 | D:9      | 16869 ||| Stepping ~*~*~tactically~*~*~ (outnumbered).
 16875 | D:9      | 16875 ||| FLEEEEING.
 16876 | D:9      | 16876 ||| FLEEEEING.
 16911 | D:9      | 16911 ||| Stepping ~*~*~tactically~*~*~ (outnumbered).
 16921 | D:9      | 16921 ||| FLEEEEING.
 16939 | D:9      | 16939 ||| FLEEEEING.
 16940 | D:9      | 16940 ||| FLEEEEING.
 16955 | D:9      | 16955 ||| FLEEEEING.
 16970 | D:9      | 16970 ||| Stepping ~*~*~tactically~*~*~ (stealth).
 16972 | D:9      | 16972 ||| Stepping ~*~*~tactically~*~*~ (outnumbered).
 16978 | D:9      | 16978 ||| FLEEEEING.
 16979 | D:9      | 16979 ||| FLEEEEING.
 17003 | D:9      | 17003 ||| FLEEEEING.
 17004 | D:9      | 17004 ||| FLEEEEING.
 17033 | D:9      | 17033 ||| Stepping ~*~*~tactically~*~*~ (outnumbered).
 17043 | D:9      | 17043 ||| Stepping ~*~*~tactically~*~*~ (outnumbered).
 17053 | D:9      | 17053 ||| Stepping ~*~*~tactically~*~*~ (outnumbered).
 17063 | D:9      | 17063 ||| Stepping ~*~*~tactically~*~*~ (outnumbered).
 17065 | D:9      | 17065 ||| FLEEEEING.
 17077 | D:9      | 17077 ||| FLEEEEING.
 17090 | D:9      | 17090 ||| FLEEEEING.
 17105 | D:9      | 17105 ||| Stepping ~*~*~tactically~*~*~ (outnumbered).
 17106 | D:9      | 17106 ||| FLEEEEING.
 17121 | D:9      | 17121 ||| FLEEEEING.
 17152 | D:9      | 17152 ||| Stepping ~*~*~tactically~*~*~ (outnumbered).
 17161 | D:9      | 17161 ||| Stepping ~*~*~tactically~*~*~ (outnumbered).
 17163 | D:9      | 17163 ||| Stepping ~*~*~tactically~*~*~ (outnumbered).
 17172 | D:9      | 17172 ||| Stepping ~*~*~tactically~*~*~ (outnumbered).
 17174 | D:9      | 17174 ||| Stepping ~*~*~tactically~*~*~ (outnumbered).
 17182 | D:9      | 17182 ||| Stepping ~*~*~tactically~*~*~ (outnumbered).
 17190 | D:9      | 17190 ||| Stepping ~*~*~tactically~*~*~ (outnumbered).
 17191 | D:9      | 17191 ||| FLEEEEING.
 17206 | D:9      | 17206 ||| Stepping ~*~*~tactically~*~*~ (outnumbered).
 17217 | D:9      | 17217 ||| FLEEEEING.
 17218 | D:9      | 17218 ||| FLEEEEING.
 17244 | D:9      | 17244 ||| Stepping ~*~*~tactically~*~*~ (outnumbered).
 17245 | D:9      | 17245 ||| FLEEEEING.
 17276 | D:9      | 17276 ||| Stepping ~*~*~tactically~*~*~ (outnumbered).
 17283 | D:9      | 17283 ||| Stepping ~*~*~tactically~*~*~ (outnumbered).
 17286 | D:9      | 17286 ||| Stepping ~*~*~tactically~*~*~ (outnumbered).
 17289 | D:9      | 17289 ||| Stepping ~*~*~tactically~*~*~ (outnumbered).
 17294 | D:9      | 17294 ||| Stepping ~*~*~tactically~*~*~ (outnumbered).
 17298 | D:9      | 17298 ||| FLEEEEING.
 17314 | D:9      | 17314 ||| FLEEEEING.
 17315 | D:9      | 17315 ||| FLEEEEING.
 17351 | D:9      | 17351 ||| Stepping ~*~*~tactically~*~*~ (outnumbered).
 17354 | D:9      | 17354 ||| FLEEEEING.
 17355 | D:9      | 17355 ||| FLEEEEING.
 17411 | D:9      | 17411 ||| FLEEEEING.
 17430 | D:9      | 17430 ||| Stepping ~*~*~tactically~*~*~ (outnumbered).
 17433 | D:9      | 17433 ||| Stepping ~*~*~tactically~*~*~ (outnumbered).
 17434 | D:9      | 17434 ||| Stepping ~*~*~tactically~*~*~ (outnumbered).
 17445 | D:9      | 17445 ||| FLEEEEING.
 17466 | D:9      | 17466 ||| Stepping ~*~*~tactically~*~*~ (outnumbered).
 17468 | D:9      | 17468 ||| Stepping ~*~*~tactically~*~*~ (outnumbered).
 17472 | D:9      | 17472 ||| Stepping ~*~*~tactically~*~*~ (outnumbered).
 17477 | D:9      | 17477 ||| Stepping ~*~*~tactically~*~*~ (outnumbered).
 17484 | D:9      | 17484 ||| Stepping ~*~*~tactically~*~*~ (outnumbered).
 17486 | D:9      | 17486 ||| Stepping ~*~*~tactically~*~*~ (outnumbered).
 17490 | D:9      | 17490 ||| Stepping ~*~*~tactically~*~*~ (outnumbered).
 17492 | D:9      | 17492 ||| Stepping ~*~*~tactically~*~*~ (outnumbered).
 17494 | D:9      | 17494 ||| Stepping ~*~*~tactically~*~*~ (outnumbered).
 17499 | D:9      | 17499 ||| Stepping ~*~*~tactically~*~*~ (outnumbered).
 17509 | D:9      | 17509 ||| FLEEEEING.
 17528 | D:9      | 17528 ||| FLEEEEING.
 17544 | D:9      | 17544 ||| Stepping ~*~*~tactically~*~*~ (outnumbered).
 17545 | D:9      | 17545 ||| Stepping ~*~*~tactically~*~*~ (stealth).
 17553 | D:9      | 17553 ||| Stepping ~*~*~tactically~*~*~ (outnumbered).
 17561 | D:9      | 17561 ||| Stepping ~*~*~tactically~*~*~ (outnumbered).
 17573 | D:9      | 17573 ||| FLEEEEING.
 17574 | D:9      | 17574 ||| FLEEEEING.
 17614 | D:9      | 17614 ||| Stepping ~*~*~tactically~*~*~ (outnumbered).
 17617 | D:9      | 17617 ||| FLEEEEING.
 17647 | D:9      | 17647 ||| FLEEEEING.
 17667 | D:9      | 17667 ||| Stepping ~*~*~tactically~*~*~ (stealth).
 17669 | D:9      | 17669 ||| Stepping ~*~*~tactically~*~*~ (outnumbered).
 17675 | D:9      | 17675 ||| Stepping ~*~*~tactically~*~*~ (outnumbered).
 17678 | D:9      | 17678 ||| Stepping ~*~*~tactically~*~*~ (outnumbered).
 17685 | D:9      | 17685 ||| FLEEEEING.
 17686 | D:9      | 17686 ||| FLEEEEING.
 17727 | D:9      | 17727 ||| Stepping ~*~*~tactically~*~*~ (outnumbered).
 17730 | D:9      | 17730 ||| Stepping ~*~*~tactically~*~*~ (outnumbered).
 17739 | D:9      | 17739 ||| Stepping ~*~*~tactically~*~*~ (outnumbered).
 17742 | D:9      | 17742 ||| FLEEEEING.
 17743 | D:9      | 17743 ||| FLEEEEING.
 17780 | D:9      | 17780 ||| Stepping ~*~*~tactically~*~*~ (outnumbered).
 17787 | D:9      | 17787 ||| Stepping ~*~*~tactically~*~*~ (outnumbered).
 17797 | D:9      | 17797 ||| Stepping ~*~*~tactically~*~*~ (outnumbered).
 17808 | D:9      | 17808 ||| Stepping ~*~*~tactically~*~*~ (outnumbered).
 17809 | D:9      | 17809 ||| Stepping ~*~*~tactically~*~*~ (outnumbered).
 17817 | D:9      | 17817 ||| FLEEEEING.
 17818 | D:9      | 17818 ||| Stepping ~*~*~tactically~*~*~ (outnumbered).
 17830 | D:9      | 17830 ||| Stepping ~*~*~tactically~*~*~ (outnumbered).
 17831 | D:9      | 17831 ||| FLEEEEING.
 17854 | D:9      | 17854 ||| Stepping ~*~*~tactically~*~*~ (outnumbered).
 17856 | D:9      | 17856 ||| Stepping ~*~*~tactically~*~*~ (outnumbered).
 17864 | D:9      | 17864 ||| Stepping ~*~*~tactically~*~*~ (outnumbered).
 17868 | D:9      | 17868 ||| Stepping ~*~*~tactically~*~*~ (outnumbered).
 17878 | D:9      | 17878 ||| Stepping ~*~*~tactically~*~*~ (outnumbered).
 17880 | D:9      | 17880 ||| Stepping ~*~*~tactically~*~*~ (outnumbered).
 17882 | D:9      | 17882 ||| Stepping ~*~*~tactically~*~*~ (outnumbered).
 17884 | D:9      | 17884 ||| FLEEEEING.
 17910 | D:9      | 17910 ||| Stepping ~*~*~tactically~*~*~ (outnumbered).
 17916 | D:9      | 17916 ||| FLEEEEING.
 17917 | D:9      | 17917 ||| FLEEEEING.
 17953 | D:9      | 17953 ||| FLEEEEING.
 17968 | D:9      | 17968 ||| Stepping ~*~*~tactically~*~*~ (outnumbered).
 17976 | D:9      | 17976 ||| Stepping ~*~*~tactically~*~*~ (outnumbered).
 17978 | D:9      | 17978 ||| FLEEEEING.
 17992 | D:9      | 17992 ||| Stepping ~*~*~tactically~*~*~ (outnumbered).
 17999 | D:9      | 17999 ||| FLEEEEING.
 18011 | D:9      | 18011 ||| FLEEEEING.
 18028 | D:9      | 18028 ||| Stepping ~*~*~tactically~*~*~ (outnumbered).
 18035 | D:9      | 18035 ||| Stepping ~*~*~tactically~*~*~ (outnumbered).
 18037 | D:9      | 18037 ||| Stepping ~*~*~tactically~*~*~ (outnumbered).
 18039 | D:9      | 18039 ||| FLEEEEING.
 18059 | D:9      | 18059 ||| Stepping ~*~*~tactically~*~*~ (outnumbered).
 18060 | D:9      | 18060 ||| Stepping ~*~*~tactically~*~*~ (outnumbered).
 18062 | D:9      | 18062 ||| FLEEEEING.
 18094 | D:9      | 18094 ||| FLEEEEING.
 18095 | D:9      | 18095 ||| FLEEEEING.
 18147 | D:9      | 18147 ||| FLEEEEING.
 18148 | D:9      | 18148 ||| FLEEEEING.
 18173 | D:9      | 18173 ||| Stepping ~*~*~tactically~*~*~ (outnumbered).
 18176 | D:9      | 18176 ||| Stepping ~*~*~tactically~*~*~ (outnumbered).
 18184 | D:9      | 18184 ||| Stepping ~*~*~tactically~*~*~ (outnumbered).
 18187 | D:9      | 18187 ||| Stepping ~*~*~tactically~*~*~ (outnumbered).
 18190 | D:9      | 18190 ||| Stepping ~*~*~tactically~*~*~ (outnumbered).
 18191 | D:9      | 18191 ||| Stepping ~*~*~tactically~*~*~ (outnumbered).
 18198 | D:9      | 18198 ||| Stepping ~*~*~tactically~*~*~ (outnumbered).
 18202 | D:9      | 18202 ||| Stepping ~*~*~tactically~*~*~ (outnumbered).
 18204 | D:9      | 18204 ||| Stepping ~*~*~tactically~*~*~ (outnumbered).
 18212 | D:9      | 18212 ||| Stepping ~*~*~tactically~*~*~ (outnumbered).
 18219 | D:9      | 18219 ||| FLEEEEING.
 18220 | D:9      | 18220 ||| FLEEEEING.
 18257 | D:9      | 18257 ||| Stepping ~*~*~tactically~*~*~ (outnumbered).
 18259 | D:9      | 18259 ||| Stepping ~*~*~tactically~*~*~ (outnumbered).
 18262 | D:9      | 18262 ||| Stepping ~*~*~tactically~*~*~ (outnumbered).
 18270 | D:9      | 18270 ||| Stepping ~*~*~tactically~*~*~ (outnumbered).
 18272 | D:9      | 18272 ||| Stepping ~*~*~tactically~*~*~ (outnumbered).
 18274 | D:9      | 18274 ||| Stepping ~*~*~tactically~*~*~ (outnumbered).
 18281 | D:9      | 18281 ||| Stepping ~*~*~tactically~*~*~ (outnumbered).
 18283 | D:9      | 18283 ||| Stepping ~*~*~tactically~*~*~ (outnumbered).
 18285 | D:9      | 18285 ||| Stepping ~*~*~tactically~*~*~ (outnumbered).
 18287 | D:9      | 18287 ||| FLEEEEING.
 18304 | D:9      | 18304 ||| FLEEEEING.
 18305 | D:9      | 18305 ||| FLEEEEING.
 18343 | D:9      | 18343 ||| Stepping ~*~*~tactically~*~*~ (outnumbered).
 18347 | D:9      | 18347 ||| Stepping ~*~*~tactically~*~*~ (outnumbered).
 18351 | D:9      | 18351 ||| Stepping ~*~*~tactically~*~*~ (outnumbered).
 18353 | D:9      | 18353 ||| Stepping ~*~*~tactically~*~*~ (outnumbered).
 18360 | D:9      | 18360 ||| FLEEEEING.
 18377 | D:9      | 18377 ||| FLEEEEING.
 18378 | D:9      | 18378 ||| FLEEEEING.
 18411 | D:9      | 18411 ||| Stepping ~*~*~tactically~*~*~ (outnumbered).
 18413 | D:9      | 18413 ||| FLEEEEING.
 18425 | D:9      | 18425 ||| Stepping ~*~*~tactically~*~*~ (outnumbered).
 18426 | D:9      | 18426 ||| Stepping ~*~*~tactically~*~*~ (outnumbered).
 18437 | D:9      | 18437 ||| FLEEEEING.
 18463 | D:9      | 18463 ||| FLEEEEING.
 18464 | D:9      | 18464 ||| FLEEEEING.
 18499 | D:9      | 18499 ||| Stepping ~*~*~tactically~*~*~ (stealth).
 18508 | D:9      | 18508 ||| FLEEEEING.
 18509 | D:9      | 18509 ||| FLEEEEING.
 18529 | D:9      | 18529 ||| Stepping ~*~*~tactically~*~*~ (outnumbered).
 18532 | D:9      | 18532 ||| Stepping ~*~*~tactically~*~*~ (stealth).
 18543 | D:9      | 18543 ||| Stepping ~*~*~tactically~*~*~ (outnumbered).
 18548 | D:9      | 18548 ||| Stepping ~*~*~tactically~*~*~ (outnumbered).
 18550 | D:9      | 18550 ||| Stepping ~*~*~tactically~*~*~ (outnumbered).
 18555 | D:9      | 18555 ||| FLEEEEING.
 18568 | D:9      | 18568 ||| Stepping ~*~*~tactically~*~*~ (outnumbered).
 18570 | D:9      | 18570 ||| FLEEEEING.
 18590 | D:9      | 18590 ||| Stepping ~*~*~tactically~*~*~ (outnumbered).
 18592 | D:9      | 18592 ||| Stepping ~*~*~tactically~*~*~ (outnumbered).
 18595 | D:9      | 18595 ||| Stepping ~*~*~tactically~*~*~ (outnumbered).
 18603 | D:9      | 18603 ||| Stepping ~*~*~tactically~*~*~ (outnumbered).
 18610 | D:9      | 18610 ||| FLEEEEING.
 18611 | D:9      | 18611 ||| FLEEEEING.
 18622 | D:9      | 18622 ||| Stepping ~*~*~tactically~*~*~ (outnumbered).
 18626 | D:9      | 18626 ||| Stepping ~*~*~tactically~*~*~ (outnumbered).
 18629 | D:9      | 18629 ||| Stepping ~*~*~tactically~*~*~ (outnumbered).
 18634 | D:9      | 18634 ||| Stepping ~*~*~tactically~*~*~ (outnumbered).
 18643 | D:9      | 18643 ||| FLEEEEING.
 18644 | D:9      | 18644 ||| FLEEEEING.
 18668 | D:9      | 18668 ||| Stepping ~*~*~tactically~*~*~ (outnumbered).
 18669 | D:9      | 18669 ||| Stepping ~*~*~tactically~*~*~ (outnumbered).
 18678 | D:9      | 18678 ||| FLEEEEING.
 18679 | D:9      | 18679 ||| FLEEEEING.
 18712 | D:9      | 18712 ||| Stepping ~*~*~tactically~*~*~ (outnumbered).
 18714 | D:9      | 18714 ||| Stepping ~*~*~tactically~*~*~ (outnumbered).
 18720 | D:9      | 18720 ||| Stepping ~*~*~tactically~*~*~ (outnumbered).
 18731 | D:9      | 18731 ||| FLEEEEING.
 18745 | D:9      | 18745 ||| Stepping ~*~*~tactically~*~*~ (outnumbered).
 18755 | D:9      | 18755 ||| Stepping ~*~*~tactically~*~*~ (outnumbered).
 18764 | D:9      | 18764 ||| FLEEEEING.
 18775 | D:9      | 18775 ||| Stepping ~*~*~tactically~*~*~ (outnumbered).
 18777 | D:9      | 18777 ||| Stepping ~*~*~tactically~*~*~ (outnumbered).
 18785 | D:9      | 18785 ||| Stepping ~*~*~tactically~*~*~ (outnumbered).
 18787 | D:9      | 18787 ||| Stepping ~*~*~tactically~*~*~ (outnumbered).
 18791 | D:9      | 18791 ||| Stepping ~*~*~tactically~*~*~ (outnumbered).
 18794 | D:9      | 18794 ||| Stepping ~*~*~tactically~*~*~ (outnumbered).
 18796 | D:9      | 18796 ||| Stepping ~*~*~tactically~*~*~ (outnumbered).
 18803 | D:9      | 18803 ||| Stepping ~*~*~tactically~*~*~ (outnumbered).
 18806 | D:9      | 18806 ||| FLEEEEING.
 18818 | D:9      | 18818 ||| Stepping ~*~*~tactically~*~*~ (outnumbered).
 18825 | D:9      | 18825 ||| Stepping ~*~*~tactically~*~*~ (outnumbered).
 18827 | D:9      | 18827 ||| Stepping ~*~*~tactically~*~*~ (outnumbered).
 18833 | D:9      | 18833 ||| Stepping ~*~*~tactically~*~*~ (outnumbered).
 18836 | D:9      | 18836 ||| Stepping ~*~*~tactically~*~*~ (outnumbered).
 18842 | D:9      | 18842 ||| Stepping ~*~*~tactically~*~*~ (outnumbered).
 18846 | D:9      | 18846 ||| Stepping ~*~*~tactically~*~*~ (outnumbered).
 18852 | D:9      | 18852 ||| FLEEEEING.
 18869 | D:9      | 18869 ||| Stepping ~*~*~tactically~*~*~ (outnumbered).
 18879 | D:9      | 18879 ||| FLEEEEING.
 18903 | D:9      | 18903 ||| FLEEEEING.
 18904 | D:9      | 18904 ||| FLEEEEING.
 18935 | D:9      | 18935 ||| Stepping ~*~*~tactically~*~*~ (outnumbered).
 18941 | D:9      | 18941 ||| Stepping ~*~*~tactically~*~*~ (outnumbered).
 18944 | D:9      | 18944 ||| FLEEEEING.
 18956 | D:9      | 18956 ||| FLEEEEING.
 18957 | D:9      | 18957 ||| FLEEEEING.
 19000 | D:9      | 19000 ||| Stepping ~*~*~tactically~*~*~ (outnumbered).
 19002 | D:9      | 19002 ||| Stepping ~*~*~tactically~*~*~ (outnumbered).
 19004 | D:9      | 19004 ||| Stepping ~*~*~tactically~*~*~ (outnumbered).
 19006 | D:9      | 19006 ||| Stepping ~*~*~tactically~*~*~ (outnumbered).
 19013 | D:9      | 19013 ||| Stepping ~*~*~tactically~*~*~ (outnumbered).
 19015 | D:9      | 19015 ||| FLEEEEING.
 19053 | D:9      | 19053 ||| Stepping ~*~*~tactically~*~*~ (outnumbered).
 19059 | D:9      | 19059 ||| FLEEEEING.
 19060 | D:9      | 19060 ||| FLEEEEING.
 19079 | D:9      | 19079 ||| FLEEEEING.
 19094 | D:9      | 19094 ||| Stepping ~*~*~tactically~*~*~ (outnumbered).
 19096 | D:9      | 19096 ||| Stepping ~*~*~tactically~*~*~ (outnumbered).
 19103 | D:9      | 19103 ||| FLEEEEING.
 19119 | D:9      | 19119 ||| Stepping ~*~*~tactically~*~*~ (outnumbered).
 19124 | D:9      | 19124 ||| Stepping ~*~*~tactically~*~*~ (outnumbered).
 19126 | D:9      | 19126 ||| Stepping ~*~*~tactically~*~*~ (outnumbered).
 19130 | D:9      | 19130 ||| Stepping ~*~*~tactically~*~*~ (outnumbered).
 19134 | D:9      | 19134 ||| Stepping ~*~*~tactically~*~*~ (outnumbered).
 19135 | D:9      | 19135 ||| Stepping ~*~*~tactically~*~*~ (outnumbered).
 19137 | D:9      | 19137 ||| Stepping ~*~*~tactically~*~*~ (outnumbered).
 19140 | D:9      | 19140 ||| Stepping ~*~*~tactically~*~*~ (outnumbered).
 19147 | D:9      | 19147 ||| FLEEEEING.
 19180 | D:9      | 19180 ||| Stepping ~*~*~tactically~*~*~ (outnumbered).
 19186 | D:9      | 19186 ||| Stepping ~*~*~tactically~*~*~ (outnumbered).
 19196 | D:9      | 19196 ||| Stepping ~*~*~tactically~*~*~ (outnumbered).
 19200 | D:9      | 19200 ||| FLEEEEING.
 19214 | D:9      | 19214 ||| FLEEEEING.
 19226 | D:9      | 19226 ||| Stepping ~*~*~tactically~*~*~ (outnumbered).
 19229 | D:9      | 19229 ||| FLEEEEING.
 19242 | D:9      | 19242 ||| Stepping ~*~*~tactically~*~*~ (outnumbered).
 19244 | D:9      | 19244 ||| Stepping ~*~*~tactically~*~*~ (outnumbered).
 19249 | D:9      | 19249 ||| Stepping ~*~*~tactically~*~*~ (outnumbered).
 19251 | D:9      | 19251 ||| Stepping ~*~*~tactically~*~*~ (outnumbered).
 19260 | D:9      | 19260 ||| FLEEEEING.
 19281 | D:9      | 19281 ||| Stepping ~*~*~tactically~*~*~ (outnumbered).
 19283 | D:9      | 19283 ||| Stepping ~*~*~tactically~*~*~ (outnumbered).
 19289 | D:9      | 19289 ||| Stepping ~*~*~tactically~*~*~ (outnumbered).
 19298 | D:9      | 19298 ||| Stepping ~*~*~tactically~*~*~ (outnumbered).
 19306 | D:9      | 19306 ||| Stepping ~*~*~tactically~*~*~ (outnumbered).
 19308 | D:9      | 19308 ||| Stepping ~*~*~tactically~*~*~ (outnumbered).
 19313 | D:9      | 19313 ||| FLEEEEING.
 19314 | D:9      | 19314 ||| FLEEEEING.
 19336 | D:9      | 19336 ||| Stepping ~*~*~tactically~*~*~ (outnumbered).
 19346 | D:9      | 19346 ||| Stepping ~*~*~tactically~*~*~ (outnumbered).
 19351 | D:9      | 19351 ||| Stepping ~*~*~tactically~*~*~ (outnumbered).
 19357 | D:9      | 19357 ||| Stepping ~*~*~tactically~*~*~ (outnumbered).
 19367 | D:9      | 19367 ||| FLEEEEING.
 19395 | D:9      | 19395 ||| Stepping ~*~*~tactically~*~*~ (outnumbered).
 19398 | D:9      | 19398 ||| Stepping ~*~*~tactically~*~*~ (outnumbered).
 19411 | D:9      | 19411 ||| Stepping ~*~*~tactically~*~*~ (outnumbered).
 19413 | D:9      | 19413 ||| Stepping ~*~*~tactically~*~*~ (outnumbered).
 19415 | D:9      | 19415 ||| Stepping ~*~*~tactically~*~*~ (outnumbered).
 19417 | D:9      | 19417 ||| FLEEEEING.
 19431 | D:9      | 19431 ||| Stepping ~*~*~tactically~*~*~ (stealth).
 19433 | D:9      | 19433 ||| FLEEEEING.
 19447 | D:9      | 19447 ||| Stepping ~*~*~tactically~*~*~ (outnumbered).
 19454 | D:9      | 19454 ||| Stepping ~*~*~tactically~*~*~ (outnumbered).
 19463 | D:9      | 19463 ||| Stepping ~*~*~tactically~*~*~ (outnumbered).
 19465 | D:9      | 19465 ||| Stepping ~*~*~tactically~*~*~ (outnumbered).
 19472 | D:9      | 19472 ||| Stepping ~*~*~tactically~*~*~ (outnumbered).
 19475 | D:9      | 19475 ||| FLEEEEING.
 19496 | D:9      | 19496 ||| Stepping ~*~*~tactically~*~*~ (outnumbered).
 19502 | D:9      | 19502 ||| Stepping ~*~*~tactically~*~*~ (outnumbered).
 19504 | D:9      | 19504 ||| Stepping ~*~*~tactically~*~*~ (outnumbered).
 19508 | D:9      | 19508 ||| FLEEEEING.
 19525 | D:9      | 19525 ||| FLEEEEING.
 19537 | D:9      | 19537 ||| Stepping ~*~*~tactically~*~*~ (outnumbered).
 19539 | D:9      | 19539 ||| Stepping ~*~*~tactically~*~*~ (outnumbered).
 19546 | D:9      | 19546 ||| Stepping ~*~*~tactically~*~*~ (outnumbered).
 19551 | D:9      | 19551 ||| FLEEEEING.
 19568 | D:9      | 19568 ||| FLEEEEING.
 19580 | D:9      | 19580 ||| Stepping ~*~*~tactically~*~*~ (outnumbered).
 19581 | D:9      | 19581 ||| Stepping ~*~*~tactically~*~*~ (outnumbered).
 19583 | D:9      | 19583 ||| Stepping ~*~*~tactically~*~*~ (outnumbered).
 19585 | D:9      | 19585 ||| Stepping ~*~*~tactically~*~*~ (outnumbered).
 19589 | D:9      | 19589 ||| Stepping ~*~*~tactically~*~*~ (outnumbered).
 19591 | D:9      | 19591 ||| Stepping ~*~*~tactically~*~*~ (outnumbered).
 19598 | D:9      | 19598 ||| Stepping ~*~*~tactically~*~*~ (outnumbered).
 19607 | D:9      | 19607 ||| FLEEEEING.
 19624 | D:9      | 19624 ||| Stepping ~*~*~tactically~*~*~ (outnumbered).
 19628 | D:9      | 19628 ||| Stepping ~*~*~tactically~*~*~ (outnumbered).
 19631 | D:9      | 19631 ||| Stepping ~*~*~tactically~*~*~ (outnumbered).
 19637 | D:9      | 19637 ||| Stepping ~*~*~tactically~*~*~ (outnumbered).
 19638 | D:9      | 19638 ||| FLEEEEING.
 19659 | D:9      | 19659 ||| Stepping ~*~*~tactically~*~*~ (outnumbered).
 19661 | D:9      | 19661 ||| FLEEEEING.
 19675 | D:9      | 19675 ||| Stepping ~*~*~tactically~*~*~ (outnumbered).
 19678 | D:9      | 19678 ||| Stepping ~*~*~tactically~*~*~ (outnumbered).
 19680 | D:9      | 19680 ||| Stepping ~*~*~tactically~*~*~ (outnumbered).
 19682 | D:9      | 19682 ||| Stepping ~*~*~tactically~*~*~ (outnumbered).
 19685 | D:9      | 19685 ||| Stepping ~*~*~tactically~*~*~ (outnumbered).
 19690 | D:9      | 19690 ||| Stepping ~*~*~tactically~*~*~ (outnumbered).
 19692 | D:9      | 19692 ||| Stepping ~*~*~tactically~*~*~ (outnumbered).
 19698 | D:9      | 19698 ||| Stepping ~*~*~tactically~*~*~ (outnumbered).
 19700 | D:9      | 19700 ||| Stepping ~*~*~tactically~*~*~ (outnumbered).
 19703 | D:9      | 19703 ||| Stepping ~*~*~tactically~*~*~ (outnumbered).
 19711 | D:9      | 19711 ||| Stepping ~*~*~tactically~*~*~ (outnumbered).
 19719 | D:9      | 19719 ||| FLEEEEING.
 19720 | D:9      | 19720 ||| FLEEEEING.
 19763 | D:9      | 19763 ||| FLEEEEING.
 19764 | D:9      | 19764 ||| FLEEEEING.
 19815 | D:9      | 19815 ||| Stepping ~*~*~tactically~*~*~ (outnumbered).
 19818 | D:9      | 19818 ||| Stepping ~*~*~tactically~*~*~ (outnumbered).
 19823 | D:9      | 19823 ||| Stepping ~*~*~tactically~*~*~ (outnumbered).
 19833 | D:9      | 19833 ||| FLEEEEING.
 19840 | D:9      | 19840 ||| Stepping ~*~*~tactically~*~*~ (stealth).
 19841 | D:9      | 19841 ||| Stepping ~*~*~tactically~*~*~ (stealth).
 19874 | D:9      | 19874 ||| FLEEEEING.
 19890 | D:9      | 19890 ||| FLEEEEING.
 19891 | D:9      | 19891 ||| FLEEEEING.
 19929 | D:9      | 19929 ||| Stepping ~*~*~tactically~*~*~ (outnumbered).
 19940 | D:9      | 19940 ||| Stepping ~*~*~tactically~*~*~ (outnumbered).
 19945 | D:9      | 19945 ||| Stepping ~*~*~tactically~*~*~ (outnumbered).
 19947 | D:9      | 19947 ||| FLEEEEING.
 19961 | D:9      | 19961 ||| FLEEEEING.
 19962 | D:9      | 19962 ||| FLEEEEING.
 19985 | D:9      | 19985 ||| FLEEEEING.
 20007 | D:9      | 20007 ||| Stepping ~*~*~tactically~*~*~ (outnumbered).
 20013 | D:9      | 20013 ||| FLEEEEING.
 20025 | D:9      | 20025 ||| Stepping ~*~*~tactically~*~*~ (outnumbered).
 20031 | D:9      | 20031 ||| FLEEEEING.
 20050 | D:9      | 20050 ||| Stepping ~*~*~tactically~*~*~ (outnumbered).
 20057 | D:9      | 20057 ||| FLEEEEING.
 20087 | D:9      | 20087 ||| Stepping ~*~*~tactically~*~*~ (outnumbered).
 20088 | D:9      | 20088 ||| Stepping ~*~*~tactically~*~*~ (outnumbered).
 20096 | D:9      | 20096 ||| FLEEEEING.
 20113 | D:9      | 20113 ||| Stepping ~*~*~tactically~*~*~ (outnumbered).
 20123 | D:9      | 20123 ||| Stepping ~*~*~tactically~*~*~ (outnumbered).
 20126 | D:9      | 20126 ||| Stepping ~*~*~tactically~*~*~ (outnumbered).
 20128 | D:9      | 20128 ||| Stepping ~*~*~tactically~*~*~ (outnumbered).
 20137 | D:9      | 20137 ||| Stepping ~*~*~tactically~*~*~ (outnumbered).
 20138 | D:9      | 20138 ||| FLEEEEING.
 20162 | D:9      | 20162 ||| Stepping ~*~*~tactically~*~*~ (outnumbered).
 20173 | D:9      | 20173 ||| FLEEEEING.
 20174 | D:9      | 20174 ||| FLEEEEING.
 20211 | D:9      | 20211 ||| FLEEEEING.
 20222 | D:9      | 20222 ||| Stepping ~*~*~tactically~*~*~ (outnumbered).
 20232 | D:9      | 20232 ||| Stepping ~*~*~tactically~*~*~ (outnumbered).
 20244 | D:9      | 20244 ||| Stepping ~*~*~tactically~*~*~ (outnumbered).
 20246 | D:9      | 20246 ||| Stepping ~*~*~tactically~*~*~ (outnumbered).
 20255 | D:9      | 20255 ||| FLEEEEING.
 20269 | D:9      | 20269 ||| Stepping ~*~*~tactically~*~*~ (outnumbered).
 20271 | D:9      | 20271 ||| Stepping ~*~*~tactically~*~*~ (outnumbered).
 20273 | D:9      | 20273 ||| Stepping ~*~*~tactically~*~*~ (outnumbered).
 20275 | D:9      | 20275 ||| Stepping ~*~*~tactically~*~*~ (outnumbered).
 20278 | D:9      | 20278 ||| Stepping ~*~*~tactically~*~*~ (outnumbered).
 20279 | D:9      | 20279 ||| Stepping ~*~*~tactically~*~*~ (outnumbered).
 20284 | D:9      | 20284 ||| FLEEEEING.
 20314 | D:9      | 20314 ||| Stepping ~*~*~tactically~*~*~ (outnumbered).
 20320 | D:9      | 20320 ||| Stepping ~*~*~tactically~*~*~ (outnumbered).
 20322 | D:9      | 20322 ||| FLEEEEING.
 20335 | D:9      | 20335 ||| Stepping ~*~*~tactically~*~*~ (outnumbered).
 20340 | D:9      | 20340 ||| Stepping ~*~*~tactically~*~*~ (outnumbered).
 20342 | D:9      | 20342 ||| Stepping ~*~*~tactically~*~*~ (outnumbered).
 20347 | D:9      | 20347 ||| FLEEEEING.
 20361 | D:9      | 20361 ||| Stepping ~*~*~tactically~*~*~ (outnumbered).
 20371 | D:9      | 20371 ||| Stepping ~*~*~tactically~*~*~ (outnumbered).
 20373 | D:9      | 20373 ||| Stepping ~*~*~tactically~*~*~ (outnumbered).
 20381 | D:9      | 20381 ||| Stepping ~*~*~tactically~*~*~ (outnumbered).
 20390 | D:9      | 20390 ||| Stepping ~*~*~tactically~*~*~ (outnumbered).
 20395 | D:9      | 20395 ||| Stepping ~*~*~tactically~*~*~ (outnumbered).
 20403 | D:9      | 20403 ||| Stepping ~*~*~tactically~*~*~ (outnumbered).
 20414 | D:9      | 20414 ||| FLEEEEING.
 20415 | D:9      | 20415 ||| FLEEEEING.
 20455 | D:9      | 20455 ||| FLEEEEING.
 20468 | D:9      | 20468 ||| Stepping ~*~*~tactically~*~*~ (outnumbered).
 20472 | D:9      | 20472 ||| Stepping ~*~*~tactically~*~*~ (outnumbered).
 20474 | D:9      | 20474 ||| Stepping ~*~*~tactically~*~*~ (outnumbered).
 20480 | D:9      | 20480 ||| FLEEEEING.
 20491 | D:9      | 20491 ||| Stepping ~*~*~tactically~*~*~ (outnumbered).
 20493 | D:9      | 20493 ||| Stepping ~*~*~tactically~*~*~ (outnumbered).
 20504 | D:9      | 20504 ||| FLEEEEING.
 20505 | D:9      | 20505 ||| FLEEEEING.
 20557 | D:9      | 20557 ||| Stepping ~*~*~tactically~*~*~ (outnumbered).
 20560 | D:9      | 20560 ||| Stepping ~*~*~tactically~*~*~ (outnumbered).
 20561 | D:9      | 20561 ||| Stepping ~*~*~tactically~*~*~ (outnumbered).
 20570 | D:9      | 20570 ||| Stepping ~*~*~tactically~*~*~ (outnumbered).
 20574 | D:9      | 20574 ||| Stepping ~*~*~tactically~*~*~ (outnumbered).
 20582 | D:9      | 20582 ||| Stepping ~*~*~tactically~*~*~ (outnumbered).
 20589 | D:9      | 20589 ||| Stepping ~*~*~tactically~*~*~ (outnumbered).
 20591 | D:9      | 20591 ||| Stepping ~*~*~tactically~*~*~ (outnumbered).
 20597 | D:9      | 20597 ||| Stepping ~*~*~tactically~*~*~ (outnumbered).
 20599 | D:9      | 20599 ||| Stepping ~*~*~tactically~*~*~ (outnumbered).
 20601 | D:9      | 20601 ||| Stepping ~*~*~tactically~*~*~ (outnumbered).
 20605 | D:9      | 20605 ||| FLEEEEING.
 20624 | D:9      | 20624 ||| FLEEEEING.
 20640 | D:9      | 20640 ||| FLEEEEING.
 20658 | D:9      | 20658 ||| Stepping ~*~*~tactically~*~*~ (outnumbered).
 20664 | D:9      | 20664 ||| Stepping ~*~*~tactically~*~*~ (outnumbered).
 20666 | D:9      | 20666 ||| Stepping ~*~*~tactically~*~*~ (outnumbered).
 20669 | D:9      | 20669 ||| FLEEEEING.
 20670 | D:9      | 20670 ||| FLEEEEING.
 20693 | D:9      | 20693 ||| Stepping ~*~*~tactically~*~*~ (outnumbered).
 20697 | D:9      | 20697 ||| FLEEEEING.
 20709 | D:9      | 20709 ||| Stepping ~*~*~tactically~*~*~ (outnumbered).
 20712 | D:9      | 20712 ||| Stepping ~*~*~tactically~*~*~ (outnumbered).
 20717 | D:9      | 20717 ||| FLEEEEING.
 20718 | D:9      | 20718 ||| FLEEEEING.
 20771 | D:9      | 20771 ||| Stepping ~*~*~tactically~*~*~ (outnumbered).
 20780 | D:9      | 20780 ||| FLEEEEING.
 20781 | D:9      | 20781 ||| FLEEEEING.
 20820 | D:9      | 20820 ||| FLEEEEING.
 20821 | D:9      | 20821 ||| FLEEEEING.
 20847 | D:9      | 20847 ||| Stepping ~*~*~tactically~*~*~ (outnumbered).
 20853 | D:9      | 20853 ||| Stepping ~*~*~tactically~*~*~ (outnumbered).
 20855 | D:9      | 20855 ||| FLEEEEING.
 20868 | D:9      | 20868 ||| Stepping ~*~*~tactically~*~*~ (outnumbered).
 20877 | D:9      | 20877 ||| Stepping ~*~*~tactically~*~*~ (outnumbered).
 20880 | D:9      | 20880 ||| FLEEEEING.
 20891 | D:9      | 20891 ||| Stepping ~*~*~tactically~*~*~ (outnumbered).
 20893 | D:9      | 20893 ||| Stepping ~*~*~tactically~*~*~ (outnumbered).
 20901 | D:9      | 20901 ||| FLEEEEING.
 20918 | D:9      | 20918 ||| Stepping ~*~*~tactically~*~*~ (outnumbered).
 20920 | D:9      | 20920 ||| Stepping ~*~*~tactically~*~*~ (outnumbered).
 20923 | D:9      | 20923 ||| Stepping ~*~*~tactically~*~*~ (stealth).
 20925 | D:9      | 20925 ||| Stepping ~*~*~tactically~*~*~ (outnumbered).
 20929 | D:9      | 20929 ||| Stepping ~*~*~tactically~*~*~ (outnumbered).
 20931 | D:9      | 20931 ||| Stepping ~*~*~tactically~*~*~ (outnumbered).
 20933 | D:9      | 20933 ||| FLEEEEING.
 20958 | D:9      | 20958 ||| Stepping ~*~*~tactically~*~*~ (outnumbered).
 20960 | D:9      | 20960 ||| Stepping ~*~*~tactically~*~*~ (outnumbered).
 20967 | D:9      | 20967 ||| FLEEEEING.
 21002 | D:9      | 21002 ||| FLEEEEING.
 21003 | D:9      | 21003 ||| FLEEEEING.
 21040 | D:9      | 21040 ||| FLEEEEING.
 21056 | D:9      | 21056 ||| FLEEEEING.
 21070 | D:9      | 21070 ||| FLEEEEING.
 21105 | D:9      | 21105 ||| FLEEEEING.
 21139 | D:9      | 21139 ||| Stepping ~*~*~tactically~*~*~ (outnumbered).
 21140 | D:9      | 21140 ||| Stepping ~*~*~tactically~*~*~ (outnumbered).
 21144 | D:9      | 21144 ||| FLEEEEING.
 21145 | D:9      | 21145 ||| FLEEEEING.
 21198 | D:9      | 21198 ||| FLEEEEING.
 21214 | D:9      | 21214 ||| FLEEEEING.
 21234 | D:9      | 21234 ||| FLEEEEING.
 21235 | D:9      | 21235 ||| FLEEEEING.
 21267 | D:9      | 21267 ||| Stepping ~*~*~tactically~*~*~ (outnumbered).
 21278 | D:9      | 21278 ||| FLEEEEING.
 21279 | D:9      | 21279 ||| FLEEEEING.
 21331 | D:9      | 21331 ||| Stepping ~*~*~tactically~*~*~ (outnumbered).
 21341 | D:9      | 21341 ||| Stepping ~*~*~tactically~*~*~ (stealth).
 21349 | D:9      | 21349 ||| Stepping ~*~*~tactically~*~*~ (outnumbered).
 21355 | D:9      | 21355 ||| Stepping ~*~*~tactically~*~*~ (stealth).
 21359 | D:9      | 21359 ||| Stepping ~*~*~tactically~*~*~ (outnumbered).
 21360 | D:9      | 21360 ||| FLEEEEING.
 21383 | D:9      | 21383 ||| Stepping ~*~*~tactically~*~*~ (outnumbered).
 21388 | D:9      | 21388 ||| Stepping ~*~*~tactically~*~*~ (outnumbered).
 21395 | D:9      | 21395 ||| Stepping ~*~*~tactically~*~*~ (outnumbered).
 21397 | D:9      | 21397 ||| Stepping ~*~*~tactically~*~*~ (outnumbered).
 21399 | D:9      | 21399 ||| Stepping ~*~*~tactically~*~*~ (outnumbered).
 21401 | D:9      | 21401 ||| Stepping ~*~*~tactically~*~*~ (outnumbered).
 21404 | D:9      | 21404 ||| Stepping ~*~*~tactically~*~*~ (outnumbered).
 21410 | D:9      | 21410 ||| FLEEEEING.
 21421 | D:9      | 21421 ||| FLEEEEING.
 21437 | D:9      | 21437 ||| FLEEEEING.
 21438 | D:9      | 21438 ||| FLEEEEING.
 21471 | D:9      | 21471 ||| FLEEEEING.
 21472 | D:9      | 21472 ||| FLEEEEING.
 21490 | D:9      | 21490 ||| Stepping ~*~*~tactically~*~*~ (outnumbered).
 21493 | D:9      | 21493 ||| Stepping ~*~*~tactically~*~*~ (outnumbered).
 21495 | D:9      | 21495 ||| Stepping ~*~*~tactically~*~*~ (outnumbered).
 21501 | D:9      | 21501 ||| Stepping ~*~*~tactically~*~*~ (outnumbered).
 21512 | D:9      | 21512 ||| Stepping ~*~*~tactically~*~*~ (outnumbered).
 21516 | D:9      | 21516 ||| Stepping ~*~*~tactically~*~*~ (outnumbered).
 21517 | D:9      | 21517 ||| FLEEEEING.
 21548 | D:9      | 21548 ||| Stepping ~*~*~tactically~*~*~ (outnumbered).
 21556 | D:9      | 21556 ||| Stepping ~*~*~tactically~*~*~ (outnumbered).
 21562 | D:9      | 21562 ||| FLEEEEING.
 21563 | D:9      | 21563 ||| FLEEEEING.
 21602 | D:9      | 21602 ||| Stepping ~*~*~tactically~*~*~ (outnumbered).
 21604 | D:9      | 21604 ||| FLEEEEING.
 21615 | D:9      | 21615 ||| Stepping ~*~*~tactically~*~*~ (outnumbered).
 21621 | D:9      | 21621 ||| Stepping ~*~*~tactically~*~*~ (outnumbered).
 21623 | D:9      | 21623 ||| Stepping ~*~*~tactically~*~*~ (outnumbered).
 21630 | D:9      | 21630 ||| Stepping ~*~*~tactically~*~*~ (outnumbered).
 21638 | D:9      | 21638 ||| Stepping ~*~*~tactically~*~*~ (outnumbered).
 21646 | D:9      | 21646 ||| FLEEEEING.
 21647 | D:9      | 21647 ||| FLEEEEING.
 21692 | D:9      | 21692 ||| Stepping ~*~*~tactically~*~*~ (outnumbered).
 21694 | D:9      | 21694 ||| Stepping ~*~*~tactically~*~*~ (outnumbered).
 21699 | D:9      | 21699 ||| Stepping ~*~*~tactically~*~*~ (outnumbered).
 21707 | D:9      | 21707 ||| Stepping ~*~*~tactically~*~*~ (outnumbered).
 21715 | D:9      | 21715 ||| Stepping ~*~*~tactically~*~*~ (outnumbered).
 21717 | D:9      | 21717 ||| Stepping ~*~*~tactically~*~*~ (outnumbered).
 21724 | D:9      | 21724 ||| Stepping ~*~*~tactically~*~*~ (outnumbered).
 21726 | D:9      | 21726 ||| FLEEEEING.
 21740 | D:9      | 21740 ||| Stepping ~*~*~tactically~*~*~ (outnumbered).
 21741 | D:9      | 21741 ||| Stepping ~*~*~tactically~*~*~ (outnumbered).
 21750 | D:9      | 21750 ||| Stepping ~*~*~tactically~*~*~ (outnumbered).
 21754 | D:9      | 21754 ||| Stepping ~*~*~tactically~*~*~ (outnumbered).
 21757 | D:9      | 21757 ||| Stepping ~*~*~tactically~*~*~ (outnumbered).
 21763 | D:9      | 21763 ||| Stepping ~*~*~tactically~*~*~ (outnumbered).
 21765 | D:9      | 21765 ||| Stepping ~*~*~tactically~*~*~ (outnumbered).
 21767 | D:9      | 21767 ||| Stepping ~*~*~tactically~*~*~ (outnumbered).
 21772 | D:9      | 21772 ||| FLEEEEING.
 21784 | D:9      | 21784 ||| Stepping ~*~*~tactically~*~*~ (outnumbered).
 21787 | D:9      | 21787 ||| Stepping ~*~*~tactically~*~*~ (outnumbered).
 21789 | D:9      | 21789 ||| Stepping ~*~*~tactically~*~*~ (outnumbered).
 21791 | D:9      | 21791 ||| Stepping ~*~*~tactically~*~*~ (outnumbered).
 21793 | D:9      | 21793 ||| Stepping ~*~*~tactically~*~*~ (outnumbered).
 21800 | D:9      | 21800 ||| Stepping ~*~*~tactically~*~*~ (outnumbered).
 21804 | D:9      | 21804 ||| Stepping ~*~*~tactically~*~*~ (outnumbered).
 21806 | D:9      | 21806 ||| Stepping ~*~*~tactically~*~*~ (outnumbered).
 21811 | D:9      | 21811 ||| Stepping ~*~*~tactically~*~*~ (outnumbered).
 21816 | D:9      | 21816 ||| Stepping ~*~*~tactically~*~*~ (outnumbered).
 21827 | D:9      | 21827 ||| Stepping ~*~*~tactically~*~*~ (outnumbered).
 21829 | D:9      | 21829 ||| Stepping ~*~*~tactically~*~*~ (outnumbered).
 21831 | D:9      | 21831 ||| Stepping ~*~*~tactically~*~*~ (outnumbered).
 21833 | D:9      | 21833 ||| Stepping ~*~*~tactically~*~*~ (outnumbered).
 21837 | D:9      | 21837 ||| Stepping ~*~*~tactically~*~*~ (outnumbered).
 21839 | D:9      | 21839 ||| Stepping ~*~*~tactically~*~*~ (outnumbered).
 21844 | D:9      | 21844 ||| Stepping ~*~*~tactically~*~*~ (outnumbered).
 21847 | D:9      | 21847 ||| Stepping ~*~*~tactically~*~*~ (outnumbered).
 21856 | D:9      | 21856 ||| Stepping ~*~*~tactically~*~*~ (outnumbered).
 21866 | D:9      | 21866 ||| Stepping ~*~*~tactically~*~*~ (outnumbered).
 21868 | D:9      | 21868 ||| FLEEEEING.
 21887 | D:9      | 21887 ||| Stepping ~*~*~tactically~*~*~ (stealth).
 21893 | D:9      | 21893 ||| Stepping ~*~*~tactically~*~*~ (outnumbered).
 21903 | D:9      | 21903 ||| Stepping ~*~*~tactically~*~*~ (outnumbered).
 21905 | D:9      | 21905 ||| Stepping ~*~*~tactically~*~*~ (outnumbered).
 21907 | D:9      | 21907 ||| Stepping ~*~*~tactically~*~*~ (outnumbered).
 21918 | D:9      | 21918 ||| FLEEEEING.
 21919 | D:9      | 21919 ||| FLEEEEING.
 21940 | D:9      | 21940 ||| FLEEEEING.
 21953 | D:9      | 21953 ||| Stepping ~*~*~tactically~*~*~ (outnumbered).
 21957 | D:9      | 21957 ||| Stepping ~*~*~tactically~*~*~ (outnumbered).
 21959 | D:9      | 21959 ||| Stepping ~*~*~tactically~*~*~ (outnumbered).
 21964 | D:9      | 21964 ||| Stepping ~*~*~tactically~*~*~ (outnumbered).
 21966 | D:9      | 21966 ||| Stepping ~*~*~tactically~*~*~ (outnumbered).
 21971 | D:9      | 21971 ||| Stepping ~*~*~tactically~*~*~ (outnumbered).
 21973 | D:9      | 21973 ||| Stepping ~*~*~tactically~*~*~ (outnumbered).
 21975 | D:9      | 21975 ||| Stepping ~*~*~tactically~*~*~ (outnumbered).
 21980 | D:9      | 21980 ||| Stepping ~*~*~tactically~*~*~ (outnumbered).
 21982 | D:9      | 21982 ||| FLEEEEING.
 21993 | D:9      | 21993 ||| FLEEEEING.
 22006 | D:9      | 22006 ||| FLEEEEING.
 22019 | D:9      | 22019 ||| Stepping ~*~*~tactically~*~*~ (outnumbered).
 22029 | D:9      | 22029 ||| Stepping ~*~*~tactically~*~*~ (outnumbered).
 22031 | D:9      | 22031 ||| FLEEEEING.
 22043 | D:9      | 22043 ||| Stepping ~*~*~tactically~*~*~ (outnumbered).
 22045 | D:9      | 22045 ||| Stepping ~*~*~tactically~*~*~ (outnumbered).
 22048 | D:9      | 22048 ||| Stepping ~*~*~tactically~*~*~ (outnumbered).
 22058 | D:9      | 22058 ||| Stepping ~*~*~tactically~*~*~ (outnumbered).
 22063 | D:9      | 22063 ||| Stepping ~*~*~tactically~*~*~ (outnumbered).
 22066 | D:9      | 22066 ||| Stepping ~*~*~tactically~*~*~ (outnumbered).
 22073 | D:9      | 22073 ||| Stepping ~*~*~tactically~*~*~ (outnumbered).
 22074 | D:9      | 22074 ||| Stepping ~*~*~tactically~*~*~ (outnumbered).
 22080 | D:9      | 22080 ||| FLEEEEING.
 22092 | D:9      | 22092 ||| Stepping ~*~*~tactically~*~*~ (outnumbered).
 22101 | D:9      | 22101 ||| Stepping ~*~*~tactically~*~*~ (outnumbered).
 22105 | D:9      | 22105 ||| FLEEEEING.
 22126 | D:9      | 22126 ||| Stepping ~*~*~tactically~*~*~ (outnumbered).
 22129 | D:9      | 22129 ||| FLEEEEING.
 22148 | D:9      | 22148 ||| FLEEEEING.
 22149 | D:9      | 22149 ||| FLEEEEING.
 22177 | D:9      | 22177 ||| FLEEEEING.
 22201 | D:9      | 22201 ||| Stepping ~*~*~tactically~*~*~ (outnumbered).
 22202 | D:9      | 22202 ||| Stepping ~*~*~tactically~*~*~ (outnumbered).
 22204 | D:9      | 22204 ||| Stepping ~*~*~tactically~*~*~ (outnumbered).
 22206 | D:9      | 22206 ||| Stepping ~*~*~tactically~*~*~ (outnumbered).
 22215 | D:9      | 22215 ||| Stepping ~*~*~tactically~*~*~ (outnumbered).
 22219 | D:9      | 22219 ||| Stepping ~*~*~tactically~*~*~ (outnumbered).
 22221 | D:9      | 22221 ||| Stepping ~*~*~tactically~*~*~ (outnumbered).
 22226 | D:9      | 22226 ||| FLEEEEING.
 22238 | D:9      | 22238 ||| FLEEEEING.
 22239 | D:9      | 22239 ||| FLEEEEING.
 22276 | D:9      | 22276 ||| Stepping ~*~*~tactically~*~*~ (outnumbered).
 22281 | D:9      | 22281 ||| Stepping ~*~*~tactically~*~*~ (outnumbered).
 22291 | D:9      | 22291 ||| FLEEEEING.
 22302 | D:9      | 22302 ||| Stepping ~*~*~tactically~*~*~ (outnumbered).
 22310 | D:9      | 22310 ||| FLEEEEING.
 22311 | D:9      | 22311 ||| FLEEEEING.
 22326 | D:9      | 22326 ||| Stepping ~*~*~tactically~*~*~ (outnumbered).
 22334 | D:9      | 22334 ||| Stepping ~*~*~tactically~*~*~ (outnumbered).
 22343 | D:9      | 22343 ||| FLEEEEING.
 22360 | D:9      | 22360 ||| FLEEEEING.
 22361 | D:9      | 22361 ||| FLEEEEING.
 22386 | D:9      | 22386 ||| Stepping ~*~*~tactically~*~*~ (outnumbered).
 22389 | D:9      | 22389 ||| Stepping ~*~*~tactically~*~*~ (outnumbered).
 22391 | D:9      | 22391 ||| FLEEEEING.
 22402 | D:9      | 22402 ||| Stepping ~*~*~tactically~*~*~ (outnumbered).
 22411 | D:9      | 22411 ||| Stepping ~*~*~tactically~*~*~ (outnumbered).
 22413 | D:9      | 22413 ||| Stepping ~*~*~tactically~*~*~ (outnumbered).
 22415 | D:9      | 22415 ||| Stepping ~*~*~tactically~*~*~ (outnumbered).
 22421 | D:9      | 22421 ||| Stepping ~*~*~tactically~*~*~ (outnumbered).
 22423 | D:9      | 22423 ||| Stepping ~*~*~tactically~*~*~ (outnumbered).
 22425 | D:9      | 22425 ||| FLEEEEING.
 22437 | D:9      | 22437 ||| Stepping ~*~*~tactically~*~*~ (outnumbered).
 22438 | D:9      | 22438 ||| Stepping ~*~*~tactically~*~*~ (outnumbered).
 22444 | D:9      | 22444 ||| Stepping ~*~*~tactically~*~*~ (outnumbered).
 22455 | D:9      | 22455 ||| FLEEEEING.
 22473 | D:9      | 22473 ||| Stepping ~*~*~tactically~*~*~ (outnumbered).
 22476 | D:9      | 22476 ||| FLEEEEING.
 22477 | D:9      | 22477 ||| FLEEEEING.
 22530 | D:9      | 22530 ||| Stepping ~*~*~tactically~*~*~ (outnumbered).
 22534 | D:9      | 22534 ||| Stepping ~*~*~tactically~*~*~ (outnumbered).
 22537 | D:9      | 22537 ||| FLEEEEING.
 22553 | D:9      | 22553 ||| FLEEEEING.
 22554 | D:9      | 22554 ||| FLEEEEING.
 22592 | D:9      | 22592 ||| Stepping ~*~*~tactically~*~*~ (outnumbered).
 22594 | D:9      | 22594 ||| Stepping ~*~*~tactically~*~*~ (outnumbered).
 22597 | D:9      | 22597 ||| FLEEEEING.
 22615 | D:9      | 22615 ||| FLEEEEING.
 22633 | D:9      | 22633 ||| FLEEEEING.
 22644 | D:9      | 22644 ||| FLEEEEING.
 22658 | D:9      | 22658 ||| Stepping ~*~*~tactically~*~*~ (outnumbered).
 22659 | D:9      | 22659 ||| Stepping ~*~*~tactically~*~*~ (outnumbered).
 22670 | D:9      | 22670 ||| Stepping ~*~*~tactically~*~*~ (outnumbered).
 22675 | D:9      | 22675 ||| Stepping ~*~*~tactically~*~*~ (outnumbered).
 22681 | D:9      | 22681 ||| Stepping ~*~*~tactically~*~*~ (outnumbered).
 22686 | D:9      | 22686 ||| Stepping ~*~*~tactically~*~*~ (outnumbered).
 22688 | D:9      | 22688 ||| Stepping ~*~*~tactically~*~*~ (outnumbered).
 22694 | D:9      | 22694 ||| FLEEEEING.
 22705 | D:9      | 22705 ||| Stepping ~*~*~tactically~*~*~ (outnumbered).
 22707 | D:9      | 22707 ||| Stepping ~*~*~tactically~*~*~ (outnumbered).
 22709 | D:9      | 22709 ||| Stepping ~*~*~tactically~*~*~ (outnumbered).
 22711 | D:9      | 22711 ||| Stepping ~*~*~tactically~*~*~ (outnumbered).
 22713 | D:9      | 22713 ||| Stepping ~*~*~tactically~*~*~ (outnumbered).
 22715 | D:9      | 22715 ||| Stepping ~*~*~tactically~*~*~ (outnumbered).
 22717 | D:9      | 22717 ||| Stepping ~*~*~tactically~*~*~ (outnumbered).
 22725 | D:9      | 22725 ||| Stepping ~*~*~tactically~*~*~ (outnumbered).
 22726 | D:9      | 22726 ||| Stepping ~*~*~tactically~*~*~ (outnumbered).
 22732 | D:9      | 22732 ||| FLEEEEING.
 22749 | D:9      | 22749 ||| Stepping ~*~*~tactically~*~*~ (outnumbered).
 22751 | D:9      | 22751 ||| Stepping ~*~*~tactically~*~*~ (outnumbered).
 22753 | D:9      | 22753 ||| Stepping ~*~*~tactically~*~*~ (outnumbered).
 22755 | D:9      | 22755 ||| FLEEEEING.
 22774 | D:9      | 22774 ||| FLEEEEING.
 22775 | D:9      | 22775 ||| FLEEEEING.
 22813 | D:9      | 22813 ||| FLEEEEING.
 22825 | D:9      | 22825 ||| Stepping ~*~*~tactically~*~*~ (outnumbered).
 22829 | D:9      | 22829 ||| Stepping ~*~*~tactically~*~*~ (outnumbered).
 22831 | D:9      | 22831 ||| Stepping ~*~*~tactically~*~*~ (outnumbered).
 22834 | D:9      | 22834 ||| Stepping ~*~*~tactically~*~*~ (outnumbered).
 22842 | D:9      | 22842 ||| Stepping ~*~*~tactically~*~*~ (outnumbered).
 22846 | D:9      | 22846 ||| FLEEEEING.
 22862 | D:9      | 22862 ||| FLEEEEING.
 22863 | D:9      | 22863 ||| FLEEEEING.
 22908 | D:9      | 22908 ||| Stepping ~*~*~tactically~*~*~ (outnumbered).
 22918 | D:9      | 22918 ||| Stepping ~*~*~tactically~*~*~ (outnumbered).
 22925 | D:9      | 22925 ||| FLEEEEING.
 22926 | D:9      | 22926 ||| FLEEEEING.
 22942 | D:9      | 22942 ||| Stepping ~*~*~tactically~*~*~ (outnumbered).
 22944 | D:9      | 22944 ||| Stepping ~*~*~tactically~*~*~ (outnumbered).
 22952 | D:9      | 22952 ||| Stepping ~*~*~tactically~*~*~ (outnumbered).
 22953 | D:9      | 22953 ||| FLEEEEING.
 22964 | D:9      | 22964 ||| Stepping ~*~*~tactically~*~*~ (outnumbered).
 22966 | D:9      | 22966 ||| Stepping ~*~*~tactically~*~*~ (outnumbered).
 22972 | D:9      | 22972 ||| Stepping ~*~*~tactically~*~*~ (outnumbered).
 22979 | D:9      | 22979 ||| Stepping ~*~*~tactically~*~*~ (outnumbered).
 22983 | D:9      | 22983 ||| Stepping ~*~*~tactically~*~*~ (outnumbered).
 22986 | D:9      | 22986 ||| Stepping ~*~*~tactically~*~*~ (outnumbered).
 22989 | D:9      | 22989 ||| Stepping ~*~*~tactically~*~*~ (outnumbered).
 22991 | D:9      | 22991 ||| Stepping ~*~*~tactically~*~*~ (outnumbered).
 22998 | D:9      | 22998 ||| Stepping ~*~*~tactically~*~*~ (outnumbered).
 23005 | D:9      | 23005 ||| Stepping ~*~*~tactically~*~*~ (outnumbered).
 23013 | D:9      | 23013 ||| Stepping ~*~*~tactically~*~*~ (outnumbered).
 23019 | D:9      | 23019 ||| Stepping ~*~*~tactically~*~*~ (outnumbered).
 23028 | D:9      | 23028 ||| Stepping ~*~*~tactically~*~*~ (outnumbered).
 23029 | D:9      | 23029 ||| Stepping ~*~*~tactically~*~*~ (outnumbered).
 23034 | D:9      | 23034 ||| FLEEEEING.
 23060 | D:9      | 23060 ||| Stepping ~*~*~tactically~*~*~ (outnumbered).
 23062 | D:9      | 23062 ||| FLEEEEING.
 23096 | D:9      | 23096 ||| FLEEEEING.
 23097 | D:9      | 23097 ||| FLEEEEING.
 23123 | D:9      | 23123 ||| FLEEEEING.
 23124 | D:9      | 23124 ||| FLEEEEING.
 23153 | D:9      | 23153 ||| FLEEEEING.
 23164 | D:9      | 23164 ||| Stepping ~*~*~tactically~*~*~ (outnumbered).
 23166 | D:9      | 23166 ||| Stepping ~*~*~tactically~*~*~ (outnumbered).
 23175 | D:9      | 23175 ||| Stepping ~*~*~tactically~*~*~ (outnumbered).
 23176 | D:9      | 23176 ||| Stepping ~*~*~tactically~*~*~ (outnumbered).
 23186 | D:9      | 23186 ||| Stepping ~*~*~tactically~*~*~ (outnumbered).
 23194 | D:9      | 23194 ||| Stepping ~*~*~tactically~*~*~ (outnumbered).
 23201 | D:9      | 23201 ||| FLEEEEING.
 23240 | D:9      | 23240 ||| Stepping ~*~*~tactically~*~*~ (outnumbered).
 23242 | D:9      | 23242 ||| Stepping ~*~*~tactically~*~*~ (outnumbered).
 23250 | D:9      | 23250 ||| Stepping ~*~*~tactically~*~*~ (outnumbered).
 23255 | D:9      | 23255 ||| Stepping ~*~*~tactically~*~*~ (outnumbered).
 23256 | D:9      | 23256 ||| FLEEEEING.
 23268 | D:9      | 23268 ||| Stepping ~*~*~tactically~*~*~ (outnumbered).
 23277 | D:9      | 23277 ||| Stepping ~*~*~tactically~*~*~ (outnumbered).
 23285 | D:9      | 23285 ||| Stepping ~*~*~tactically~*~*~ (outnumbered).
 23295 | D:9      | 23295 ||| Stepping ~*~*~tactically~*~*~ (outnumbered).
 23297 | D:9      | 23297 ||| Stepping ~*~*~tactically~*~*~ (outnumbered).
 23299 | D:9      | 23299 ||| Stepping ~*~*~tactically~*~*~ (outnumbered).
 23301 | D:9      | 23301 ||| Stepping ~*~*~tactically~*~*~ (outnumbered).
 23306 | D:9      | 23306 ||| Stepping ~*~*~tactically~*~*~ (outnumbered).
 23315 | D:9      | 23315 ||| Stepping ~*~*~tactically~*~*~ (outnumbered).
 23318 | D:9      | 23318 ||| FLEEEEING.
 23319 | D:9      | 23319 ||| FLEEEEING.
 23340 | D:9      | 23340 ||| Stepping ~*~*~tactically~*~*~ (outnumbered).
 23344 | D:9      | 23344 ||| Stepping ~*~*~tactically~*~*~ (outnumbered).
 23353 | D:9      | 23353 ||| Stepping ~*~*~tactically~*~*~ (outnumbered).
 23357 | D:9      | 23357 ||| Stepping ~*~*~tactically~*~*~ (outnumbered).
 23359 | D:9      | 23359 ||| Stepping ~*~*~tactically~*~*~ (outnumbered).
 23367 | D:9      | 23367 ||| Stepping ~*~*~tactically~*~*~ (outnumbered).
 23370 | D:9      | 23370 ||| FLEEEEING.
 23371 | D:9      | 23371 ||| FLEEEEING.
 23394 | D:9      | 23394 ||| FLEEEEING.
 23410 | D:9      | 23410 ||| Stepping ~*~*~tactically~*~*~ (outnumbered).
 23411 | D:9      | 23411 ||| Stepping ~*~*~tactically~*~*~ (outnumbered).
 23415 | D:9      | 23415 ||| Stepping ~*~*~tactically~*~*~ (outnumbered).
 23425 | D:9      | 23425 ||| Stepping ~*~*~tactically~*~*~ (outnumbered).
 23427 | D:9      | 23427 ||| Stepping ~*~*~tactically~*~*~ (outnumbered).
 23432 | D:9      | 23432 ||| Stepping ~*~*~tactically~*~*~ (outnumbered).
 23435 | D:9      | 23435 ||| Stepping ~*~*~tactically~*~*~ (outnumbered).
 23437 | D:9      | 23437 ||| Stepping ~*~*~tactically~*~*~ (outnumbered).
 23439 | D:9      | 23439 ||| Stepping ~*~*~tactically~*~*~ (outnumbered).
 23441 | D:9      | 23441 ||| FLEEEEING.
 23454 | D:9      | 23454 ||| Stepping ~*~*~tactically~*~*~ (outnumbered).
 23463 | D:9      | 23463 ||| Stepping ~*~*~tactically~*~*~ (outnumbered).
 23465 | D:9      | 23465 ||| Stepping ~*~*~tactically~*~*~ (outnumbered).
 23474 | D:9      | 23474 ||| FLEEEEING.
 23498 | D:9      | 23498 ||| FLEEEEING.
 23524 | D:9      | 23524 ||| Stepping ~*~*~tactically~*~*~ (outnumbered).
 23525 | D:9      | 23525 ||| Stepping ~*~*~tactically~*~*~ (outnumbered).
 23532 | D:9      | 23532 ||| FLEEEEING.
 23557 | D:9      | 23557 ||| Stepping ~*~*~tactically~*~*~ (stealth).
 23563 | D:9      | 23563 ||| Stepping ~*~*~tactically~*~*~ (outnumbered).
 23573 | D:9      | 23573 ||| Stepping ~*~*~tactically~*~*~ (stealth).
 23579 | D:9      | 23579 ||| Stepping ~*~*~tactically~*~*~ (outnumbered).
 23580 | D:9      | 23580 ||| Stepping ~*~*~tactically~*~*~ (stealth).
 23590 | D:9      | 23590 ||| FLEEEEING.
 23591 | D:9      | 23591 ||| FLEEEEING.
 23604 | D:9      | 23604 ||| Stepping ~*~*~tactically~*~*~ (outnumbered).
 23606 | D:9      | 23606 ||| Stepping ~*~*~tactically~*~*~ (outnumbered).
 23611 | D:9      | 23611 ||| Stepping ~*~*~tactically~*~*~ (outnumbered).
 23613 | D:9      | 23613 ||| Stepping ~*~*~tactically~*~*~ (outnumbered).
 23615 | D:9      | 23615 ||| Stepping ~*~*~tactically~*~*~ (outnumbered).
 23617 | D:9      | 23617 ||| FLEEEEING.
 23629 | D:9      | 23629 ||| Stepping ~*~*~tactically~*~*~ (outnumbered).
 23631 | D:9      | 23631 ||| FLEEEEING.
 23663 | D:9      | 23663 ||| FLEEEEING.
 23664 | D:9      | 23664 ||| FLEEEEING.
 23679 | D:9      | 23679 ||| Stepping ~*~*~tactically~*~*~ (outnumbered).
 23682 | D:9      | 23682 ||| Stepping ~*~*~tactically~*~*~ (outnumbered).
 23692 | D:9      | 23692 ||| Stepping ~*~*~tactically~*~*~ (outnumbered).
 23695 | D:9      | 23695 ||| FLEEEEING.
 23725 | D:9      | 23725 ||| Stepping ~*~*~tactically~*~*~ (stealth).
 23729 | D:9      | 23729 ||| Stepping ~*~*~tactically~*~*~ (outnumbered).
 23736 | D:9      | 23736 ||| Stepping ~*~*~tactically~*~*~ (outnumbered).
 23740 | D:9      | 23740 ||| Stepping ~*~*~tactically~*~*~ (outnumbered).
 23743 | D:9      | 23743 ||| FLEEEEING.
 23757 | D:9      | 23757 ||| Stepping ~*~*~tactically~*~*~ (outnumbered).
 23766 | D:9      | 23766 ||| FLEEEEING.
 23767 | D:9      | 23767 ||| FLEEEEING.
 23784 | D:9      | 23784 ||| FLEEEEING.
 23806 | D:9      | 23806 ||| Stepping ~*~*~tactically~*~*~ (outnumbered).
 23808 | D:9      | 23808 ||| FLEEEEING.
 23824 | D:9      | 23824 ||| FLEEEEING.
 23847 | D:9      | 23847 ||| FLEEEEING.
 23848 | D:9      | 23848 ||| FLEEEEING.
 23884 | D:9      | 23884 ||| FLEEEEING.
 23885 | D:9      | 23885 ||| FLEEEEING.
 23922 | D:9      | 23922 ||| Stepping ~*~*~tactically~*~*~ (outnumbered).
 23924 | D:9      | 23924 ||| Stepping ~*~*~tactically~*~*~ (outnumbered).
 23935 | D:9      | 23935 ||| Stepping ~*~*~tactically~*~*~ (outnumbered).
 23937 | D:9      | 23937 ||| Stepping ~*~*~tactically~*~*~ (outnumbered).
 23945 | D:9      | 23945 ||| Stepping ~*~*~tactically~*~*~ (outnumbered).
 23947 | D:9      | 23947 ||| FLEEEEING.
 23980 | D:9      | 23980 ||| Stepping ~*~*~tactically~*~*~ (stealth).
 23982 | D:9      | 23982 ||| Stepping ~*~*~tactically~*~*~ (outnumbered).
 23992 | D:9      | 23992 ||| FLEEEEING.
 23993 | D:9      | 23993 ||| FLEEEEING.
 24024 | D:9      | 24024 ||| FLEEEEING.
 24038 | D:9      | 24038 ||| Stepping ~*~*~tactically~*~*~ (stealth).
 24046 | D:9      | 24046 ||| Stepping ~*~*~tactically~*~*~ (outnumbered).
 24055 | D:9      | 24055 ||| FLEEEEING.
 24056 | D:9      | 24056 ||| FLEEEEING.
 24090 | D:9      | 24090 ||| Stepping ~*~*~tactically~*~*~ (outnumbered).
 24100 | D:9      | 24100 ||| Stepping ~*~*~tactically~*~*~ (outnumbered).
 24107 | D:9      | 24107 ||| Stepping ~*~*~tactically~*~*~ (outnumbered).
 24109 | D:9      | 24109 ||| Stepping ~*~*~tactically~*~*~ (outnumbered).
 24111 | D:9      | 24111 ||| Stepping ~*~*~tactically~*~*~ (outnumbered).
 24113 | D:9      | 24113 ||| Stepping ~*~*~tactically~*~*~ (outnumbered).
 24115 | D:9      | 24115 ||| Stepping ~*~*~tactically~*~*~ (outnumbered).
 24118 | D:9      | 24118 ||| FLEEEEING.
 24134 | D:9      | 24134 ||| Stepping ~*~*~tactically~*~*~ (outnumbered).
 24144 | D:9      | 24144 ||| Stepping ~*~*~tactically~*~*~ (outnumbered).
 24156 | D:9      | 24156 ||| FLEEEEING.
 24157 | D:9      | 24157 ||| FLEEEEING.
 24198 | D:9      | 24198 ||| FLEEEEING.
 24199 | D:9      | 24199 ||| FLEEEEING.
 24238 | D:9      | 24238 ||| Stepping ~*~*~tactically~*~*~ (outnumbered).
 24245 | D:9      | 24245 ||| Stepping ~*~*~tactically~*~*~ (outnumbered).
 24247 | D:9      | 24247 ||| Stepping ~*~*~tactically~*~*~ (outnumbered).
 24256 | D:9      | 24256 ||| Stepping ~*~*~tactically~*~*~ (outnumbered).
 24257 | D:9      | 24257 ||| FLEEEEING.
 24278 | D:9      | 24278 ||| Stepping ~*~*~tactically~*~*~ (outnumbered).
 24284 | D:9      | 24284 ||| Stepping ~*~*~tactically~*~*~ (outnumbered).
 24288 | D:9      | 24288 ||| Stepping ~*~*~tactically~*~*~ (outnumbered).
 24290 | D:9      | 24290 ||| Stepping ~*~*~tactically~*~*~ (outnumbered).
 24301 | D:9      | 24301 ||| Stepping ~*~*~tactically~*~*~ (outnumbered).
 24305 | D:9      | 24305 ||| Stepping ~*~*~tactically~*~*~ (outnumbered).
 24307 | D:9      | 24307 ||| FLEEEEING.
 24323 | D:9      | 24323 ||| Stepping ~*~*~tactically~*~*~ (outnumbered).
 24332 | D:9      | 24332 ||| FLEEEEING.
 24347 | D:9      | 24347 ||| Stepping ~*~*~tactically~*~*~ (outnumbered).
 24349 | D:9      | 24349 ||| FLEEEEING.
 24375 | D:9      | 24375 ||| Stepping ~*~*~tactically~*~*~ (outnumbered).
 24377 | D:9      | 24377 ||| FLEEEEING.
 24392 | D:9      | 24392 ||| FLEEEEING.
 24412 | D:9      | 24412 ||| Stepping ~*~*~tactically~*~*~ (outnumbered).
 24413 | D:9      | 24413 ||| Stepping ~*~*~tactically~*~*~ (outnumbered).
 24419 | D:9      | 24419 ||| Stepping ~*~*~tactically~*~*~ (outnumbered).
 24428 | D:9      | 24428 ||| Stepping ~*~*~tactically~*~*~ (outnumbered).
 24431 | D:9      | 24431 ||| Stepping ~*~*~tactically~*~*~ (outnumbered).
 24433 | D:9      | 24433 ||| Stepping ~*~*~tactically~*~*~ (outnumbered).
 24436 | D:9      | 24436 ||| Stepping ~*~*~tactically~*~*~ (outnumbered).
 24442 | D:9      | 24442 ||| Stepping ~*~*~tactically~*~*~ (outnumbered).
 24451 | D:9      | 24451 ||| Stepping ~*~*~tactically~*~*~ (outnumbered).
 24453 | D:9      | 24453 ||| Stepping ~*~*~tactically~*~*~ (outnumbered).
 24455 | D:9      | 24455 ||| Stepping ~*~*~tactically~*~*~ (outnumbered).
 24462 | D:9      | 24462 ||| FLEEEEING.
 24486 | D:9      | 24486 ||| Stepping ~*~*~tactically~*~*~ (outnumbered).
 24489 | D:9      | 24489 ||| Stepping ~*~*~tactically~*~*~ (outnumbered).
 24497 | D:9      | 24497 ||| Stepping ~*~*~tactically~*~*~ (outnumbered).
 24499 | D:9      | 24499 ||| Stepping ~*~*~tactically~*~*~ (outnumbered).
 24506 | D:9      | 24506 ||| Stepping ~*~*~tactically~*~*~ (outnumbered).
 24508 | D:9      | 24508 ||| Stepping ~*~*~tactically~*~*~ (outnumbered).
 24510 | D:9      | 24510 ||| Stepping ~*~*~tactically~*~*~ (outnumbered).
 24515 | D:9      | 24515 ||| Stepping ~*~*~tactically~*~*~ (outnumbered).
 24523 | D:9      | 24523 ||| Stepping ~*~*~tactically~*~*~ (outnumbered).
 24534 | D:9      | 24534 ||| FLEEEEING.
 24535 | D:9      | 24535 ||| FLEEEEING.
 24569 | D:9      | 24569 ||| Stepping ~*~*~tactically~*~*~ (outnumbered).
 24570 | D:9      | 24570 ||| FLEEEEING.
 24594 | D:9      | 24594 ||| FLEEEEING.
 24595 | D:9      | 24595 ||| FLEEEEING.
 24615 | D:9      | 24615 ||| Stepping ~*~*~tactically~*~*~ (outnumbered).
 24617 | D:9      | 24617 ||| FLEEEEING.
 24618 | D:9      | 24618 ||| FLEEEEING.
 24655 | D:9      | 24655 ||| Stepping ~*~*~tactically~*~*~ (outnumbered).
 24662 | D:9      | 24662 ||| Stepping ~*~*~tactically~*~*~ (outnumbered).
 24664 | D:9      | 24664 ||| Stepping ~*~*~tactically~*~*~ (outnumbered).
 24667 | D:9      | 24667 ||| Stepping ~*~*~tactically~*~*~ (outnumbered).
 24673 | D:9      | 24673 ||| FLEEEEING.
 24674 | D:9      | 24674 ||| FLEEEEING.
 24694 | D:9      | 24694 ||| Stepping ~*~*~tactically~*~*~ (outnumbered).
 24695 | D:9      | 24695 ||| Stepping ~*~*~tactically~*~*~ (outnumbered).
 24705 | D:9      | 24705 ||| Stepping ~*~*~tactically~*~*~ (outnumbered).
 24708 | D:9      | 24708 ||| Stepping ~*~*~tactically~*~*~ (outnumbered).
 24716 | D:9      | 24716 ||| Stepping ~*~*~tactically~*~*~ (outnumbered).
 24726 | D:9      | 24726 ||| Stepping ~*~*~tactically~*~*~ (outnumbered).
 24731 | D:9      | 24731 ||| Stepping ~*~*~tactically~*~*~ (outnumbered).
 24738 | D:9      | 24738 ||| Stepping ~*~*~tactically~*~*~ (outnumbered).
 24748 | D:9      | 24748 ||| Stepping ~*~*~tactically~*~*~ (outnumbered).
 24750 | D:9      | 24750 ||| Stepping ~*~*~tactically~*~*~ (outnumbered).
 24752 | D:9      | 24752 ||| Stepping ~*~*~tactically~*~*~ (outnumbered).
 24754 | D:9      | 24754 ||| Stepping ~*~*~tactically~*~*~ (outnumbered).
 24763 | D:9      | 24763 ||| Stepping ~*~*~tactically~*~*~ (outnumbered).
 24767 | D:9      | 24767 ||| Stepping ~*~*~tactically~*~*~ (outnumbered).
 24769 | D:9      | 24769 ||| FLEEEEING.
 24788 | D:9      | 24788 ||| FLEEEEING.
 24789 | D:9      | 24789 ||| FLEEEEING.
 24805 | D:9      | 24805 ||| FLEEEEING.
 24817 | D:9      | 24817 ||| Stepping ~*~*~tactically~*~*~ (outnumbered).
 24824 | D:9      | 24824 ||| Stepping ~*~*~tactically~*~*~ (outnumbered).
 24827 | D:9      | 24827 ||| Stepping ~*~*~tactically~*~*~ (outnumbered).
 24835 | D:9      | 24835 ||| FLEEEEING.
 24836 | D:9      | 24836 ||| FLEEEEING.
 24855 | D:9      | 24855 ||| Stepping ~*~*~tactically~*~*~ (outnumbered).
 24859 | D:9      | 24859 ||| Stepping ~*~*~tactically~*~*~ (outnumbered).
 24865 | D:9      | 24865 ||| Stepping ~*~*~tactically~*~*~ (outnumbered).
 24867 | D:9      | 24867 ||| FLEEEEING.
 24878 | D:9      | 24878 ||| Stepping ~*~*~tactically~*~*~ (outnumbered).
 24887 | D:9      | 24887 ||| Stepping ~*~*~tactically~*~*~ (outnumbered).
 24890 | D:9      | 24890 ||| FLEEEEING.
 24915 | D:9      | 24915 ||| Stepping ~*~*~tactically~*~*~ (outnumbered).
 24917 | D:9      | 24917 ||| FLEEEEING.
 24935 | D:9      | 24935 ||| Stepping ~*~*~tactically~*~*~ (outnumbered).
 24937 | D:9      | 24937 ||| Stepping ~*~*~tactically~*~*~ (outnumbered).
 24944 | D:9      | 24944 ||| Stepping ~*~*~tactically~*~*~ (outnumbered).
 24946 | D:9      | 24946 ||| FLEEEEING.
 24958 | D:9      | 24958 ||| FLEEEEING.
 24971 | D:9      | 24971 ||| Stepping ~*~*~tactically~*~*~ (outnumbered).
 24975 | D:9      | 24975 ||| Stepping ~*~*~tactically~*~*~ (outnumbered).
 24976 | D:9      | 24976 ||| FLEEEEING.
 24990 | D:9      | 24990 ||| FLEEEEING.
 24991 | D:9      | 24991 ||| FLEEEEING.
 25042 | D:9      | 25042 ||| FLEEEEING.
 25043 | D:9      | 25043 ||| FLEEEEING.
 25083 | D:9      | 25083 ||| Stepping ~*~*~tactically~*~*~ (outnumbered).
 25087 | D:9      | 25087 ||| FLEEEEING.
 25102 | D:9      | 25102 ||| FLEEEEING.
 25103 | D:9      | 25103 ||| FLEEEEING.
 25129 | D:9      | 25129 ||| FLEEEEING.
 25145 | D:9      | 25145 ||| Stepping ~*~*~tactically~*~*~ (stealth).
 25153 | D:9      | 25153 ||| FLEEEEING.
 25167 | D:9      | 25167 ||| FLEEEEING.
 25182 | D:9      | 25182 ||| Stepping ~*~*~tactically~*~*~ (outnumbered).
 25185 | D:9      | 25185 ||| Stepping ~*~*~tactically~*~*~ (outnumbered).
 25187 | D:9      | 25187 ||| Stepping ~*~*~tactically~*~*~ (outnumbered).
 25189 | D:9      | 25189 ||| Stepping ~*~*~tactically~*~*~ (outnumbered).
 25191 | D:9      | 25191 ||| Stepping ~*~*~tactically~*~*~ (outnumbered).
 25200 | D:9      | 25200 ||| FLEEEEING.
 25201 | D:9      | 25201 ||| FLEEEEING.
 25230 | D:9      | 25230 ||| Stepping ~*~*~tactically~*~*~ (outnumbered).
 25236 | D:9      | 25236 ||| Stepping ~*~*~tactically~*~*~ (outnumbered).
 25239 | D:9      | 25239 ||| Stepping ~*~*~tactically~*~*~ (outnumbered).
 25247 | D:9      | 25247 ||| Stepping ~*~*~tactically~*~*~ (outnumbered).
 25252 | D:9      | 25252 ||| Stepping ~*~*~tactically~*~*~ (outnumbered).
 25256 | D:9      | 25256 ||| Stepping ~*~*~tactically~*~*~ (outnumbered).
 25258 | D:9      | 25258 ||| Stepping ~*~*~tactically~*~*~ (outnumbered).
 25266 | D:9      | 25266 ||| Stepping ~*~*~tactically~*~*~ (outnumbered).
 25268 | D:9      | 25268 ||| Stepping ~*~*~tactically~*~*~ (outnumbered).
 25278 | D:9      | 25278 ||| FLEEEEING.
 25279 | D:9      | 25279 ||| FLEEEEING.
 25308 | D:9      | 25308 ||| FLEEEEING.
 25309 | D:9      | 25309 ||| FLEEEEING.
 25359 | D:9      | 25359 ||| FLEEEEING.
 25378 | D:9      | 25378 ||| FLEEEEING.
 25391 | D:9      | 25391 ||| Stepping ~*~*~tactically~*~*~ (outnumbered).
 25393 | D:9      | 25393 ||| Stepping ~*~*~tactically~*~*~ (outnumbered).
 25398 | D:9      | 25398 ||| Stepping ~*~*~tactically~*~*~ (outnumbered).
 25400 | D:9      | 25400 ||| Stepping ~*~*~tactically~*~*~ (outnumbered).
 25408 | D:9      | 25408 ||| Stepping ~*~*~tactically~*~*~ (outnumbered).
 25417 | D:9      | 25417 ||| Stepping ~*~*~tactically~*~*~ (outnumbered).
 25421 | D:9      | 25421 ||| Stepping ~*~*~tactically~*~*~ (outnumbered).
 25429 | D:9      | 25429 ||| FLEEEEING.
 25430 | D:9      | 25430 ||| FLEEEEING.
 25462 | D:9      | 25462 ||| Stepping ~*~*~tactically~*~*~ (outnumbered).
 25472 | D:9      | 25472 ||| Stepping ~*~*~tactically~*~*~ (outnumbered).
 25475 | D:9      | 25475 ||| Stepping ~*~*~tactically~*~*~ (outnumbered).
 25485 | D:9      | 25485 ||| Stepping ~*~*~tactically~*~*~ (outnumbered).
 25494 | D:9      | 25494 ||| FLEEEEING.
 25505 | D:9      | 25505 ||| Stepping ~*~*~tactically~*~*~ (outnumbered).
 25516 | D:9      | 25516 ||| Stepping ~*~*~tactically~*~*~ (outnumbered).
 25522 | D:9      | 25522 ||| Stepping ~*~*~tactically~*~*~ (outnumbered).
 25529 | D:9      | 25529 ||| Stepping ~*~*~tactically~*~*~ (outnumbered).
 25536 | D:9      | 25536 ||| Stepping ~*~*~tactically~*~*~ (outnumbered).
 25539 | D:9      | 25539 ||| Stepping ~*~*~tactically~*~*~ (outnumbered).
 25545 | D:9      | 25545 ||| Stepping ~*~*~tactically~*~*~ (outnumbered).
 25547 | D:9      | 25547 ||| Stepping ~*~*~tactically~*~*~ (outnumbered).
 25549 | D:9      | 25549 ||| Stepping ~*~*~tactically~*~*~ (outnumbered).
 25559 | D:9      | 25559 ||| FLEEEEING.
 25574 | D:9      | 25574 ||| FLEEEEING.
 25595 | D:9      | 25595 ||| Stepping ~*~*~tactically~*~*~ (outnumbered).
 25597 | D:9      | 25597 ||| FLEEEEING.
 25617 | D:9      | 25617 ||| Stepping ~*~*~tactically~*~*~ (outnumbered).
 25619 | D:9      | 25619 ||| Stepping ~*~*~tactically~*~*~ (outnumbered).
 25628 | D:9      | 25628 ||| FLEEEEING.
 25629 | D:9      | 25629 ||| FLEEEEING.
 25669 | D:9      | 25669 ||| Stepping ~*~*~tactically~*~*~ (outnumbered).
 25674 | D:9      | 25674 ||| Stepping ~*~*~tactically~*~*~ (outnumbered).
 25677 | D:9      | 25677 ||| Stepping ~*~*~tactically~*~*~ (outnumbered).
 25683 | D:9      | 25683 ||| Stepping ~*~*~tactically~*~*~ (outnumbered).
 25688 | D:9      | 25688 ||| FLEEEEING.
 25689 | D:9      | 25689 ||| FLEEEEING.
 25726 | D:9      | 25726 ||| FLEEEEING.
 25727 | D:9      | 25727 ||| FLEEEEING.
 25739 | D:9      | 25739 ||| Stepping ~*~*~tactically~*~*~ (outnumbered).
 25745 | D:9      | 25745 ||| FLEEEEING.
 25759 | D:9      | 25759 ||| Stepping ~*~*~tactically~*~*~ (outnumbered).
 25767 | D:9      | 25767 ||| Stepping ~*~*~tactically~*~*~ (outnumbered).
 25769 | D:9      | 25769 ||| Stepping ~*~*~tactically~*~*~ (outnumbered).
 25772 | D:9      | 25772 ||| Stepping ~*~*~tactically~*~*~ (outnumbered).
 25778 | D:9      | 25778 ||| FLEEEEING.
 25794 | D:9      | 25794 ||| FLEEEEING.
 25795 | D:9      | 25795 ||| FLEEEEING.
 25834 | D:9      | 25834 ||| Stepping ~*~*~tactically~*~*~ (outnumbered).
 25836 | D:9      | 25836 ||| FLEEEEING.
 25860 | D:9      | 25860 ||| FLEEEEING.
 25888 | D:9      | 25888 ||| Stepping ~*~*~tactically~*~*~ (outnumbered).
 25889 | D:9      | 25889 ||| Stepping ~*~*~tactically~*~*~ (stealth).
 25894 | D:9      | 25894 ||| Stepping ~*~*~tactically~*~*~ (outnumbered).
 25903 | D:9      | 25903 ||| Stepping ~*~*~tactically~*~*~ (outnumbered).
 25913 | D:9      | 25913 ||| FLEEEEING.
 25938 | D:9      | 25938 ||| FLEEEEING.
 25959 | D:9      | 25959 ||| Stepping ~*~*~tactically~*~*~ (outnumbered).
 25961 | D:9      | 25961 ||| Stepping ~*~*~tactically~*~*~ (outnumbered).
 25964 | D:9      | 25964 ||| Stepping ~*~*~tactically~*~*~ (outnumbered).
 25966 | D:9      | 25966 ||| Stepping ~*~*~tactically~*~*~ (outnumbered).
 25972 | D:9      | 25972 ||| Stepping ~*~*~tactically~*~*~ (outnumbered).
 25982 | D:9      | 25982 ||| Stepping ~*~*~tactically~*~*~ (outnumbered).
 25987 | D:9      | 25987 ||| Stepping ~*~*~tactically~*~*~ (outnumbered).
 25991 | D:9      | 25991 ||| Stepping ~*~*~tactically~*~*~ (outnumbered).
 25993 | D:9      | 25993 ||| Stepping ~*~*~tactically~*~*~ (outnumbered).
 25996 | D:9      | 25996 ||| Stepping ~*~*~tactically~*~*~ (outnumbered).
 25997 | D:9      | 25997 ||| FLEEEEING.
 26008 | D:9      | 26008 ||| Stepping ~*~*~tactically~*~*~ (outnumbered).
 26012 | D:9      | 26012 ||| Stepping ~*~*~tactically~*~*~ (outnumbered).
 26015 | D:9      | 26015 ||| Stepping ~*~*~tactically~*~*~ (outnumbered).
 26017 | D:9      | 26017 ||| Stepping ~*~*~tactically~*~*~ (outnumbered).
 26023 | D:9      | 26023 ||| FLEEEEING.
 26043 | D:9      | 26043 ||| FLEEEEING.
 26060 | D:9      | 26060 ||| FLEEEEING.
 26061 | D:9      | 26061 ||| FLEEEEING.
 26079 | D:9      | 26079 ||| FLEEEEING.
 26080 | D:9      | 26080 ||| FLEEEEING.
 26111 | D:9      | 26111 ||| Stepping ~*~*~tactically~*~*~ (outnumbered).
 26112 | D:9      | 26112 ||| FLEEEEING.
 26124 | D:9      | 26124 ||| Stepping ~*~*~tactically~*~*~ (outnumbered).
 26126 | D:9      | 26126 ||| Stepping ~*~*~tactically~*~*~ (outnumbered).
 26136 | D:9      | 26136 ||| FLEEEEING.
 26155 | D:9      | 26155 ||| FLEEEEING.
 26174 | D:9      | 26174 ||| FLEEEEING.
 26175 | D:9      | 26175 ||| FLEEEEING.
 26189 | D:9      | 26189 ||| FLEEEEING.
 26190 | D:9      | 26190 ||| FLEEEEING.
 26230 | D:9      | 26230 ||| FLEEEEING.
 26231 | D:9      | 26231 ||| FLEEEEING.
 26243 | D:9      | 26243 ||| Stepping ~*~*~tactically~*~*~ (outnumbered).
 26246 | D:9      | 26246 ||| FLEEEEING.
 26247 | D:9      | 26247 ||| FLEEEEING.
 26258 | D:9      | 26258 ||| Stepping ~*~*~tactically~*~*~ (outnumbered).
 26260 | D:9      | 26260 ||| FLEEEEING.
 26285 | D:9      | 26285 ||| Stepping ~*~*~tactically~*~*~ (outnumbered).
 26287 | D:9      | 26287 ||| FLEEEEING.
 26299 | D:9      | 26299 ||| Stepping ~*~*~tactically~*~*~ (outnumbered).
 26307 | D:9      | 26307 ||| Stepping ~*~*~tactically~*~*~ (outnumbered).
 26316 | D:9      | 26316 ||| Stepping ~*~*~tactically~*~*~ (outnumbered).
 26322 | D:9      | 26322 ||| Stepping ~*~*~tactically~*~*~ (outnumbered).
 26329 | D:9      | 26329 ||| FLEEEEING.
 26348 | D:9      | 26348 ||| Stepping ~*~*~tactically~*~*~ (outnumbered).
 26350 | D:9      | 26350 ||| Stepping ~*~*~tactically~*~*~ (outnumbered).
 26352 | D:9      | 26352 ||| FLEEEEING.
 26363 | D:9      | 26363 ||| Stepping ~*~*~tactically~*~*~ (outnumbered).
 26368 | D:9      | 26368 ||| Stepping ~*~*~tactically~*~*~ (outnumbered).
 26375 | D:9      | 26375 ||| Stepping ~*~*~tactically~*~*~ (outnumbered).
 26377 | D:9      | 26377 ||| FLEEEEING.
 26390 | D:9      | 26390 ||| Stepping ~*~*~tactically~*~*~ (outnumbered).
 26401 | D:9      | 26401 ||| Stepping ~*~*~tactically~*~*~ (outnumbered).
 26405 | D:9      | 26405 ||| Stepping ~*~*~tactically~*~*~ (outnumbered).
 26407 | D:9      | 26407 ||| Stepping ~*~*~tactically~*~*~ (outnumbered).
 26414 | D:9      | 26414 ||| FLEEEEING.
 26415 | D:9      | 26415 ||| FLEEEEING.
 26428 | D:9      | 26428 ||| Stepping ~*~*~tactically~*~*~ (outnumbered).
 26431 | D:9      | 26431 ||| FLEEEEING.
 26432 | D:9      | 26432 ||| FLEEEEING.
 26461 | D:9      | 26461 ||| FLEEEEING.
 26488 | D:9      | 26488 ||| FLEEEEING.
 26508 | D:9      | 26508 ||| FLEEEEING.
 26509 | D:9      | 26509 ||| FLEEEEING.
 26552 | D:9      | 26552 ||| Stepping ~*~*~tactically~*~*~ (outnumbered).
 26555 | D:9      | 26555 ||| Stepping ~*~*~tactically~*~*~ (outnumbered).
 26564 | D:9      | 26564 ||| FLEEEEING.
 26592 | D:9      | 26592 ||| Stepping ~*~*~tactically~*~*~ (outnumbered).
 26601 | D:9      | 26601 ||| Stepping ~*~*~tactically~*~*~ (outnumbered).
 26602 | D:9      | 26602 ||| FLEEEEING.
 26617 | D:9      | 26617 ||| Stepping ~*~*~tactically~*~*~ (outnumbered).
 26625 | D:9      | 26625 ||| FLEEEEING.
 26640 | D:9      | 26640 ||| Stepping ~*~*~tactically~*~*~ (outnumbered).
 26642 | D:9      | 26642 ||| Stepping ~*~*~tactically~*~*~ (outnumbered).
 26653 | D:9      | 26653 ||| Stepping ~*~*~tactically~*~*~ (outnumbered).
 26659 | D:9      | 26659 ||| FLEEEEING.
 26660 | D:9      | 26660 ||| FLEEEEING.
 26691 | D:9      | 26691 ||| Stepping ~*~*~tactically~*~*~ (outnumbered).
 26693 | D:9      | 26693 ||| Stepping ~*~*~tactically~*~*~ (outnumbered).
 26695 | D:9      | 26695 ||| Stepping ~*~*~tactically~*~*~ (outnumbered).
 26701 | D:9      | 26701 ||| Stepping ~*~*~tactically~*~*~ (outnumbered).
 26704 | D:9      | 26704 ||| Stepping ~*~*~tactically~*~*~ (outnumbered).
 26710 | D:9      | 26710 ||| Stepping ~*~*~tactically~*~*~ (outnumbered).
 26712 | D:9      | 26712 ||| Stepping ~*~*~tactically~*~*~ (outnumbered).
 26721 | D:9      | 26721 ||| FLEEEEING.
 26722 | D:9      | 26722 ||| FLEEEEING.
 26746 | D:9      | 26746 ||| Stepping ~*~*~tactically~*~*~ (stealth).
 26757 | D:9      | 26757 ||| Stepping ~*~*~tactically~*~*~ (outnumbered).
 26764 | D:9      | 26764 ||| Stepping ~*~*~tactically~*~*~ (outnumbered).
 26776 | D:9      | 26776 ||| FLEEEEING.
 26805 | D:9      | 26805 ||| Stepping ~*~*~tactically~*~*~ (outnumbered).
 26814 | D:9      | 26814 ||| FLEEEEING.
 26815 | D:9      | 26815 ||| FLEEEEING.
 26831 | D:9      | 26831 ||| Stepping ~*~*~tactically~*~*~ (outnumbered).
 26833 | D:9      | 26833 ||| Stepping ~*~*~tactically~*~*~ (outnumbered).
 26835 | D:9      | 26835 ||| Stepping ~*~*~tactically~*~*~ (stealth).
 26837 | D:9      | 26837 ||| Stepping ~*~*~tactically~*~*~ (outnumbered).
 26839 | D:9      | 26839 ||| Stepping ~*~*~tactically~*~*~ (outnumbered).
 26841 | D:9      | 26841 ||| Stepping ~*~*~tactically~*~*~ (outnumbered).
 26844 | D:9      | 26844 ||| FLEEEEING.
 26857 | D:9      | 26857 ||| FLEEEEING.
 26874 | D:9      | 26874 ||| Stepping ~*~*~tactically~*~*~ (outnumbered).
 26882 | D:9      | 26882 ||| FLEEEEING.
 26894 | D:9      | 26894 ||| FLEEEEING.
 26895 | D:9      | 26895 ||| FLEEEEING.
 26910 | D:9      | 26910 ||| FLEEEEING.
 26925 | D:9      | 26925 ||| Stepping ~*~*~tactically~*~*~ (outnumbered).
 26928 | D:9      | 26928 ||| FLEEEEING.
 26929 | D:9      | 26929 ||| FLEEEEING.
 26973 | D:9      | 26973 ||| Stepping ~*~*~tactically~*~*~ (outnumbered).
 26984 | D:9      | 26984 ||| Stepping ~*~*~tactically~*~*~ (outnumbered).
 26994 | D:9      | 26994 ||| FLEEEEING.
 27005 | D:9      | 27005 ||| Stepping ~*~*~tactically~*~*~ (outnumbered).
 27008 | D:9      | 27008 ||| FLEEEEING.
 27009 | D:9      | 27009 ||| FLEEEEING.
 27040 | D:9      | 27040 ||| FLEEEEING.
 27041 | D:9      | 27041 ||| FLEEEEING.
 27061 | D:9      | 27061 ||| Stepping ~*~*~tactically~*~*~ (outnumbered).
 27064 | D:9      | 27064 ||| FLEEEEING.
 27065 | D:9      | 27065 ||| FLEEEEING.
 27113 | D:9      | 27113 ||| FLEEEEING.
 27114 | D:9      | 27114 ||| FLEEEEING.
 27150 | D:9      | 27150 ||| FLEEEEING.
 27151 | D:9      | 27151 ||| FLEEEEING.
 27184 | D:9      | 27184 ||| FLEEEEING.
 27195 | D:9      | 27195 ||| Stepping ~*~*~tactically~*~*~ (outnumbered).
 27197 | D:9      | 27197 ||| FLEEEEING.
 27217 | D:9      | 27217 ||| Stepping ~*~*~tactically~*~*~ (outnumbered).
 27226 | D:9      | 27226 ||| FLEEEEING.
 27241 | D:9      | 27241 ||| FLEEEEING.
 27242 | D:9      | 27242 ||| FLEEEEING.
 27258 | D:9      | 27258 ||| Stepping ~*~*~tactically~*~*~ (outnumbered).
 27261 | D:9      | 27261 ||| FLEEEEING.
 27262 | D:9      | 27262 ||| FLEEEEING.
 27277 | D:9      | 27277 ||| FLEEEEING.
 27290 | D:9      | 27290 ||| FLEEEEING.
 27301 | D:9      | 27301 ||| Stepping ~*~*~tactically~*~*~ (outnumbered).
 27303 | D:9      | 27303 ||| Stepping ~*~*~tactically~*~*~ (outnumbered).
 27305 | D:9      | 27305 ||| Stepping ~*~*~tactically~*~*~ (outnumbered).
 27309 | D:9      | 27309 ||| Stepping ~*~*~tactically~*~*~ (outnumbered).
 27315 | D:9      | 27315 ||| Stepping ~*~*~tactically~*~*~ (outnumbered).
 27323 | D:9      | 27323 ||| Stepping ~*~*~tactically~*~*~ (outnumbered).
 27326 | D:9      | 27326 ||| Stepping ~*~*~tactically~*~*~ (outnumbered).
 27333 | D:9      | 27333 ||| Stepping ~*~*~tactically~*~*~ (outnumbered).
 27338 | D:9      | 27338 ||| Stepping ~*~*~tactically~*~*~ (outnumbered).
 27344 | D:9      | 27344 ||| Stepping ~*~*~tactically~*~*~ (outnumbered).
 27353 | D:9      | 27353 ||| Stepping ~*~*~tactically~*~*~ (outnumbered).
 27356 | D:9      | 27356 ||| FLEEEEING.
 27357 | D:9      | 27357 ||| Stepping ~*~*~tactically~*~*~ (outnumbered).
 27367 | D:9      | 27367 ||| Stepping ~*~*~tactically~*~*~ (outnumbered).
 27372 | D:9      | 27372 ||| Stepping ~*~*~tactically~*~*~ (outnumbered).
 27380 | D:9      | 27380 ||| FLEEEEING.
 27393 | D:9      | 27393 ||| Stepping ~*~*~tactically~*~*~ (outnumbered).
 27395 | D:9      | 27395 ||| Stepping ~*~*~tactically~*~*~ (outnumbered).
 27397 | D:9      | 27397 ||| Stepping ~*~*~tactically~*~*~ (outnumbered).
 27399 | D:9      | 27399 ||| Stepping ~*~*~tactically~*~*~ (outnumbered).
 27405 | D:9      | 27405 ||| Stepping ~*~*~tactically~*~*~ (outnumbered).
 27410 | D:9      | 27410 ||| Stepping ~*~*~tactically~*~*~ (outnumbered).
 27413 | D:9      | 27413 ||| Stepping ~*~*~tactically~*~*~ (outnumbered).
 27414 | D:9      | 27414 ||| FLEEEEING.
 27426 | D:9      | 27426 ||| Stepping ~*~*~tactically~*~*~ (outnumbered).
 27428 | D:9      | 27428 ||| Stepping ~*~*~tactically~*~*~ (outnumbered).
 27430 | D:9      | 27430 ||| Stepping ~*~*~tactically~*~*~ (outnumbered).
 27434 | D:9      | 27434 ||| Stepping ~*~*~tactically~*~*~ (outnumbered).
 27436 | D:9      | 27436 ||| Stepping ~*~*~tactically~*~*~ (outnumbered).
 27446 | D:9      | 27446 ||| Stepping ~*~*~tactically~*~*~ (outnumbered).
 27452 | D:9      | 27452 ||| FLEEEEING.
 27464 | D:9      | 27464 ||| FLEEEEING.
 27465 | D:9      | 27465 ||| FLEEEEING.
 27493 | D:9      | 27493 ||| Stepping ~*~*~tactically~*~*~ (outnumbered).
 27495 | D:9      | 27495 ||| Stepping ~*~*~tactically~*~*~ (outnumbered).
 27505 | D:9      | 27505 ||| FLEEEEING.
 27520 | D:9      | 27520 ||| Stepping ~*~*~tactically~*~*~ (outnumbered).
 27524 | D:9      | 27524 ||| Stepping ~*~*~tactically~*~*~ (outnumbered).
 27529 | D:9      | 27529 ||| Stepping ~*~*~tactically~*~*~ (outnumbered).
 27535 | D:9      | 27535 ||| Stepping ~*~*~tactically~*~*~ (outnumbered).
 27537 | D:9      | 27537 ||| Stepping ~*~*~tactically~*~*~ (outnumbered).
 27545 | D:9      | 27545 ||| Stepping ~*~*~tactically~*~*~ (outnumbered).
 27550 | D:9      | 27550 ||| Stepping ~*~*~tactically~*~*~ (outnumbered).
 27559 | D:9      | 27559 ||| Stepping ~*~*~tactically~*~*~ (outnumbered).
 27562 | D:9      | 27562 ||| Stepping ~*~*~tactically~*~*~ (outnumbered).
 27572 | D:9      | 27572 ||| FLEEEEING.
 27592 | D:9      | 27592 ||| FLEEEEING.
 27593 | D:9      | 27593 ||| FLEEEEING.
 27612 | D:9      | 27612 ||| FLEEEEING.
 27633 | D:9      | 27633 ||| FLEEEEING.
 27634 | D:9      | 27634 ||| FLEEEEING.
 27673 | D:9      | 27673 ||| Stepping ~*~*~tactically~*~*~ (outnumbered).
 27676 | D:9      | 27676 ||| FLEEEEING.
 27687 | D:9      | 27687 ||| FLEEEEING.
 27701 | D:9      | 27701 ||| Stepping ~*~*~tactically~*~*~ (outnumbered).
 27711 | D:9      | 27711 ||| Stepping ~*~*~tactically~*~*~ (outnumbered).
 27721 | D:9      | 27721 ||| Stepping ~*~*~tactically~*~*~ (outnumbered).
 27729 | D:9      | 27729 ||| Stepping ~*~*~tactically~*~*~ (outnumbered).
 27736 | D:9      | 27736 ||| FLEEEEING.
 27759 | D:9      | 27759 ||| Stepping ~*~*~tactically~*~*~ (outnumbered).
 27763 | D:9      | 27763 ||| Stepping ~*~*~tactically~*~*~ (outnumbered).
 27768 | D:9      | 27768 ||| Stepping ~*~*~tactically~*~*~ (outnumbered).
 27773 | D:9      | 27773 ||| FLEEEEING.
 27785 | D:9      | 27785 ||| Stepping ~*~*~tactically~*~*~ (outnumbered).
 27787 | D:9      | 27787 ||| Stepping ~*~*~tactically~*~*~ (outnumbered).
 27790 | D:9      | 27790 ||| Stepping ~*~*~tactically~*~*~ (outnumbered).
 27796 | D:9      | 27796 ||| Stepping ~*~*~tactically~*~*~ (outnumbered).
 27805 | D:9      | 27805 ||| Stepping ~*~*~tactically~*~*~ (outnumbered).
 27808 | D:9      | 27808 ||| Stepping ~*~*~tactically~*~*~ (outnumbered).
 27809 | D:9      | 27809 ||| FLEEEEING.
 27820 | D:9      | 27820 ||| Stepping ~*~*~tactically~*~*~ (outnumbered).
 27830 | D:9      | 27830 ||| Stepping ~*~*~tactically~*~*~ (outnumbered).
 27840 | D:9      | 27840 ||| Stepping ~*~*~tactically~*~*~ (outnumbered).
 27844 | D:9      | 27844 ||| Stepping ~*~*~tactically~*~*~ (outnumbered).
 27846 | D:9      | 27846 ||| Stepping ~*~*~tactically~*~*~ (outnumbered).
 27849 | D:9      | 27849 ||| FLEEEEING.
 27864 | D:9      | 27864 ||| Stepping ~*~*~tactically~*~*~ (outnumbered).
 27866 | D:9      | 27866 ||| Stepping ~*~*~tactically~*~*~ (outnumbered).
 27868 | D:9      | 27868 ||| Stepping ~*~*~tactically~*~*~ (outnumbered).
 27872 | D:9      | 27872 ||| Stepping ~*~*~tactically~*~*~ (outnumbered).
 27877 | D:9      | 27877 ||| Stepping ~*~*~tactically~*~*~ (outnumbered).
 27879 | D:9      | 27879 ||| Stepping ~*~*~tactically~*~*~ (outnumbered).
 27881 | D:9      | 27881 ||| FLEEEEING.
 27894 | D:9      | 27894 ||| FLEEEEING.
 27912 | D:9      | 27912 ||| FLEEEEING.
 27913 | D:9      | 27913 ||| FLEEEEING.
 27945 | D:9      | 27945 ||| Stepping ~*~*~tactically~*~*~ (outnumbered).
 27947 | D:9      | 27947 ||| Stepping ~*~*~tactically~*~*~ (outnumbered).
 27954 | D:9      | 27954 ||| Stepping ~*~*~tactically~*~*~ (outnumbered).
 27956 | D:9      | 27956 ||| FLEEEEING.
 27971 | D:9      | 27971 ||| FLEEEEING.
 27972 | D:9      | 27972 ||| FLEEEEING.
 27986 | D:9      | 27986 ||| Stepping ~*~*~tactically~*~*~ (outnumbered).
 27995 | D:9      | 27995 ||| Stepping ~*~*~tactically~*~*~ (outnumbered).
 28005 | D:9      | 28005 ||| Stepping ~*~*~tactically~*~*~ (outnumbered).
 28014 | D:9      | 28014 ||| FLEEEEING.
 28032 | D:9      | 28032 ||| FLEEEEING.
 28033 | D:9      | 28033 ||| FLEEEEING.
 28067 | D:9      | 28067 ||| Stepping ~*~*~tactically~*~*~ (outnumbered).
 28071 | D:9      | 28071 ||| Stepping ~*~*~tactically~*~*~ (outnumbered).
 28073 | D:9      | 28073 ||| Stepping ~*~*~tactically~*~*~ (outnumbered).
 28082 | D:9      | 28082 ||| Stepping ~*~*~tactically~*~*~ (outnumbered).
 28086 | D:9      | 28086 ||| Stepping ~*~*~tactically~*~*~ (outnumbered).
 28088 | D:9      | 28088 ||| Stepping ~*~*~tactically~*~*~ (outnumbered).
 28090 | D:9      | 28090 ||| Stepping ~*~*~tactically~*~*~ (outnumbered).
 28098 | D:9      | 28098 ||| Stepping ~*~*~tactically~*~*~ (outnumbered).
 28107 | D:9      | 28107 ||| Stepping ~*~*~tactically~*~*~ (outnumbered).
 28116 | D:9      | 28116 ||| Stepping ~*~*~tactically~*~*~ (outnumbered).
 28125 | D:9      | 28125 ||| Stepping ~*~*~tactically~*~*~ (outnumbered).
 28127 | D:9      | 28127 ||| Stepping ~*~*~tactically~*~*~ (outnumbered).
 28129 | D:9      | 28129 ||| Stepping ~*~*~tactically~*~*~ (outnumbered).
 28134 | D:9      | 28134 ||| Stepping ~*~*~tactically~*~*~ (outnumbered).
 28136 | D:9      | 28136 ||| FLEEEEING.
 28161 | D:9      | 28161 ||| Stepping ~*~*~tactically~*~*~ (outnumbered).
 28163 | D:9      | 28163 ||| Stepping ~*~*~tactically~*~*~ (outnumbered).
 28172 | D:9      | 28172 ||| Stepping ~*~*~tactically~*~*~ (outnumbered).
 28182 | D:9      | 28182 ||| Stepping ~*~*~tactically~*~*~ (outnumbered).
 28186 | D:9      | 28186 ||| FLEEEEING.
 28205 | D:9      | 28205 ||| Stepping ~*~*~tactically~*~*~ (outnumbered).
 28206 | D:9      | 28206 ||| FLEEEEING.
 28217 | D:9      | 28217 ||| Stepping ~*~*~tactically~*~*~ (outnumbered).
 28225 | D:9      | 28225 ||| Stepping ~*~*~tactically~*~*~ (outnumbered).
 28232 | D:9      | 28232 ||| FLEEEEING.
 28245 | D:9      | 28245 ||| Stepping ~*~*~tactically~*~*~ (outnumbered).
 28246 | D:9      | 28246 ||| Stepping ~*~*~tactically~*~*~ (outnumbered).
 28250 | D:9      | 28250 ||| Stepping ~*~*~tactically~*~*~ (outnumbered).
 28260 | D:9      | 28260 ||| Stepping ~*~*~tactically~*~*~ (outnumbered).
 28270 | D:9      | 28270 ||| FLEEEEING.
 28282 | D:9      | 28282 ||| Stepping ~*~*~tactically~*~*~ (outnumbered).
 28287 | D:9      | 28287 ||| Stepping ~*~*~tactically~*~*~ (outnumbered).
 28289 | D:9      | 28289 ||| Stepping ~*~*~tactically~*~*~ (outnumbered).
 28297 | D:9      | 28297 ||| Stepping ~*~*~tactically~*~*~ (outnumbered).
 28307 | D:9      | 28307 ||| FLEEEEING.
 28321 | D:9      | 28321 ||| Stepping ~*~*~tactically~*~*~ (outnumbered).
 28330 | D:9      | 28330 ||| FLEEEEING.
 28331 | D:9      | 28331 ||| FLEEEEING.
 28363 | D:9      | 28363 ||| Stepping ~*~*~tactically~*~*~ (outnumbered).
 28368 | D:9      | 28368 ||| Stepping ~*~*~tactically~*~*~ (outnumbered).
 28370 | D:9      | 28370 ||| FLEEEEING.
 28386 | D:9      | 28386 ||| Stepping ~*~*~tactically~*~*~ (outnumbered).
 28391 | D:9      | 28391 ||| Stepping ~*~*~tactically~*~*~ (outnumbered).
 28393 | D:9      | 28393 ||| Stepping ~*~*~tactically~*~*~ (outnumbered).
 28396 | D:9      | 28396 ||| FLEEEEING.
 28397 | D:9      | 28397 ||| FLEEEEING.
 28422 | D:9      | 28422 ||| FLEEEEING.
 28436 | D:9      | 28436 ||| Stepping ~*~*~tactically~*~*~ (outnumbered).
 28442 | D:9      | 28442 ||| FLEEEEING.
 28462 | D:9      | 28462 ||| Stepping ~*~*~tactically~*~*~ (outnumbered).
 28464 | D:9      | 28464 ||| Stepping ~*~*~tactically~*~*~ (outnumbered).
 28466 | D:9      | 28466 ||| Stepping ~*~*~tactically~*~*~ (outnumbered).
 28468 | D:9      | 28468 ||| FLEEEEING.
 28492 | D:9      | 28492 ||| Stepping ~*~*~tactically~*~*~ (outnumbered).
 28494 | D:9      | 28494 ||| Stepping ~*~*~tactically~*~*~ (outnumbered).
 28500 | D:9      | 28500 ||| Stepping ~*~*~tactically~*~*~ (outnumbered).
 28502 | D:9      | 28502 ||| FLEEEEING.
 28523 | D:9      | 28523 ||| Stepping ~*~*~tactically~*~*~ (outnumbered).
 28526 | D:9      | 28526 ||| FLEEEEING.
 28542 | D:9      | 28542 ||| Stepping ~*~*~tactically~*~*~ (outnumbered).
 28551 | D:9      | 28551 ||| Stepping ~*~*~tactically~*~*~ (outnumbered).
 28553 | D:9      | 28553 ||| Stepping ~*~*~tactically~*~*~ (outnumbered).
 28563 | D:9      | 28563 ||| Stepping ~*~*~tactically~*~*~ (outnumbered).
 28566 | D:9      | 28566 ||| FLEEEEING.
 28579 | D:9      | 28579 ||| Stepping ~*~*~tactically~*~*~ (outnumbered).
 28585 | D:9      | 28585 ||| FLEEEEING.
 28600 | D:9      | 28600 ||| Stepping ~*~*~tactically~*~*~ (outnumbered).
 28601 | D:9      | 28601 ||| Stepping ~*~*~tactically~*~*~ (outnumbered).
 28609 | D:9      | 28609 ||| Stepping ~*~*~tactically~*~*~ (outnumbered).
 28613 | D:9      | 28613 ||| Stepping ~*~*~tactically~*~*~ (outnumbered).
 28620 | D:9      | 28620 ||| Stepping ~*~*~tactically~*~*~ (outnumbered).
 28624 | D:9      | 28624 ||| Stepping ~*~*~tactically~*~*~ (outnumbered).
 28626 | D:9      | 28626 ||| Stepping ~*~*~tactically~*~*~ (outnumbered).
 28628 | D:9      | 28628 ||| Stepping ~*~*~tactically~*~*~ (outnumbered).
 28639 | D:9      | 28639 ||| FLEEEEING.
 28653 | D:9      | 28653 ||| FLEEEEING.
 28654 | D:9      | 28654 ||| FLEEEEING.
 28666 | D:9      | 28666 ||| FLEEEEING.
 28677 | D:9      | 28677 ||| Stepping ~*~*~tactically~*~*~ (outnumbered).
 28679 | D:9      | 28679 ||| Stepping ~*~*~tactically~*~*~ (outnumbered).
 28681 | D:9      | 28681 ||| Stepping ~*~*~tactically~*~*~ (outnumbered).
 28688 | D:9      | 28688 ||| Stepping ~*~*~tactically~*~*~ (outnumbered).
 28695 | D:9      | 28695 ||| Stepping ~*~*~tactically~*~*~ (outnumbered).
 28698 | D:9      | 28698 ||| FLEEEEING.
 28699 | D:9      | 28699 ||| FLEEEEING.
 28733 | D:9      | 28733 ||| FLEEEEING.
 28748 | D:9      | 28748 ||| FLEEEEING.
 28761 | D:9      | 28761 ||| Stepping ~*~*~tactically~*~*~ (outnumbered).
 28770 | D:9      | 28770 ||| FLEEEEING.
 28771 | D:9      | 28771 ||| FLEEEEING.
 28796 | D:9      | 28796 ||| Stepping ~*~*~tactically~*~*~ (outnumbered).
 28799 | D:9      | 28799 ||| Stepping ~*~*~tactically~*~*~ (outnumbered).
 28805 | D:9      | 28805 ||| Stepping ~*~*~tactically~*~*~ (outnumbered).
 28813 | D:9      | 28813 ||| Stepping ~*~*~tactically~*~*~ (outnumbered).
 28820 | D:9      | 28820 ||| FLEEEEING.
 28821 | D:9      | 28821 ||| FLEEEEING.
 28836 | D:9      | 28836 ||| Stepping ~*~*~tactically~*~*~ (outnumbered).
 28839 | D:9      | 28839 ||| Stepping ~*~*~tactically~*~*~ (outnumbered).
 28844 | D:9      | 28844 ||| Stepping ~*~*~tactically~*~*~ (outnumbered).
 28846 | D:9      | 28846 ||| Stepping ~*~*~tactically~*~*~ (outnumbered).
 28852 | D:9      | 28852 ||| Stepping ~*~*~tactically~*~*~ (outnumbered).
 28860 | D:9      | 28860 ||| Stepping ~*~*~tactically~*~*~ (outnumbered).
 28862 | D:9      | 28862 ||| Stepping ~*~*~tactically~*~*~ (outnumbered).
 28868 | D:9      | 28868 ||| Stepping ~*~*~tactically~*~*~ (outnumbered).
 28873 | D:9      | 28873 ||| Stepping ~*~*~tactically~*~*~ (outnumbered).
 28884 | D:9      | 28884 ||| Stepping ~*~*~tactically~*~*~ (outnumbered).
 28886 | D:9      | 28886 ||| FLEEEEING.
 28907 | D:9      | 28907 ||| Stepping ~*~*~tactically~*~*~ (outnumbered).
 28909 | D:9      | 28909 ||| Stepping ~*~*~tactically~*~*~ (outnumbered).
 28915 | D:9      | 28915 ||| Stepping ~*~*~tactically~*~*~ (outnumbered).
 28917 | D:9      | 28917 ||| Stepping ~*~*~tactically~*~*~ (outnumbered).
 28929 | D:9      | 28929 ||| FLEEEEING.
 28930 | D:9      | 28930 ||| FLEEEEING.
 28960 | D:9      | 28960 ||| Stepping ~*~*~tactically~*~*~ (outnumbered).
 28965 | D:9      | 28965 ||| FLEEEEING.
 28982 | D:9      | 28982 ||| Stepping ~*~*~tactically~*~*~ (outnumbered).
 28985 | D:9      | 28985 ||| Stepping ~*~*~tactically~*~*~ (outnumbered).
 28986 | D:9      | 28986 ||| FLEEEEING.
 29001 | D:9      | 29001 ||| FLEEEEING.
 29017 | D:9      | 29017 ||| Stepping ~*~*~tactically~*~*~ (outnumbered).
 29027 | D:9      | 29027 ||| Stepping ~*~*~tactically~*~*~ (outnumbered).
 29029 | D:9      | 29029 ||| Stepping ~*~*~tactically~*~*~ (outnumbered).
 29031 | D:9      | 29031 ||| FLEEEEING.
 29045 | D:9      | 29045 ||| Stepping ~*~*~tactically~*~*~ (outnumbered).
 29050 | D:9      | 29050 ||| FLEEEEING.
 29063 | D:9      | 29063 ||| FLEEEEING.
 29076 | D:9      | 29076 ||| Stepping ~*~*~tactically~*~*~ (outnumbered).
 29081 | D:9      | 29081 ||| Stepping ~*~*~tactically~*~*~ (outnumbered).
 29083 | D:9      | 29083 ||| Stepping ~*~*~tactically~*~*~ (outnumbered).
 29094 | D:9      | 29094 ||| Stepping ~*~*~tactically~*~*~ (outnumbered).
 29096 | D:9      | 29096 ||| Stepping ~*~*~tactically~*~*~ (outnumbered).
 29101 | D:9      | 29101 ||| FLEEEEING.
 29113 | D:9      | 29113 ||| FLEEEEING.
 29125 | D:9      | 29125 ||| Stepping ~*~*~tactically~*~*~ (outnumbered).
 29134 | D:9      | 29134 ||| Stepping ~*~*~tactically~*~*~ (outnumbered).
 29140 | D:9      | 29140 ||| Stepping ~*~*~tactically~*~*~ (outnumbered).
 29148 | D:9      | 29148 ||| FLEEEEING.
 29164 | D:9      | 29164 ||| FLEEEEING.
 29165 | D:9      | 29165 ||| FLEEEEING.
 29186 | D:9      | 29186 ||| Stepping ~*~*~tactically~*~*~ (outnumbered).
 29188 | D:9      | 29188 ||| Stepping ~*~*~tactically~*~*~ (outnumbered).
 29196 | D:9      | 29196 ||| FLEEEEING.
 29214 | D:9      | 29214 ||| Stepping ~*~*~tactically~*~*~ (outnumbered).
 29216 | D:9      | 29216 ||| Stepping ~*~*~tactically~*~*~ (outnumbered).
 29220 | D:9      | 29220 ||| Stepping ~*~*~tactically~*~*~ (outnumbered).
 29225 | D:9      | 29225 ||| FLEEEEING.
 29236 | D:9      | 29236 ||| Stepping ~*~*~tactically~*~*~ (outnumbered).
 29239 | D:9      | 29239 ||| Stepping ~*~*~tactically~*~*~ (outnumbered).
 29247 | D:9      | 29247 ||| Stepping ~*~*~tactically~*~*~ (outnumbered).
 29249 | D:9      | 29249 ||| Stepping ~*~*~tactically~*~*~ (outnumbered).
 29251 | D:9      | 29251 ||| Stepping ~*~*~tactically~*~*~ (outnumbered).
 29253 | D:9      | 29253 ||| Stepping ~*~*~tactically~*~*~ (outnumbered).
 29255 | D:9      | 29255 ||| Stepping ~*~*~tactically~*~*~ (outnumbered).
 29257 | D:9      | 29257 ||| Stepping ~*~*~tactically~*~*~ (outnumbered).
 29259 | D:9      | 29259 ||| Stepping ~*~*~tactically~*~*~ (outnumbered).
 29261 | D:9      | 29261 ||| FLEEEEING.
 29272 | D:9      | 29272 ||| Stepping ~*~*~tactically~*~*~ (outnumbered).
 29274 | D:9      | 29274 ||| Stepping ~*~*~tactically~*~*~ (outnumbered).
 29286 | D:9      | 29286 ||| FLEEEEING.
 29287 | D:9      | 29287 ||| FLEEEEING.
 29317 | D:9      | 29317 ||| Stepping ~*~*~tactically~*~*~ (outnumbered).
 29325 | D:9      | 29325 ||| FLEEEEING.
 29326 | D:9      | 29326 ||| FLEEEEING.
 29339 | D:9      | 29339 ||| Stepping ~*~*~tactically~*~*~ (outnumbered).
 29341 | D:9      | 29341 ||| Stepping ~*~*~tactically~*~*~ (outnumbered).
 29343 | D:9      | 29343 ||| Stepping ~*~*~tactically~*~*~ (outnumbered).
 29346 | D:9      | 29346 ||| FLEEEEING.
 29359 | D:9      | 29359 ||| Stepping ~*~*~tactically~*~*~ (outnumbered).
 29363 | D:9      | 29363 ||| Stepping ~*~*~tactically~*~*~ (outnumbered).
 29365 | D:9      | 29365 ||| Stepping ~*~*~tactically~*~*~ (outnumbered).
 29367 | D:9      | 29367 ||| Stepping ~*~*~tactically~*~*~ (outnumbered).
 29374 | D:9      | 29374 ||| Stepping ~*~*~tactically~*~*~ (outnumbered).
 29385 | D:9      | 29385 ||| Stepping ~*~*~tactically~*~*~ (outnumbered).
 29388 | D:9      | 29388 ||| FLEEEEING.
 29405 | D:9      | 29405 ||| Stepping ~*~*~tactically~*~*~ (outnumbered).
 29409 | D:9      | 29409 ||| Stepping ~*~*~tactically~*~*~ (outnumbered).
 29411 | D:9      | 29411 ||| Stepping ~*~*~tactically~*~*~ (outnumbered).
 29420 | D:9      | 29420 ||| Stepping ~*~*~tactically~*~*~ (outnumbered).
 29423 | D:9      | 29423 ||| Stepping ~*~*~tactically~*~*~ (outnumbered).
 29432 | D:9      | 29432 ||| Stepping ~*~*~tactically~*~*~ (outnumbered).
 29434 | D:9      | 29434 ||| Stepping ~*~*~tactically~*~*~ (outnumbered).
 29436 | D:9      | 29436 ||| Stepping ~*~*~tactically~*~*~ (outnumbered).
 29438 | D:9      | 29438 ||| Stepping ~*~*~tactically~*~*~ (outnumbered).
 29443 | D:9      | 29443 ||| FLEEEEING.
 29457 | D:9      | 29457 ||| FLEEEEING.
 29476 | D:9      | 29476 ||| FLEEEEING.
 29490 | D:9      | 29490 ||| Stepping ~*~*~tactically~*~*~ (outnumbered).
 29491 | D:9      | 29491 ||| Stepping ~*~*~tactically~*~*~ (outnumbered).
 29498 | D:9      | 29498 ||| Stepping ~*~*~tactically~*~*~ (outnumbered).
 29505 | D:9      | 29505 ||| FLEEEEING.
 29506 | D:9      | 29506 ||| FLEEEEING.
 29556 | D:9      | 29556 ||| FLEEEEING.
 29567 | D:9      | 29567 ||| Stepping ~*~*~tactically~*~*~ (outnumbered).
 29569 | D:9      | 29569 ||| FLEEEEING.
 29586 | D:9      | 29586 ||| Stepping ~*~*~tactically~*~*~ (outnumbered).
 29595 | D:9      | 29595 ||| Stepping ~*~*~tactically~*~*~ (outnumbered).
 29599 | D:9      | 29599 ||| FLEEEEING.
 29600 | D:9      | 29600 ||| FLEEEEING.
 29632 | D:9      | 29632 ||| Stepping ~*~*~tactically~*~*~ (outnumbered).
 29639 | D:9      | 29639 ||| Stepping ~*~*~tactically~*~*~ (outnumbered).
 29640 | D:9      | 29640 ||| FLEEEEING.
 29664 | D:9      | 29664 ||| FLEEEEING.
 29681 | D:9      | 29681 ||| FLEEEEING.
 29699 | D:9      | 29699 ||| Stepping ~*~*~tactically~*~*~ (outnumbered).
 29709 | D:9      | 29709 ||| Stepping ~*~*~tactically~*~*~ (outnumbered).
 29712 | D:9      | 29712 ||| Stepping ~*~*~tactically~*~*~ (outnumbered).
 29715 | D:9      | 29715 ||| Stepping ~*~*~tactically~*~*~ (outnumbered).
 29718 | D:9      | 29718 ||| FLEEEEING.
 29745 | D:9      | 29745 ||| Stepping ~*~*~tactically~*~*~ (outnumbered).
 29752 | D:9      | 29752 ||| Stepping ~*~*~tactically~*~*~ (outnumbered).
 29760 | D:9      | 29760 ||| FLEEEEING.
 29785 | D:9      | 29785 ||| FLEEEEING.
 29805 | D:9      | 29805 ||| Stepping ~*~*~tactically~*~*~ (outnumbered).
 29814 | D:9      | 29814 ||| Stepping ~*~*~tactically~*~*~ (outnumbered).
 29819 | D:9      | 29819 ||| Stepping ~*~*~tactically~*~*~ (stealth).
 29827 | D:9      | 29827 ||| Stepping ~*~*~tactically~*~*~ (outnumbered).
 29829 | D:9      | 29829 ||| FLEEEEING.
 29851 | D:9      | 29851 ||| Stepping ~*~*~tactically~*~*~ (outnumbered).
 29856 | D:9      | 29856 ||| FLEEEEING.
 29857 | D:9      | 29857 ||| FLEEEEING.
 29880 | D:9      | 29880 ||| FLEEEEING.
 29895 | D:9      | 29895 ||| Stepping ~*~*~tactically~*~*~ (outnumbered).
 29897 | D:9      | 29897 ||| Stepping ~*~*~tactically~*~*~ (outnumbered).
 29899 | D:9      | 29899 ||| Stepping ~*~*~tactically~*~*~ (outnumbered).
 29910 | D:9      | 29910 ||| FLEEEEING.
 29911 | D:9      | 29911 ||| FLEEEEING.
 29943 | D:9      | 29943 ||| FLEEEEING.
 29944 | D:9      | 29944 ||| FLEEEEING.
 29979 | D:9      | 29979 ||| Stepping ~*~*~tactically~*~*~ (outnumbered).
 29987 | D:9      | 29987 ||| Stepping ~*~*~tactically~*~*~ (outnumbered).
 29993 | D:9      | 29993 ||| Stepping ~*~*~tactically~*~*~ (outnumbered).
 29995 | D:9      | 29995 ||| Stepping ~*~*~tactically~*~*~ (outnumbered).
 29998 | D:9      | 29998 ||| FLEEEEING.
 30009 | D:9      | 30009 ||| Stepping ~*~*~tactically~*~*~ (outnumbered).
 30011 | D:9      | 30011 ||| Stepping ~*~*~tactically~*~*~ (outnumbered).
 30013 | D:9      | 30013 ||| Stepping ~*~*~tactically~*~*~ (outnumbered).
 30017 | D:9      | 30017 ||| Stepping ~*~*~tactically~*~*~ (outnumbered).
 30025 | D:9      | 30025 ||| Stepping ~*~*~tactically~*~*~ (outnumbered).
 30033 | D:9      | 30033 ||| Stepping ~*~*~tactically~*~*~ (outnumbered).
 30042 | D:9      | 30042 ||| FLEEEEING.
 30073 | D:9      | 30073 ||| Stepping ~*~*~tactically~*~*~ (outnumbered).
 30081 | D:9      | 30081 ||| Stepping ~*~*~tactically~*~*~ (outnumbered).
 30083 | D:9      | 30083 ||| Stepping ~*~*~tactically~*~*~ (outnumbered).
 30087 | D:9      | 30087 ||| Stepping ~*~*~tactically~*~*~ (outnumbered).
 30089 | D:9      | 30089 ||| FLEEEEING.
 30111 | D:9      | 30111 ||| FLEEEEING.
 30112 | D:9      | 30112 ||| FLEEEEING.
 30139 | D:9      | 30139 ||| FLEEEEING.
 30151 | D:9      | 30151 ||| Stepping ~*~*~tactically~*~*~ (outnumbered).
 30152 | D:9      | 30152 ||| FLEEEEING.
 30167 | D:9      | 30167 ||| Stepping ~*~*~tactically~*~*~ (outnumbered).
 30169 | D:9      | 30169 ||| Stepping ~*~*~tactically~*~*~ (outnumbered).
 30172 | D:9      | 30172 ||| Stepping ~*~*~tactically~*~*~ (outnumbered).
 30181 | D:9      | 30181 ||| Stepping ~*~*~tactically~*~*~ (outnumbered).
 30187 | D:9      | 30187 ||| Stepping ~*~*~tactically~*~*~ (outnumbered).
 30190 | D:9      | 30190 ||| Stepping ~*~*~tactically~*~*~ (outnumbered).
 30193 | D:9      | 30193 ||| Stepping ~*~*~tactically~*~*~ (outnumbered).
 30200 | D:9      | 30200 ||| Stepping ~*~*~tactically~*~*~ (outnumbered).
 30203 | D:9      | 30203 ||| Stepping ~*~*~tactically~*~*~ (outnumbered).
 30212 | D:9      | 30212 ||| Stepping ~*~*~tactically~*~*~ (outnumbered).
 30218 | D:9      | 30218 ||| Stepping ~*~*~tactically~*~*~ (outnumbered).
 30219 | D:9      | 30219 ||| FLEEEEING.
 30236 | D:9      | 30236 ||| FLEEEEING.
 30250 | D:9      | 30250 ||| FLEEEEING.
 30251 | D:9      | 30251 ||| FLEEEEING.
 30275 | D:9      | 30275 ||| Stepping ~*~*~tactically~*~*~ (outnumbered).
 30279 | D:9      | 30279 ||| Stepping ~*~*~tactically~*~*~ (outnumbered).
 30281 | D:9      | 30281 ||| Stepping ~*~*~tactically~*~*~ (outnumbered).
 30283 | D:9      | 30283 ||| Stepping ~*~*~tactically~*~*~ (outnumbered).
 30286 | D:9      | 30286 ||| FLEEEEING.
 30302 | D:9      | 30302 ||| Stepping ~*~*~tactically~*~*~ (outnumbered).
 30304 | D:9      | 30304 ||| Stepping ~*~*~tactically~*~*~ (outnumbered).
 30308 | D:9      | 30308 ||| FLEEEEING.
 30332 | D:9      | 30332 ||| Stepping ~*~*~tactically~*~*~ (outnumbered).
 30336 | D:9      | 30336 ||| Stepping ~*~*~tactically~*~*~ (outnumbered).
 30344 | D:9      | 30344 ||| FLEEEEING.
 30377 | D:9      | 30377 ||| Stepping ~*~*~tactically~*~*~ (outnumbered).
 30379 | D:9      | 30379 ||| Stepping ~*~*~tactically~*~*~ (outnumbered).
 30381 | D:9      | 30381 ||| Stepping ~*~*~tactically~*~*~ (outnumbered).
 30384 | D:9      | 30384 ||| Stepping ~*~*~tactically~*~*~ (outnumbered).
 30386 | D:9      | 30386 ||| FLEEEEING.
 30403 | D:9      | 30403 ||| Stepping ~*~*~tactically~*~*~ (outnumbered).
 30415 | D:9      | 30415 ||| FLEEEEING.
 30416 | D:9      | 30416 ||| FLEEEEING.
 30441 | D:9      | 30441 ||| FLEEEEING.
 30457 | D:9      | 30457 ||| Stepping ~*~*~tactically~*~*~ (outnumbered).
 30463 | D:9      | 30463 ||| Stepping ~*~*~tactically~*~*~ (stealth).
 30470 | D:9      | 30470 ||| FLEEEEING.
 30471 | D:9      | 30471 ||| FLEEEEING.
 30483 | D:9      | 30483 ||| Stepping ~*~*~tactically~*~*~ (outnumbered).
 30485 | D:9      | 30485 ||| Stepping ~*~*~tactically~*~*~ (outnumbered).
 30487 | D:9      | 30487 ||| FLEEEEING.
 30511 | D:9      | 30511 ||| FLEEEEING.
 30512 | D:9      | 30512 ||| FLEEEEING.
 30544 | D:9      | 30544 ||| FLEEEEING.
 30560 | D:9      | 30560 ||| FLEEEEING.
 30581 | D:9      | 30581 ||| Stepping ~*~*~tactically~*~*~ (outnumbered).
 30584 | D:9      | 30584 ||| FLEEEEING.
 30585 | D:9      | 30585 ||| FLEEEEING.
 30620 | D:9      | 30620 ||| Stepping ~*~*~tactically~*~*~ (outnumbered).
 30622 | D:9      | 30622 ||| Stepping ~*~*~tactically~*~*~ (outnumbered).
 30631 | D:9      | 30631 ||| Stepping ~*~*~tactically~*~*~ (outnumbered).
 30640 | D:9      | 30640 ||| Stepping ~*~*~tactically~*~*~ (outnumbered).
 30645 | D:9      | 30645 ||| Stepping ~*~*~tactically~*~*~ (outnumbered).
 30646 | D:9      | 30646 ||| FLEEEEING.
 30688 | D:9      | 30688 ||| FLEEEEING.
 30707 | D:9      | 30707 ||| FLEEEEING.
 30727 | D:9      | 30727 ||| Stepping ~*~*~tactically~*~*~ (outnumbered).
 30729 | D:9      | 30729 ||| FLEEEEING.
 30741 | D:9      | 30741 ||| Stepping ~*~*~tactically~*~*~ (outnumbered).
 30744 | D:9      | 30744 ||| FLEEEEING.
 30745 | D:9      | 30745 ||| FLEEEEING.
 30774 | D:9      | 30774 ||| Stepping ~*~*~tactically~*~*~ (outnumbered).
 30781 | D:9      | 30781 ||| FLEEEEING.
 30796 | D:9      | 30796 ||| FLEEEEING.
 30815 | D:9      | 30815 ||| Stepping ~*~*~tactically~*~*~ (outnumbered).
 30816 | D:9      | 30816 ||| Stepping ~*~*~tactically~*~*~ (outnumbered).
 30825 | D:9      | 30825 ||| FLEEEEING.
 30839 | D:9      | 30839 ||| Stepping ~*~*~tactically~*~*~ (stealth).
 30843 | D:9      | 30843 ||| Stepping ~*~*~tactically~*~*~ (outnumbered).
 30847 | D:9      | 30847 ||| Stepping ~*~*~tactically~*~*~ (stealth).
 30850 | D:9      | 30850 ||| Stepping ~*~*~tactically~*~*~ (outnumbered).
 30852 | D:9      | 30852 ||| FLEEEEING.
 30880 | D:9      | 30880 ||| Stepping ~*~*~tactically~*~*~ (outnumbered).
 30887 | D:9      | 30887 ||| Stepping ~*~*~tactically~*~*~ (outnumbered).
 30889 | D:9      | 30889 ||| Stepping ~*~*~tactically~*~*~ (outnumbered).
 30899 | D:9      | 30899 ||| Stepping ~*~*~tactically~*~*~ (outnumbered).
 30901 | D:9      | 30901 ||| Stepping ~*~*~tactically~*~*~ (outnumbered).
 30903 | D:9      | 30903 ||| FLEEEEING.
 30916 | D:9      | 30916 ||| FLEEEEING.
 30945 | D:9      | 30945 ||| Stepping ~*~*~tactically~*~*~ (outnumbered).
 30957 | D:9      | 30957 ||| Stepping ~*~*~tactically~*~*~ (outnumbered).
 30968 | D:9      | 30968 ||| Stepping ~*~*~tactically~*~*~ (outnumbered).
 30973 | D:9      | 30973 ||| Stepping ~*~*~tactically~*~*~ (outnumbered).
 30981 | D:9      | 30981 ||| Stepping ~*~*~tactically~*~*~ (outnumbered).
 30989 | D:9      | 30989 ||| Stepping ~*~*~tactically~*~*~ (outnumbered).
 30991 | D:9      | 30991 ||| Stepping ~*~*~tactically~*~*~ (outnumbered).
 30993 | D:9      | 30993 ||| Stepping ~*~*~tactically~*~*~ (outnumbered).
 30995 | D:9      | 30995 ||| Stepping ~*~*~tactically~*~*~ (outnumbered).
 30997 | D:9      | 30997 ||| Stepping ~*~*~tactically~*~*~ (outnumbered).
 30999 | D:9      | 30999 ||| Stepping ~*~*~tactically~*~*~ (outnumbered).
 31001 | D:9      | 31001 ||| Stepping ~*~*~tactically~*~*~ (outnumbered).
 31007 | D:9      | 31007 ||| Stepping ~*~*~tactically~*~*~ (outnumbered).
 31015 | D:9      | 31015 ||| FLEEEEING.
 31030 | D:9      | 31030 ||| Stepping ~*~*~tactically~*~*~ (outnumbered).
 31031 | D:9      | 31031 ||| Stepping ~*~*~tactically~*~*~ (outnumbered).
 31042 | D:9      | 31042 ||| FLEEEEING.
 31058 | D:9      | 31058 ||| Stepping ~*~*~tactically~*~*~ (outnumbered).
 31060 | D:9      | 31060 ||| Stepping ~*~*~tactically~*~*~ (outnumbered).
 31063 | D:9      | 31063 ||| Stepping ~*~*~tactically~*~*~ (outnumbered).
 31069 | D:9      | 31069 ||| Stepping ~*~*~tactically~*~*~ (outnumbered).
 31073 | D:9      | 31073 ||| Stepping ~*~*~tactically~*~*~ (outnumbered).
 31079 | D:9      | 31079 ||| Stepping ~*~*~tactically~*~*~ (outnumbered).
 31081 | D:9      | 31081 ||| FLEEEEING.
 31103 | D:9      | 31103 ||| Stepping ~*~*~tactically~*~*~ (outnumbered).
 31110 | D:9      | 31110 ||| Stepping ~*~*~tactically~*~*~ (outnumbered).
 31117 | D:9      | 31117 ||| Stepping ~*~*~tactically~*~*~ (outnumbered).
 31119 | D:9      | 31119 ||| FLEEEEING.
 31135 | D:9      | 31135 ||| FLEEEEING.
 31151 | D:9      | 31151 ||| Stepping ~*~*~tactically~*~*~ (outnumbered).
 31152 | D:9      | 31152 ||| FLEEEEING.
 31169 | D:9      | 31169 ||| Stepping ~*~*~tactically~*~*~ (outnumbered).
 31171 | D:9      | 31171 ||| Stepping ~*~*~tactically~*~*~ (outnumbered).
 31173 | D:9      | 31173 ||| Stepping ~*~*~tactically~*~*~ (outnumbered).
 31176 | D:9      | 31176 ||| FLEEEEING.
 31178 | D:9      | 31178 ||| FLEEEEING.
 31193 | D:9      | 31193 ||| Stepping ~*~*~tactically~*~*~ (outnumbered).
 31201 | D:9      | 31201 ||| Stepping ~*~*~tactically~*~*~ (outnumbered).
 31204 | D:9      | 31204 ||| Stepping ~*~*~tactically~*~*~ (outnumbered).
 31205 | D:9      | 31205 ||| FLEEEEING.
 31224 | D:9      | 31224 ||| Stepping ~*~*~tactically~*~*~ (outnumbered).
 31226 | D:9      | 31226 ||| Stepping ~*~*~tactically~*~*~ (outnumbered).
 31229 | D:9      | 31229 ||| Stepping ~*~*~tactically~*~*~ (outnumbered).
 31231 | D:9      | 31231 ||| Stepping ~*~*~tactically~*~*~ (outnumbered).
 31233 | D:9      | 31233 ||| Stepping ~*~*~tactically~*~*~ (outnumbered).
 31241 | D:9      | 31241 ||| Stepping ~*~*~tactically~*~*~ (outnumbered).
 31244 | D:9      | 31244 ||| Stepping ~*~*~tactically~*~*~ (outnumbered).
 31254 | D:9      | 31254 ||| Stepping ~*~*~tactically~*~*~ (outnumbered).
 31256 | D:9      | 31256 ||| Stepping ~*~*~tactically~*~*~ (outnumbered).
 31258 | D:9      | 31258 ||| Stepping ~*~*~tactically~*~*~ (outnumbered).
 31260 | D:9      | 31260 ||| Stepping ~*~*~tactically~*~*~ (outnumbered).
 31268 | D:9      | 31268 ||| Stepping ~*~*~tactically~*~*~ (stealth).
 31274 | D:9      | 31274 ||| FLEEEEING.
 31275 | D:9      | 31275 ||| FLEEEEING.
 31276 | D:9      | 31276 ||| FLEEEEING.
 31293 | D:9      | 31293 ||| Stepping ~*~*~tactically~*~*~ (outnumbered).
 31298 | D:9      | 31298 ||| FLEEEEING.
 31309 | D:9      | 31309 ||| FLEEEEING.
 31322 | D:9      | 31322 ||| Stepping ~*~*~tactically~*~*~ (outnumbered).
 31328 | D:9      | 31328 ||| FLEEEEING.
 31329 | D:9      | 31329 ||| FLEEEEING.
 31352 | D:9      | 31352 ||| FLEEEEING.
 31363 | D:9      | 31363 ||| Stepping ~*~*~tactically~*~*~ (outnumbered).
 31365 | D:9      | 31365 ||| Stepping ~*~*~tactically~*~*~ (outnumbered).
 31373 | D:9      | 31373 ||| Stepping ~*~*~tactically~*~*~ (outnumbered).
 31375 | D:9      | 31375 ||| Stepping ~*~*~tactically~*~*~ (outnumbered).
 31378 | D:9      | 31378 ||| Stepping ~*~*~tactically~*~*~ (outnumbered).
 31379 | D:9      | 31379 ||| FLEEEEING.
 31394 | D:9      | 31394 ||| Stepping ~*~*~tactically~*~*~ (outnumbered).
 31402 | D:9      | 31402 ||| Stepping ~*~*~tactically~*~*~ (outnumbered).
 31403 | D:9      | 31403 ||| Stepping ~*~*~tactically~*~*~ (outnumbered).
 31410 | D:9      | 31410 ||| Stepping ~*~*~tactically~*~*~ (outnumbered).
 31415 | D:9      | 31415 ||| Stepping ~*~*~tactically~*~*~ (outnumbered).
 31425 | D:9      | 31425 ||| Stepping ~*~*~tactically~*~*~ (outnumbered).
 31432 | D:9      | 31432 ||| FLEEEEING.
 31433 | D:9      | 31433 ||| FLEEEEING.
 31449 | D:9      | 31449 ||| Stepping ~*~*~tactically~*~*~ (outnumbered).
 31452 | D:9      | 31452 ||| Stepping ~*~*~tactically~*~*~ (outnumbered).
 31453 | D:9      | 31453 ||| Stepping ~*~*~tactically~*~*~ (outnumbered).
 31461 | D:9      | 31461 ||| Stepping ~*~*~tactically~*~*~ (outnumbered).
 31470 | D:9      | 31470 ||| Stepping ~*~*~tactically~*~*~ (outnumbered).
 31472 | D:9      | 31472 ||| FLEEEEING.
 31486 | D:9      | 31486 ||| FLEEEEING.
 31508 | D:9      | 31508 ||| FLEEEEING.
 31527 | D:9      | 31527 ||| Stepping ~*~*~tactically~*~*~ (outnumbered).
 31530 | D:9      | 31530 ||| FLEEEEING.
 31547 | D:9      | 31547 ||| Stepping ~*~*~tactically~*~*~ (outnumbered).
 31554 | D:9      | 31554 ||| FLEEEEING.
 31555 | D:9      | 31555 ||| FLEEEEING.
 31590 | D:9      | 31590 ||| Stepping ~*~*~tactically~*~*~ (outnumbered).
 31592 | D:9      | 31592 ||| Stepping ~*~*~tactically~*~*~ (outnumbered).
 31599 | D:9      | 31599 ||| Stepping ~*~*~tactically~*~*~ (outnumbered).
 31601 | D:9      | 31601 ||| Stepping ~*~*~tactically~*~*~ (outnumbered).
 31603 | D:9      | 31603 ||| Stepping ~*~*~tactically~*~*~ (outnumbered).
 31609 | D:9      | 31609 ||| Stepping ~*~*~tactically~*~*~ (outnumbered).
 31617 | D:9      | 31617 ||| Stepping ~*~*~tactically~*~*~ (outnumbered).
 31620 | D:9      | 31620 ||| FLEEEEING.
 31646 | D:9      | 31646 ||| Stepping ~*~*~tactically~*~*~ (outnumbered).
 31652 | D:9      | 31652 ||| FLEEEEING.
 31674 | D:9      | 31674 ||| Stepping ~*~*~tactically~*~*~ (outnumbered).
 31678 | D:9      | 31678 ||| Stepping ~*~*~tactically~*~*~ (outnumbered).
 31684 | D:9      | 31684 ||| FLEEEEING.
 31685 | D:9      | 31685 ||| FLEEEEING.
 31723 | D:9      | 31723 ||| Stepping ~*~*~tactically~*~*~ (outnumbered).
 31725 | D:9      | 31725 ||| FLEEEEING.
 31739 | D:9      | 31739 ||| Stepping ~*~*~tactically~*~*~ (outnumbered).
 31740 | D:9      | 31740 ||| FLEEEEING.
 31763 | D:9      | 31763 ||| Stepping ~*~*~tactically~*~*~ (outnumbered).
 31770 | D:9      | 31770 ||| FLEEEEING.
 31782 | D:9      | 31782 ||| FLEEEEING.
 31797 | D:9      | 31797 ||| Stepping ~*~*~tactically~*~*~ (outnumbered).
 31806 | D:9      | 31806 ||| Stepping ~*~*~tactically~*~*~ (outnumbered).
 31816 | D:9      | 31816 ||| FLEEEEING.
 31832 | D:9      | 31832 ||| FLEEEEING.
 31833 | D:9      | 31833 ||| FLEEEEING.
 31854 | D:9      | 31854 ||| Stepping ~*~*~tactically~*~*~ (outnumbered).
 31862 | D:9      | 31862 ||| Stepping ~*~*~tactically~*~*~ (outnumbered).
 31866 | D:9      | 31866 ||| FLEEEEING.
 31885 | D:9      | 31885 ||| Stepping ~*~*~tactically~*~*~ (outnumbered).
 31894 | D:9      | 31894 ||| FLEEEEING.
 31915 | D:9      | 31915 ||| Stepping ~*~*~tactically~*~*~ (outnumbered).
 31917 | D:9      | 31917 ||| Stepping ~*~*~tactically~*~*~ (outnumbered).
 31919 | D:9      | 31919 ||| Stepping ~*~*~tactically~*~*~ (outnumbered).
 31921 | D:9      | 31921 ||| Stepping ~*~*~tactically~*~*~ (outnumbered).
 31929 | D:9      | 31929 ||| Stepping ~*~*~tactically~*~*~ (outnumbered).
 31935 | D:9      | 31935 ||| Stepping ~*~*~tactically~*~*~ (outnumbered).
 31937 | D:9      | 31937 ||| Stepping ~*~*~tactically~*~*~ (outnumbered).
 31939 | D:9      | 31939 ||| Stepping ~*~*~tactically~*~*~ (outnumbered).
 31946 | D:9      | 31946 ||| FLEEEEING.
 31959 | D:9      | 31959 ||| Stepping ~*~*~tactically~*~*~ (outnumbered).
 31960 | D:9      | 31960 ||| Stepping ~*~*~tactically~*~*~ (outnumbered).
 31964 | D:9      | 31964 ||| Stepping ~*~*~tactically~*~*~ (outnumbered).
 31965 | D:9      | 31965 ||| FLEEEEING.
 31994 | D:9      | 31994 ||| Stepping ~*~*~tactically~*~*~ (outnumbered).
 32001 | D:9      | 32001 ||| Stepping ~*~*~tactically~*~*~ (outnumbered).
 32007 | D:9      | 32007 ||| Stepping ~*~*~tactically~*~*~ (outnumbered).
 32017 | D:9      | 32017 ||| Stepping ~*~*~tactically~*~*~ (stealth).
 32027 | D:9      | 32027 ||| FLEEEEING.
 32028 | D:9      | 32028 ||| FLEEEEING.
 32069 | D:9      | 32069 ||| Stepping ~*~*~tactically~*~*~ (outnumbered).
 32076 | D:9      | 32076 ||| Stepping ~*~*~tactically~*~*~ (outnumbered).
 32087 | D:9      | 32087 ||| Stepping ~*~*~tactically~*~*~ (outnumbered).
 32089 | D:9      | 32089 ||| Stepping ~*~*~tactically~*~*~ (outnumbered).
 32097 | D:9      | 32097 ||| Stepping ~*~*~tactically~*~*~ (outnumbered).
 32098 | D:9      | 32098 ||| Stepping ~*~*~tactically~*~*~ (outnumbered).
 32108 | D:9      | 32108 ||| FLEEEEING.
 32109 | D:9      | 32109 ||| FLEEEEING.
 32138 | D:9      | 32138 ||| Stepping ~*~*~tactically~*~*~ (outnumbered).
 32140 | D:9      | 32140 ||| Stepping ~*~*~tactically~*~*~ (outnumbered).
 32142 | D:9      | 32142 ||| Stepping ~*~*~tactically~*~*~ (outnumbered).
 32144 | D:9      | 32144 ||| Stepping ~*~*~tactically~*~*~ (outnumbered).
 32146 | D:9      | 32146 ||| FLEEEEING.
 32173 | D:9      | 32173 ||| Stepping ~*~*~tactically~*~*~ (outnumbered).
 32180 | D:9      | 32180 ||| FLEEEEING.
 32193 | D:9      | 32193 ||| Stepping ~*~*~tactically~*~*~ (outnumbered).
 32196 | D:9      | 32196 ||| Stepping ~*~*~tactically~*~*~ (outnumbered).
 32202 | D:9      | 32202 ||| Stepping ~*~*~tactically~*~*~ (outnumbered).
 32204 | D:9      | 32204 ||| Stepping ~*~*~tactically~*~*~ (outnumbered).
 32206 | D:9      | 32206 ||| Stepping ~*~*~tactically~*~*~ (outnumbered).
 32212 | D:9      | 32212 ||| Stepping ~*~*~tactically~*~*~ (outnumbered).
 32214 | D:9      | 32214 ||| Stepping ~*~*~tactically~*~*~ (outnumbered).
 32216 | D:9      | 32216 ||| FLEEEEING.
 32233 | D:9      | 32233 ||| FLEEEEING.
 32246 | D:9      | 32246 ||| FLEEEEING.
 32274 | D:9      | 32274 ||| FLEEEEING.
 32275 | D:9      | 32275 ||| FLEEEEING.
 32292 | D:9      | 32292 ||| Stepping ~*~*~tactically~*~*~ (outnumbered).
 32302 | D:9      | 32302 ||| FLEEEEING.
 32303 | D:9      | 32303 ||| FLEEEEING.
 32324 | D:9      | 32324 ||| FLEEEEING.
 32341 | D:9      | 32341 ||| Stepping ~*~*~tactically~*~*~ (outnumbered).
 32343 | D:9      | 32343 ||| FLEEEEING.
 32374 | D:9      | 32374 ||| FLEEEEING.
 32388 | D:9      | 32388 ||| Stepping ~*~*~tactically~*~*~ (outnumbered).
 32390 | D:9      | 32390 ||| Stepping ~*~*~tactically~*~*~ (outnumbered).
 32396 | D:9      | 32396 ||| FLEEEEING.
 32397 | D:9      | 32397 ||| FLEEEEING.
 32434 | D:9      | 32434 ||| FLEEEEING.
 32435 | D:9      | 32435 ||| FLEEEEING.
 32481 | D:9      | 32481 ||| Stepping ~*~*~tactically~*~*~ (outnumbered).
 32483 | D:9      | 32483 ||| Stepping ~*~*~tactically~*~*~ (outnumbered).
 32486 | D:9      | 32486 ||| Stepping ~*~*~tactically~*~*~ (outnumbered).
 32488 | D:9      | 32488 ||| Stepping ~*~*~tactically~*~*~ (outnumbered).
 32493 | D:9      | 32493 ||| Stepping ~*~*~tactically~*~*~ (outnumbered).
 32504 | D:9      | 32504 ||| Stepping ~*~*~tactically~*~*~ (outnumbered).
 32505 | D:9      | 32505 ||| Stepping ~*~*~tactically~*~*~ (outnumbered).
 32512 | D:9      | 32512 ||| FLEEEEING.
 32513 | D:9      | 32513 ||| FLEEEEING.
 32544 | D:9      | 32544 ||| Stepping ~*~*~tactically~*~*~ (outnumbered).
 32548 | D:9      | 32548 ||| Stepping ~*~*~tactically~*~*~ (outnumbered).
 32558 | D:9      | 32558 ||| Stepping ~*~*~tactically~*~*~ (outnumbered).
 32562 | D:9      | 32562 ||| Stepping ~*~*~tactically~*~*~ (outnumbered).
 32567 | D:9      | 32567 ||| Stepping ~*~*~tactically~*~*~ (outnumbered).
 32572 | D:9      | 32572 ||| Stepping ~*~*~tactically~*~*~ (outnumbered).
 32575 | D:9      | 32575 ||| FLEEEEING.
 32587 | D:9      | 32587 ||| FLEEEEING.
 32604 | D:9      | 32604 ||| FLEEEEING.
 32606 | D:9      | 32606 ||| FLEEEEING.
 32629 | D:9      | 32629 ||| FLEEEEING.
 32656 | D:9      | 32656 ||| Stepping ~*~*~tactically~*~*~ (outnumbered).
 32660 | D:9      | 32660 ||| FLEEEEING.
 32674 | D:9      | 32674 ||| Stepping ~*~*~tactically~*~*~ (outnumbered).
 32681 | D:9      | 32681 ||| Stepping ~*~*~tactically~*~*~ (outnumbered).
 32682 | D:9      | 32682 ||| Stepping ~*~*~tactically~*~*~ (outnumbered).
 32684 | D:9      | 32684 ||| Stepping ~*~*~tactically~*~*~ (outnumbered).
 32686 | D:9      | 32686 ||| Stepping ~*~*~tactically~*~*~ (outnumbered).
 32697 | D:9      | 32697 ||| FLEEEEING.
 32721 | D:9      | 32721 ||| Stepping ~*~*~tactically~*~*~ (outnumbered).
 32723 | D:9      | 32723 ||| FLEEEEING.
 32734 | D:9      | 32734 ||| Stepping ~*~*~tactically~*~*~ (outnumbered).
 32742 | D:9      | 32742 ||| Stepping ~*~*~tactically~*~*~ (outnumbered).
 32744 | D:9      | 32744 ||| Stepping ~*~*~tactically~*~*~ (outnumbered).
 32755 | D:9      | 32755 ||| Stepping ~*~*~tactically~*~*~ (outnumbered).
 32757 | D:9      | 32757 ||| Stepping ~*~*~tactically~*~*~ (outnumbered).
 32765 | D:9      | 32765 ||| Stepping ~*~*~tactically~*~*~ (outnumbered).
 32772 | D:9      | 32772 ||| Stepping ~*~*~tactically~*~*~ (outnumbered).
 32773 | D:9      | 32773 ||| FLEEEEING.
 32806 | D:9      | 32806 ||| Stepping ~*~*~tactically~*~*~ (outnumbered).
 32808 | D:9      | 32808 ||| Stepping ~*~*~tactically~*~*~ (outnumbered).
 32817 | D:9      | 32817 ||| Stepping ~*~*~tactically~*~*~ (outnumbered).
 32823 | D:9      | 32823 ||| Stepping ~*~*~tactically~*~*~ (outnumbered).
 32829 | D:9      | 32829 ||| Stepping ~*~*~tactically~*~*~ (outnumbered).
 32839 | D:9      | 32839 ||| FLEEEEING.
 32870 | D:9      | 32870 ||| Stepping ~*~*~tactically~*~*~ (outnumbered).
 32872 | D:9      | 32872 ||| Stepping ~*~*~tactically~*~*~ (outnumbered).
 32875 | D:9      | 32875 ||| FLEEEEING.
 32876 | D:9      | 32876 ||| FLEEEEING.
 32912 | D:9      | 32912 ||| Stepping ~*~*~tactically~*~*~ (outnumbered).
 32914 | D:9      | 32914 ||| Stepping ~*~*~tactically~*~*~ (outnumbered).
 32923 | D:9      | 32923 ||| Stepping ~*~*~tactically~*~*~ (outnumbered).
 32932 | D:9      | 32932 ||| Stepping ~*~*~tactically~*~*~ (outnumbered).
 32934 | D:9      | 32934 ||| Stepping ~*~*~tactically~*~*~ (outnumbered).
 32936 | D:9      | 32936 ||| Stepping ~*~*~tactically~*~*~ (outnumbered).
 32946 | D:9      | 32946 ||| FLEEEEING.
 32947 | D:9      | 32947 ||| FLEEEEING.
 32992 | D:9      | 32992 ||| FLEEEEING.
 33006 | D:9      | 33006 ||| FLEEEEING.
 33007 | D:9      | 33007 ||| FLEEEEING.
 33037 | D:9      | 33037 ||| Stepping ~*~*~tactically~*~*~ (outnumbered).
 33039 | D:9      | 33039 ||| Stepping ~*~*~tactically~*~*~ (outnumbered).
 33043 | D:9      | 33043 ||| Stepping ~*~*~tactically~*~*~ (outnumbered).
 33047 | D:9      | 33047 ||| Stepping ~*~*~tactically~*~*~ (outnumbered).
 33055 | D:9      | 33055 ||| Stepping ~*~*~tactically~*~*~ (outnumbered).
 33063 | D:9      | 33063 ||| FLEEEEING.
 33082 | D:9      | 33082 ||| Stepping ~*~*~tactically~*~*~ (outnumbered).
 33084 | D:9      | 33084 ||| Stepping ~*~*~tactically~*~*~ (outnumbered).
 33086 | D:9      | 33086 ||| FLEEEEING.
 33117 | D:9      | 33117 ||| FLEEEEING.
 33135 | D:9      | 33135 ||| Stepping ~*~*~tactically~*~*~ (outnumbered).
 33136 | D:9      | 33136 ||| Stepping ~*~*~tactically~*~*~ (outnumbered).
 33142 | D:9      | 33142 ||| Stepping ~*~*~tactically~*~*~ (outnumbered).
 33152 | D:9      | 33152 ||| FLEEEEING.
 33153 | D:9      | 33153 ||| FLEEEEING.
 33191 | D:9      | 33191 ||| Stepping ~*~*~tactically~*~*~ (outnumbered).
 33194 | D:9      | 33194 ||| Stepping ~*~*~tactically~*~*~ (outnumbered).
 33204 | D:9      | 33204 ||| Stepping ~*~*~tactically~*~*~ (outnumbered).
 33215 | D:9      | 33215 ||| Stepping ~*~*~tactically~*~*~ (outnumbered).
 33220 | D:9      | 33220 ||| Stepping ~*~*~tactically~*~*~ (outnumbered).
 33227 | D:9      | 33227 ||| FLEEEEING.
 33228 | D:9      | 33228 ||| FLEEEEING.
 33244 | D:9      | Glimpsed the power of Zot.
 33250 | D:9      | 33250 ||| Stepping ~*~*~tactically~*~*~ (outnumbered).
 33251 | D:9      | 33251 ||| Stepping ~*~*~tactically~*~*~ (outnumbered).
 33259 | D:9      | 33259 ||| Stepping ~*~*~tactically~*~*~ (outnumbered).
 33262 | D:9      | 33262 ||| Stepping ~*~*~tactically~*~*~ (outnumbered).
 33272 | D:9      | 33272 ||| Stepping ~*~*~tactically~*~*~ (outnumbered).
 33282 | D:9      | 33282 ||| FLEEEEING.
 33301 | D:9      | 33301 ||| FLEEEEING.
 33302 | D:9      | 33302 ||| FLEEEEING.
 33325 | D:9      | 33325 ||| Stepping ~*~*~tactically~*~*~ (outnumbered).
 33327 | D:9      | 33327 ||| Stepping ~*~*~tactically~*~*~ (outnumbered).
 33336 | D:9      | 33336 ||| Stepping ~*~*~tactically~*~*~ (outnumbered).
 33338 | D:9      | 33338 ||| FLEEEEING.
 33378 | D:9      | 33378 ||| Stepping ~*~*~tactically~*~*~ (outnumbered).
 33379 | D:9      | 33379 ||| Stepping ~*~*~tactically~*~*~ (outnumbered).
 33387 | D:9      | 33387 ||| FLEEEEING.
 33420 | D:9      | 33420 ||| FLEEEEING.
 33421 | D:9      | 33421 ||| FLEEEEING.
 33464 | D:9      | 33464 ||| FLEEEEING.
 33489 | D:9      | 33489 ||| Stepping ~*~*~tactically~*~*~ (outnumbered).
 33491 | D:9      | 33491 ||| Stepping ~*~*~tactically~*~*~ (outnumbered).
 33492 | D:9      | 33492 ||| Stepping ~*~*~tactically~*~*~ (outnumbered).
 33504 | D:9      | 33504 ||| FLEEEEING.
 33519 | D:9      | 33519 ||| Stepping ~*~*~tactically~*~*~ (outnumbered).
 33521 | D:9      | 33521 ||| Stepping ~*~*~tactically~*~*~ (outnumbered).
 33523 | D:9      | 33523 ||| Stepping ~*~*~tactically~*~*~ (outnumbered).
 33529 | D:9      | 33529 ||| Stepping ~*~*~tactically~*~*~ (outnumbered).
 33532 | D:9      | 33532 ||| Stepping ~*~*~tactically~*~*~ (outnumbered).
 33535 | D:9      | 33535 ||| FLEEEEING.
 33536 | D:9      | 33536 ||| FLEEEEING.
 33562 | D:9      | 33562 ||| Stepping ~*~*~tactically~*~*~ (outnumbered).
 33564 | D:9      | 33564 ||| Stepping ~*~*~tactically~*~*~ (outnumbered).
 33572 | D:9      | 33572 ||| Stepping ~*~*~tactically~*~*~ (outnumbered).
 33582 | D:9      | 33582 ||| FLEEEEING.
 33595 | D:9      | 33595 ||| Stepping ~*~*~tactically~*~*~ (outnumbered).
 33598 | D:9      | 33598 ||| Stepping ~*~*~tactically~*~*~ (outnumbered).
 33601 | D:9      | 33601 ||| Stepping ~*~*~tactically~*~*~ (outnumbered).
 33609 | D:9      | 33609 ||| Stepping ~*~*~tactically~*~*~ (outnumbered).
 33613 | D:9      | 33613 ||| Stepping ~*~*~tactically~*~*~ (outnumbered).
 33619 | D:9      | 33619 ||| FLEEEEING.
 33647 | D:9      | 33647 ||| Stepping ~*~*~tactically~*~*~ (outnumbered).
 33652 | D:9      | 33652 ||| Stepping ~*~*~tactically~*~*~ (outnumbered).
 33654 | D:9      | 33654 ||| Stepping ~*~*~tactically~*~*~ (outnumbered).
 33656 | D:9      | 33656 ||| Stepping ~*~*~tactically~*~*~ (outnumbered).
 33663 | D:9      | 33663 ||| Stepping ~*~*~tactically~*~*~ (outnumbered).
 33666 | D:9      | 33666 ||| Stepping ~*~*~tactically~*~*~ (outnumbered).
 33673 | D:9      | 33673 ||| Stepping ~*~*~tactically~*~*~ (outnumbered).
 33675 | D:9      | 33675 ||| Stepping ~*~*~tactically~*~*~ (outnumbered).
 33679 | D:9      | 33679 ||| Stepping ~*~*~tactically~*~*~ (outnumbered).
 33681 | D:9      | 33681 ||| Stepping ~*~*~tactically~*~*~ (outnumbered).
 33683 | D:9      | 33683 ||| Stepping ~*~*~tactically~*~*~ (outnumbered).
 33688 | D:9      | 33688 ||| Stepping ~*~*~tactically~*~*~ (outnumbered).
 33690 | D:9      | 33690 ||| Stepping ~*~*~tactically~*~*~ (outnumbered).
 33692 | D:9      | 33692 ||| Stepping ~*~*~tactically~*~*~ (outnumbered).
 33702 | D:9      | 33702 ||| Stepping ~*~*~tactically~*~*~ (outnumbered).
 33704 | D:9      | 33704 ||| Stepping ~*~*~tactically~*~*~ (outnumbered).
 33714 | D:9      | 33714 ||| Stepping ~*~*~tactically~*~*~ (outnumbered).
 33721 | D:9      | 33721 ||| Stepping ~*~*~tactically~*~*~ (outnumbered).
 33726 | D:9      | 33726 ||| FLEEEEING.
 33739 | D:9      | 33739 ||| Stepping ~*~*~tactically~*~*~ (outnumbered).
 33741 | D:9      | 33741 ||| FLEEEEING.
 33744 | D:9      | Glimpsed the power of Zot.
 33755 | D:9      | 33755 ||| FLEEEEING.
 33756 | D:9      | 33756 ||| FLEEEEING.
 33768 | D:9      | 33768 ||| FLEEEEING.
 33779 | D:9      | 33779 ||| Stepping ~*~*~tactically~*~*~ (outnumbered).
 33781 | D:9      | 33781 ||| Stepping ~*~*~tactically~*~*~ (outnumbered).
 33787 | D:9      | 33787 ||| Stepping ~*~*~tactically~*~*~ (outnumbered).
 33798 | D:9      | 33798 ||| Stepping ~*~*~tactically~*~*~ (outnumbered).
 33803 | D:9      | 33803 ||| Stepping ~*~*~tactically~*~*~ (outnumbered).
 33813 | D:9      | 33813 ||| Stepping ~*~*~tactically~*~*~ (outnumbered).
 33815 | D:9      | 33815 ||| Stepping ~*~*~tactically~*~*~ (outnumbered).
 33817 | D:9      | 33817 ||| Stepping ~*~*~tactically~*~*~ (outnumbered).
 33819 | D:9      | 33819 ||| Stepping ~*~*~tactically~*~*~ (outnumbered).
 33822 | D:9      | 33822 ||| FLEEEEING.
 33823 | D:9      | 33823 ||| FLEEEEING.
 33849 | D:9      | 33849 ||| Stepping ~*~*~tactically~*~*~ (outnumbered).
 33857 | D:9      | 33857 ||| Stepping ~*~*~tactically~*~*~ (outnumbered).
 33865 | D:9      | 33865 ||| Stepping ~*~*~tactically~*~*~ (outnumbered).
 33870 | D:9      | 33870 ||| Stepping ~*~*~tactically~*~*~ (outnumbered).
 33880 | D:9      | 33880 ||| Stepping ~*~*~tactically~*~*~ (outnumbered).
 33882 | D:9      | 33882 ||| Stepping ~*~*~tactically~*~*~ (outnumbered).
 33893 | D:9      | 33893 ||| Stepping ~*~*~tactically~*~*~ (outnumbered).
 33895 | D:9      | 33895 ||| Stepping ~*~*~tactically~*~*~ (outnumbered).
 33897 | D:9      | 33897 ||| Stepping ~*~*~tactically~*~*~ (outnumbered).
 33905 | D:9      | 33905 ||| FLEEEEING.
 33920 | D:9      | 33920 ||| Stepping ~*~*~tactically~*~*~ (outnumbered).
 33930 | D:9      | 33930 ||| Stepping ~*~*~tactically~*~*~ (outnumbered).
 33940 | D:9      | 33940 ||| FLEEEEING.
 33961 | D:9      | 33961 ||| Stepping ~*~*~tactically~*~*~ (outnumbered).
 33962 | D:9      | 33962 ||| Stepping ~*~*~tactically~*~*~ (outnumbered).
 33964 | D:9      | 33964 ||| Stepping ~*~*~tactically~*~*~ (outnumbered).
 33969 | D:9      | 33969 ||| Stepping ~*~*~tactically~*~*~ (outnumbered).
 33977 | D:9      | 33977 ||| Stepping ~*~*~tactically~*~*~ (outnumbered).
 33984 | D:9      | 33984 ||| FLEEEEING.
 34018 | D:9      | 34018 ||| FLEEEEING.
 34030 | D:9      | 34030 ||| Stepping ~*~*~tactically~*~*~ (stealth).
 34042 | D:9      | 34042 ||| FLEEEEING.
 34043 | D:9      | 34043 ||| FLEEEEING.
 34064 | D:9      | 34064 ||| Stepping ~*~*~tactically~*~*~ (outnumbered).
 34075 | D:9      | 34075 ||| FLEEEEING.
 34076 | D:9      | 34076 ||| FLEEEEING.
 34108 | D:9      | 34108 ||| FLEEEEING.
 34122 | D:9      | 34122 ||| FLEEEEING.
 34123 | D:9      | 34123 ||| FLEEEEING.
 34144 | D:9      | Glimpsed the power of Zot.
 34155 | D:9      | 34155 ||| Stepping ~*~*~tactically~*~*~ (outnumbered).
 34159 | D:9      | 34159 ||| Stepping ~*~*~tactically~*~*~ (outnumbered).
 34166 | D:9      | 34166 ||| Stepping ~*~*~tactically~*~*~ (outnumbered).
 34171 | D:9      | 34171 ||| FLEEEEING.
 34184 | D:9      | 34184 ||| FLEEEEING.
 34185 | D:9      | 34185 ||| FLEEEEING.
 34198 | D:9      | 34198 ||| FLEEEEING.
 34199 | D:9      | 34199 ||| FLEEEEING.
 34244 | D:9      | 34244 ||| FLEEEEING.
 34244 | D:9      | Touched by the power of Zot.
 34245 | D:9      | Glimpsed the power of Zot.
 34246 | D:9      | 34246 ||| FLEEEEING.
 34265 | D:9      | 34265 ||| Stepping ~*~*~tactically~*~*~ (outnumbered).
 34266 | D:9      | 34266 ||| Stepping ~*~*~tactically~*~*~ (outnumbered).
 34271 | D:9      | 34271 ||| Stepping ~*~*~tactically~*~*~ (outnumbered).
 34274 | D:9      | 34274 ||| FLEEEEING.
 34286 | D:9      | 34286 ||| Stepping ~*~*~tactically~*~*~ (outnumbered).
 34289 | D:9      | 34289 ||| FLEEEEING.
 34303 | D:9      | 34303 ||| FLEEEEING.
 34314 | D:9      | 34314 ||| FLEEEEING.
 34315 | D:9      | 34315 ||| FLEEEEING.
 34366 | D:9      | 34366 ||| Stepping ~*~*~tactically~*~*~ (outnumbered).
 34371 | D:9      | 34371 ||| FLEEEEING.
 34387 | D:9      | 34387 ||| Stepping ~*~*~tactically~*~*~ (outnumbered).
 34389 | D:9      | 34389 ||| Stepping ~*~*~tactically~*~*~ (outnumbered).
 34394 | D:9      | 34394 ||| Stepping ~*~*~tactically~*~*~ (outnumbered).
 34401 | D:9      | 34401 ||| FLEEEEING.
 34402 | D:9      | 34402 ||| FLEEEEING.
 34423 | D:9      | 34423 ||| Stepping ~*~*~tactically~*~*~ (outnumbered).
 34425 | D:9      | 34425 ||| Stepping ~*~*~tactically~*~*~ (stealth).
 34429 | D:9      | 34429 ||| FLEEEEING.
 34439 | D:9      | 34439 ||| FLEEEEING.
 34466 | D:9      | 34466 ||| FLEEEEING.
 34467 | D:9      | 34467 ||| FLEEEEING.
 34498 | D:9      | 34498 ||| Stepping ~*~*~tactically~*~*~ (outnumbered).
 34501 | D:9      | 34501 ||| Stepping ~*~*~tactically~*~*~ (outnumbered).
 34503 | D:9      | 34503 ||| Stepping ~*~*~tactically~*~*~ (outnumbered).
 34507 | D:9      | 34507 ||| FLEEEEING.
 34535 | D:9      | 34535 ||| FLEEEEING.
 34536 | D:9      | 34536 ||| FLEEEEING.
 34561 | D:9      | 34561 ||| Stepping ~*~*~tactically~*~*~ (outnumbered).
 34564 | D:9      | 34564 ||| FLEEEEING.
 34581 | D:9      | 34581 ||| FLEEEEING.
 34607 | D:9      | 34607 ||| Stepping ~*~*~tactically~*~*~ (outnumbered).
 34613 | D:9      | 34613 ||| Stepping ~*~*~tactically~*~*~ (outnumbered).
 34615 | D:9      | 34615 ||| FLEEEEING.
 34627 | D:9      | 34627 ||| Stepping ~*~*~tactically~*~*~ (outnumbered).
 34629 | D:9      | 34629 ||| Stepping ~*~*~tactically~*~*~ (outnumbered).
 34633 | D:9      | 34633 ||| Stepping ~*~*~tactically~*~*~ (outnumbered).
 34638 | D:9      | 34638 ||| FLEEEEING.
 34650 | D:9      | 34650 ||| Stepping ~*~*~tactically~*~*~ (outnumbered).
 34652 | D:9      | 34652 ||| Stepping ~*~*~tactically~*~*~ (outnumbered).
 34654 | D:9      | 34654 ||| Stepping ~*~*~tactically~*~*~ (outnumbered).
 34661 | D:9      | 34661 ||| Stepping ~*~*~tactically~*~*~ (outnumbered).
 34667 | D:9      | 34667 ||| FLEEEEING.
 34679 | D:9      | 34679 ||| FLEEEEING.
 34694 | D:9      | 34694 ||| FLEEEEING.
 34695 | D:9      | 34695 ||| FLEEEEING.
 34720 | D:9      | 34720 ||| FLEEEEING.
 34721 | D:9      | 34721 ||| FLEEEEING.
 34745 | D:9      | Glimpsed the power of Zot.
 34752 | D:9      | 34752 ||| FLEEEEING.
 34753 | D:9      | 34753 ||| FLEEEEING.
 34779 | D:9      | 34779 ||| Stepping ~*~*~tactically~*~*~ (outnumbered).
 34781 | D:9      | 34781 ||| Stepping ~*~*~tactically~*~*~ (outnumbered).
 34783 | D:9      | 34783 ||| Stepping ~*~*~tactically~*~*~ (outnumbered).
 34786 | D:9      | 34786 ||| FLEEEEING.
 34787 | D:9      | 34787 ||| FLEEEEING.
 34809 | D:9      | 34809 ||| Stepping ~*~*~tactically~*~*~ (outnumbered).
 34812 | D:9      | 34812 ||| Stepping ~*~*~tactically~*~*~ (outnumbered).
 34814 | D:9      | 34814 ||| FLEEEEING.
 34836 | D:9      | 34836 ||| Stepping ~*~*~tactically~*~*~ (outnumbered).
 34839 | D:9      | 34839 ||| Stepping ~*~*~tactically~*~*~ (outnumbered).
 34844 | D:9      | 34844 ||| FLEEEEING.
 34845 | D:9      | 34845 ||| FLEEEEING.
 34879 | D:9      | 34879 ||| FLEEEEING.
 34893 | D:9      | 34893 ||| Stepping ~*~*~tactically~*~*~ (outnumbered).
 34895 | D:9      | 34895 ||| Stepping ~*~*~tactically~*~*~ (outnumbered).
 34898 | D:9      | 34898 ||| FLEEEEING.
 34899 | D:9      | 34899 ||| FLEEEEING.
 34928 | D:9      | 34928 ||| Stepping ~*~*~tactically~*~*~ (outnumbered).
 34931 | D:9      | 34931 ||| FLEEEEING.
 34932 | D:9      | 34932 ||| FLEEEEING.
 34972 | D:9      | 34972 ||| FLEEEEING.
 34989 | D:9      | 34989 ||| Stepping ~*~*~tactically~*~*~ (outnumbered).
 34990 | D:9      | 34990 ||| Stepping ~*~*~tactically~*~*~ (outnumbered).
 34992 | D:9      | 34992 ||| FLEEEEING.
 35000 | D:9      | 35000 ||| Stepping ~*~*~tactically~*~*~ (outnumbered).
 35003 | D:9      | 35003 ||| Stepping ~*~*~tactically~*~*~ (outnumbered).
 35008 | D:9      | 35008 ||| Stepping ~*~*~tactically~*~*~ (outnumbered).
 35013 | D:9      | 35013 ||| FLEEEEING.
 35025 | D:9      | 35025 ||| Stepping ~*~*~tactically~*~*~ (outnumbered).
 35028 | D:9      | 35028 ||| Stepping ~*~*~tactically~*~*~ (outnumbered).
 35031 | D:9      | 35031 ||| FLEEEEING.
 35039 | D:9      | 35039 ||| Stepping ~*~*~tactically~*~*~ (outnumbered).
 35042 | D:9      | 35042 ||| FLEEEEING.
 35054 | D:9      | 35054 ||| Stepping ~*~*~tactically~*~*~ (outnumbered).
 35057 | D:9      | 35057 ||| Stepping ~*~*~tactically~*~*~ (outnumbered).
 35062 | D:9      | 35062 ||| Stepping ~*~*~tactically~*~*~ (outnumbered).
 35069 | D:9      | 35069 ||| Stepping ~*~*~tactically~*~*~ (outnumbered).
 35071 | D:9      | 35071 ||| Stepping ~*~*~tactically~*~*~ (outnumbered).
 35073 | D:9      | 35073 ||| FLEEEEING.
 35083 | D:9      | 35083 ||| FLEEEEING.
 35092 | D:9      | 35092 ||| FLEEEEING.
 35093 | D:9      | 35093 ||| FLEEEEING.
 35137 | D:9      | 35137 ||| FLEEEEING.
 35145 | D:9      | Glimpsed the power of Zot.
 35163 | D:9      | 35163 ||| FLEEEEING.
 35174 | D:9      | 35174 ||| FLEEEEING.
 35175 | D:9      | 35175 ||| Stepping ~*~*~tactically~*~*~ (outnumbered).
 35182 | D:9      | 35182 ||| Stepping ~*~*~tactically~*~*~ (outnumbered).
 35186 | D:9      | 35186 ||| Stepping ~*~*~tactically~*~*~ (outnumbered).
 35188 | D:9      | 35188 ||| Stepping ~*~*~tactically~*~*~ (outnumbered).
 35193 | D:9      | 35193 ||| Stepping ~*~*~tactically~*~*~ (outnumbered).
 35199 | D:9      | 35199 ||| FLEEEEING.
 35200 | D:9      | 35200 ||| FLEEEEING.
 35234 | D:9      | 35234 ||| Stepping ~*~*~tactically~*~*~ (outnumbered).
 35237 | D:9      | 35237 ||| Stepping ~*~*~tactically~*~*~ (outnumbered).
 35243 | D:9      | 35243 ||| Stepping ~*~*~tactically~*~*~ (outnumbered).
 35244 | D:9      | Touched by the power of Zot.
 35245 | D:9      | Glimpsed the power of Zot.
 35246 | D:9      | 35246 ||| FLEEEEING.
 35254 | D:9      | 35254 ||| FLEEEEING.
 35272 | D:9      | 35272 ||| FLEEEEING.
 35284 | D:9      | 35284 ||| Stepping ~*~*~tactically~*~*~ (outnumbered).
 35286 | D:9      | 35286 ||| FLEEEEING.
 35294 | D:9      | 35294 ||| FLEEEEING.
 35310 | D:9      | HP: 5/28 [centaur/arrow (11)]
 35311 | D:9      | 35311 ||| FLEEEEING.
 35347 | D:9      | 35347 ||| FLEEEEING.
 35348 | D:9      | 35348 ||| FLEEEEING.
 35376 | D:9      | HP: 6/28 [centaur/arrow (6)]
 35377 | D:9      | 35377 ||| FLEEEEING.
 35378 | D:9      | 35378 ||| FLEEEEING.
 35416 | D:9      | 35416 ||| FLEEEEING.
 35417 | D:9      | 35417 ||| FLEEEEING.
 35450 | D:9      | 35450 ||| FLEEEEING.
 35479 | D:9      | 35479 ||| FLEEEEING.
 35498 | D:9      | 35498 ||| FLEEEEING.
 35522 | D:9      | 35522 ||| FLEEEEING.
 35550 | D:9      | 35550 ||| FLEEEEING.
 35551 | D:9      | 35551 ||| FLEEEEING.
 35561 | D:9      | 35561 ||| FLEEEEING.
 35562 | D:9      | 35562 ||| FLEEEEING.
 35591 | D:9      | 35591 ||| Stepping ~*~*~tactically~*~*~ (outnumbered).
 35593 | D:9      | 35593 ||| FLEEEEING.
 35610 | D:9      | 35610 ||| FLEEEEING.
 35618 | D:9      | 35618 ||| Stepping ~*~*~tactically~*~*~ (outnumbered).
 35620 | D:9      | 35620 ||| FLEEEEING.
 35628 | D:9      | HP: 4/28 [centaur/arrow (6)]
 35629 | D:9      | 35629 ||| FLEEEEING.
 35629 | D:9      | Shot with an arrow by a centaur

Levels and vault maps discovered:
D:1:      dreamdust_arrival_sigmund_warning, layout_loops_cross,
          kennysheep_another_room, dreamdust_wishing_well, minivault_23
D:2:      minmay_alternating_diamond, layout_loops_ring, basic_altar
D:3:      layout_basic, nicolae_overflow_quartered_altars, serial_shops, shop,
          nicolae_shop_waterfront, shop, nicolae_shop_waterfront,
          nicolae_concentric_dashed_squares_wild
D:4:      black_bear_nest_1, layout_cave_pools, minmay_misc_feat_cross,
          lexackson_kobold_supper, uniq_blork_the_orc
D:5:      layout_gridville, minmay_temple_entry_butterflies,
          nicolae_ossuary_entry_plus, uniq_grinder
D:6:      layout_cave_pods, lemuel_crystal_altar,
          nicolae_shop_sticking_my_neck_out
D:7:      layout_loops_cross, mainiacjoe_overflow_alcove_4,
          grunt_dithmenos_shadows, gammafunk_ghost_icy, serial_shops,
          nicolae_shop_trees
D:8:      layout_rooms, serial_shops, nicolae_diamond_shop,
          eino_small_chamber_without_monster, uniq_joseph, uniq_prince_ribbit1,
          uniq_gastronok, uniq_maggie
D:9:      layout_loops_cross, hangedman_decor_riveting, centaur_isle

Skill      XL: |  1  2  3  4  5  6  7  8  9 10 |
---------------+-------------------------------+-----
Unarmed Combat | 4 5 7 8 9 10 12 14 | 14.0
Fighting       | 3 4 5 |  5.0
Dodging        | 1 |  1.0
Throwing       | 2 4 6 |  6.2
Armour         | 3 |  3.6
Spellcasting   | |  1.0
Fire Magic     | |  2.1

Action                   |  1- 3 |  4- 6 |  7- 9 | 10-12 || total
-------------------------+-------+-------+-------+-------++-------
Melee: Unarmed           |   129 |    92 |   161 |    85 ||   467
       Punch             |     1 |       |     5 |     8 ||    14
Throw: Javelin           |       |       |    25 |     2 ||    27
       Large rock        |       |       |     2 |    10 ||    12
Invok: Fiery Armour      |       |     2 |     3 |     7 ||    12
  Use: Scroll            |     2 |     9 |     5 |     4 ||    20
       Potion            |       |     3 |     1 |     1 ||     5
Armor: Robe              |    41 |    34 |    54 |     7 ||   136
       Swamp dragon scal |       |       |       |  2247 ||  2247
Dodge: Dodged            |    44 |    31 |    64 |  2643 ||  2782

Table legend:
 A = Non-vault XP
 B = Vault XP
 C = Vault XP percentage of total XP
 D = Non-vault monster count
 E = Vault monster count
 F = Vault count percentage of total count
                 A         B        C        D         E       F
            +---------+---------+-------+---------+---------+-------
      Total |    7850 |    3239 |  29.2 |     175 |      19 |   9.8
            +---------+---------+-------+---------+---------+-------
        D:1 |      49 |       0 |   0.0 |      28 |       0 |   0.0
        D:2 |      58 |       4 |   6.5 |      26 |       3 |  10.3
        D:3 |      22 |       0 |   0.0 |       6 |       0 |   0.0
        D:4 |     216 |     321 |  59.8 |      19 |      10 |  34.5
        D:5 |    1151 |     281 |  19.6 |      23 |       1 |   4.2
        D:6 |     991 |       0 |   0.0 |      22 |       0 |   0.0
        D:7 |     977 |     107 |   9.9 |      14 |       1 |   6.7
        D:8 |    1559 |    2526 |  61.8 |      11 |       4 |  26.7
        D:9 |    2827 |       0 |   0.0 |      26 |       0 |   0.0
            +---------+---------+-------+---------+---------+-------
